Workbook
Name Ann_Inst: [1]Parameters!$F$7
Name COGS: [1]Parameters!$B$12:$C$14
Name Disc_DPP_A: [1]Parameters!$C$19
Name Disc_DPP_B: [1]Parameters!$F$16
Name Disc_NPV_A: [1]Parameters!$C$18
Name Disc_NPV_B: [1]Parameters!$F$15
Name Guarantee: [1]Parameters!$C$16
Name Inc_Roy: [1]Parameters!$C$9
Name Infl_Criteria: [1]Parameters!$I$5:$J$7
Name Inflation: [1]Parameters!$I$10:$J$33
Name Int_Cost_B: [1]Parameters!$F$9
Name Int_Rate: [1]Parameters!$F$4
Name Int_Rev_A: [1]Parameters!$C$5
Name Int_Roy: [1]Parameters!$C$8
Name Invt_A: [1]Parameters!$C$2
Name Invt_B: [1]Parameters!$F$2
Name Loan_Amt: [1]Parameters!$F$3
Name Loan_Term: [1]Parameters!$F$5
Name Rev_Per_B: [1]Parameters!$F$14
Name Tax_A: [1]Parameters!$C$21
Name Tax_B: [1]Parameters!$F$18

Sheet Audit_Trail
A2: Financial Projections of Bank for the First Year
A4: Purpose
A5: The bank has received a license to commence the banking operations in the country. The bank has reached out to us to help them evaluate the following: a) Expected profit of the bank at the end of first year b) Whether the expected net assets at the end of the first year will be sufficient to meet the regulatory requirement of 180% of the required capital c) Impact of regulatory draft proposal on a) and b) at the end of first year This spreadsheet does the following: • Performs checks on the data provided for evaluation. • Calculates the customer level projections, expected profit, net assets, required capital and meeting regulatory requirement before and after the regulatory draft proposal for the first year.
A7: Data
A8: Following data has been provided: The bank has provided the following information: • Details regarding the calculation of interest on loan, initial investment, interest rate on deposit, reverse repo rate, cost of banking operations, commission on insurance and its cost - these are tabulated in "Parameters" sheet • Details regarding calculation of probability of default, expected loan default amount, required capital, net assets and regulatory requirement and details of draft regulatory proposal - these are tabulated in "Parameters" sheet • Customer and Loan information about 400 customers namely, age, gender, bank staff, loan type and loan amount - these are tabulated in "Data" sheet • Age wise premium rate data for insurance - these are tabulated in "Data" sheet In addition, we have also received 400 random numbers to calculate the probability of default. These numbers have been generated from Noraml (0,1) distribution. - these are tabulated in "Data" sheet
A10: Checks on Customer and Loan Information: Check on Age of Customer: Age of 400 customers has been checked to ensure that there are no negative, blank, zero or very high value using IF function and it was fine. Check on Gender of Customer: Gender of 400 customers has been checked to ensure that are no blank value or value other than F or M using IF function. The error was found and the following revisions were done in "Revised_Data" sheet: Value other than F or M was changed to previous customer's gender. Check on Type of Loan: Type of Loan of 400 customers has been checked to ensure that there are no blank value or other than loans provided by the bank using IF function. The error was found and the following revisions were done in "Revised_Data" sheet: Blank value was changed to previous customer's type of loan. Check on Loan amount: Loan amount of 400 customers has been checked to ensure that there are no negative, blank, zero or very high value using IF function. The error was found and the following revisions were done in "Revised_Data" sheet: Negative value was converted to positive value and blank value was changed to previous customer's loan amount. Check on Bank Staff: Bank Staff details of 400 customers has been checked to ensure that there are no blank value or value than Yes or No using IF function. The error was found and the following revisions were done in "Revised_Data" sheet: Blank value was changed to previous customer's bank staff value. The above data checks were again performed on Revised Data in "Revised_Data_Checks" and it was fine.
A12: Checks on Premium Rate Data for Insurance: Check on Age in Premium Rate Data: Age has been checked to ensure that they are increasing by 1 year using IF function and it was fine. Check on Premium Rate of Male Customer: Premium Rate of male customers has been checked to ensure that are no blank, negative, zero or very high value and premium rate increases with age using IF function. The error was found and the following revisions were done in "Revised_Data" sheet: Negative value was converted to positive value and premium rate for the current age which was lower than premium rate of previous age was changed to average of previous year and next year's premium rate. Check on Age in Customer and Premium Rate Data: The age of customers was checked with age in premium rate data using VLOOKUP and IF function and it was fine. The above data checks were again performed on Revised Data in "Revised_Data_Checks" and it was fine. The age wise premium rate for female customers has been calculated in cell G5:G47 in "Parameters" sheet wherein rate till 20 years is same as rate of male customer at age 18 years and thereafter same as rate of male customer which is younger by 3 years using VLOOKUP and IF function. The reasonalbility check has been performed in cell I5:I47 in "Parameters" sheet wherein premium rate of female customer is equal or lower than corresponding premium rate of male customer.
A14: Random Number Checks: Graphical Checks A histogram has been prepared to check normal distribution using a graphical approach. • In cell AD10:AD24, cumulative frequency has been computed using COUNTIF function in excel. • In cell AE10:AE24, frequency for each range has been calculated. • A Column chart has been plotted for the summarized frequency values and polynomial-trendline added to the same.
A16: • As can be seen above, the data when plotted on a graph forms a bell shape, confirming adherence to a normal distribution
A18: Assumptions
A19: Following assumptions have been made to evaluate the opportunities: • Apart from the data errors discovered, the data provided by the bank is correct and can be used for evaluation. • The annual projection for the first year will be sufficient for evaluation. • All the cashflows except initial investment, sanction of loan and receipt of deposit will take place at the end of the year. • The random numbers provided are suitable and can be used for calculation of probablity of default. • There will be no changes in interest rate on loan, deposit and initial investment that will be used for evaluation. • The bank will be able to offer the interest rate based on the calculation approach shared. • The bank will be able to attract equivalent amount of deposits at the weighted interest rate on loan less 5%. • The formula for calculation of probability of default will not change. • The calculation approach and formula for expected loan default amount, provisions and required capital will not change. • The premium rate for male customers will increase with increase in age. • The premium rate and commission rate agreed with insurance company will not change. • The probability of allocation of insurance to staff and probability of customer availing insurance if promoted by Staff A or B will not change. • The changes proposed in draft regulatory proposal will not further change. • The interest amount on loan, deposit and initial investment will be received at the end of the first year. • The defaults on loan if any will appear after the receipt of first year interest amount and no additional charges are expected to be incurred on loan recovery. • The expenses provided for the first year are inclusive of implied inflation. • There will be no additional revenue or additional cost involved for the bank. • No loans by new customers, top-ups and prepayment by existing customers will be provided by the bank. • The deposits cannot be redeemed or increased by the customers during the first year and no new customers have provided the deposit during the first year.
A21: Cust_Level_Projections
... A68: In column I, resonability checks have been performed between values after draft regulatory proposal and values before draft regulatory proposal.

Sheet Data
B1: Customer and Loan Information | J1: Premium Rate Data for Insurance (per 1000 SA)
B3: Name of Customer | C3: Age of Customer | D3: Gender of Customer | E3: Type of Loan | F3: Loan Amount | G3: Bank Staff | H3: Random Number | J3: Age of Customer | K3: Premium Rate for Male Customer
B4: ACOSTA | C4: 22 | D4: F | E4: Education Loan | F4: 14000000 | G4: No | H4: -1.1106447 | J4: 18 | K4: 3.01
B5: ADAMS | C5: 58 | D5: F | E5: Education Loan | F5: 9000000 | G5: No | H5: 1.17782 | J5: 19 | K5: 3.085
B6: AGUILAR | C6: 19 | D6: M | E6: Education Loan | F6: 10000000 | G6: No | H6: 0.83217426 | J6: 20 | K6: 3.162
B7: AGUIRRE | C7: 32 | D7: M | E7: Personal Loan | F7: 12000000 | G7: No | H7: 0.6196113 | J7: 21 | K7: 3.241
B8: ALEXANDER | C8: 22 | D8: M | E8: Education Loan | F8: 8000000 | G8: No | H8: -2.0099079 | J8: 22 | K8: 3.322
B9: ALLEN | C9: 37 | D9: M | E9: Personal Loan | F9: 12000000 | G9: No | H9: -0.9369264 | J9: 23 | K9: 3.405
B10: ALVARADO | C10: 34 | D10: M | E10: Education Loan | F10: 12000000 | G10: No | H10: 0.77959402 | J10: 24 | K10: 3.49
B11: ALVAREZ | C11: 28 | D11: M | E11: Vehicle Loan | F11: 12000000 | G11: No | H11: 1.5913996 | J11: 25 | K11: 3.577
B12: ANDERSON | C12: 47 | D12: M | E12: Education Loan | F12: 13000000 | G12: No | H12: -0.84163822 | J12: 26 | K12: 3.666
B13: ANDREWS | C13: 40 | D13: M | E13: Home Loan | F13: 9000000 | G13: No | H13: -0.29295495 | J13: 27 | K13: 3.758
B14: ARMSTRONG | C14: 29 | D14: M | E14: Vehicle Loan | F14: 12000000 | G14: No | H14: 0.64105117 | J14: 28 | K14: =K13*1.025 -> 3.85195
B15: ARNOLD | C15: 49 | D15: M | E15: Home Loan | F15: 8000000 | G15: No | H15: 0.61863857 | J15: 29 | K15: 3.948
B16: AUSTIN | C16: 60 | D16: M | E16: Education Loan | F16: 10000000 | G16: No | H16: -0.25982288 | J16: 30 | K16: 4.047
B17: AVILA | C17: 59 | D17: M | E17: Vehicle Loan | F17: 9000000 | G17: Yes | H17: 1.7048512 | J17: 31 | K17: 3.933
B18: AYALA | C18: 30 | D18: M | E18: Personal Loan | F18: 13000000 | G18: No | H18: -1.9498275 | J18: 32 | K18: 4.252
B19: BAILEY | C19: 24 | D19: F | E19: Home Loan | F19: 13000000 | G19: No | H19: 1.1108307 | J19: 33 | K19: 4.358
B20: BAKER | C20: 46 | D20: F | E20: Vehicle Loan | F20: 11000000 | G20: No | H20: -0.48693909 | J20: 34 | K20: -4.467
B21: BALDWIN | C21: 27 | D21: M | E21: Vehicle Loan | F21: 11000000 | G21: No | H21: -0.6351669 | J21: 35 | K21: 4.579
B22: BANKS | C22: 27 | D22: M | E22: Personal Loan | F22: 10000000 | G22: No | H22: -0.34206238 | J22: 36 | K22: 4.693
B23: BARBER | C23: 45 | D23: F | E23: Education Loan | F23: 13000000 | G23: No | H23: -0.53936174 | J23: 37 | K23: 4.81
B24: BARKER | C24: 44 | D24: F | E24: Personal Loan | F24: 10000000 | G24: No | H24: -1.2532378 | J24: 38 | K24: 4.93
B25: BARNES | C25: 29 | D25: M | E25: Vehicle Loan | F25: 14000000 | G25: No | H25: 0.021014226 | J25: 39 | K25: 5.053
B26: BARNETT | C26: 30 | D26: M | E26: Education Loan | F26: -11000000 | G26: No | H26: -0.7746163 | J26: 40 | K26: 5.179
... B28: BATES | C28: 49 | D28: M | E28: Education Loan | F28: 12000000 | G28: No | H28: 1.6154231 | J28: 42 | K28: 5.441
B29: BECK | C29: 28 | D29: F | E29: Home Loan | F29: 10000000 | G29: No | H29: 0.1434965 | J29: 43 | K29: =K28*1.025 -> 5.577025
B30: BECKER | C30: 23 | D30: F | E30: Home Loan | F30: 12000000 | G30: No | H30: -0.52892385 | J30: 44 | K30: 5.716
B31: BELL | C31: 21 | D31: F | E31: Home Loan | F31: 13000000 | G31: No | H31: -0.55185874 | J31: 45 | K31: 5.859
B32: BENNETT | C32: 49 | D32: F | E32: Education Loan | F32: 10000000 | G32: No | H32: -0.056442998 | J32: 46 | K32: 6.005
B33: BENSON | C33: 59 | D33: M | E33: Home Loan | F33: 8000000 | G33: No | H33: 0.82166717 | J33: 47 | K33: 5.91
B34: BERRY | C34: 46 | D34: M | E34: Education Loan | F34: 12000000 | G34: No | H34: -0.28572008 | J34: 48 | K34: 6.309
B35: BISHOP | C35: 44 | D35: X | E35: Home Loan | F35: 11000000 | G35: No | H35: 0.57432309 | J35: 49 | K35: 6.467
B36: BLACK | C36: 30 | D36: F | E36: Home Loan | F36: 11000000 | G36: No | H36: 0.058537885 | J36: 50 | K36: -6.629
B37: BOWEN | C37: 31 | D37: M | E37: Home Loan | F37: 10000000 | G37: No | H37: 1.0187425 | J37: 51 | K37: 6.795
B38: BOWMAN | C38: 24 | D38: M | E38: Vehicle Loan | F38: 12000000 | G38: No | H38: -0.99966653 | J38: 52 | K38: 6.965
B39: BOYD | C39: 58 | D39: F | E39: Vehicle Loan | F39: 11000000 | G39: No | H39: 0.43111463 | J39: 53 | K39: 7.139
B40: BRADLEY | C40: 37 | D40: M | E40: Home Loan | F40: 12000000 | G40: Yes | H40: -0.89902674 | J40: 54 | K40: 7.317
B41: BREWER | C41: 23 | D41: F | E41: Home Loan | F41: 10000000 | G41: No | H41: 0.42109056 | J41: 55 | K41: 7.5
... B46: BURTON | C46: 34 | D46: F | E46: Vehicle Loan | F46: 10000000 | G46: No | H46: -1.5533813 | J46: 60 | K46: 8.486
B47: BUSH | C47: 54 | D47: F | E47: Education Loan | F47: 9000000 | G47: No | H47: -0.69678167
B48: BUTLER | C48: 55 | D48: M | E48: Education Loan | F48: 9000000 | G48: No | H48: -0.16145025
B49: BYRD | C49: 35 | D49: F | E49: Education Loan | F49: 8000000 | G49: No | H49: 1.1514516
B50: CABRERA | C50: 25 | D50: M | E50: Education Loan | F50: 9000000 | G50: No | H50: 0.74526237
B51: CALDWELL | C51: 34 | D51: F | E51: Home Loan | F51: 11000000 | G51: No | H51: -1.9679367
B52: CAMPBELL | C52: 24 | D52: F | E52: Home Loan | F52: 11000000 | G52: No | H52: 0.71643183
B53: CAMPOS | C53: 45 | D53: M | E53: Education Loan | F53: 9000000 | G53: No | H53: -0.056839989
B54: CARLSON | C54: 22 | D54: F | E54: Personal Loan | F54: 9000000 | G54: No | H54: 0.45910489
B55: CARPENTER | C55: 43 | D55: F | E55: Personal Loan | F55: 12000000 | G55: No | H55: -0.35611522
B56: CARR | C56: 55 | D56: F | E56: Personal Loan | F56: 13000000 | G56: No | H56: 0.0018422795
B57: CARRILLO | C57: 23 | D57: F | E57: Education Loan | F57: 10000000 | G57: No | H57: -0.67080322
B58: CARROLL | C58: 60 | D58: F | E58: Vehicle Loan | F58: 9000000 | G58: No | H58: -1.1167234
... B63: CHAMBERS | C63: 30 | D63: F | E63: Education Loan | F63: 14000000 | G63: No | H63: -0.12183251
B64: CHANDLER | C64: 50 | D64: M | E64: Vehicle Loan | G64: No | H64: 0.36101343
B65: CHANG | C65: 23 | D65: X | E65: Personal Loan | F65: 13000000 | G65: No | H65: 0.83550313
B66: CHAPMAN | C66: 58 | D66: M | E66: Home Loan | F66: 14000000 | G66: No | H66: -1.2987025
B67: CHAVEZ | C67: 56 | D67: M | E67: Home Loan | F67: 12000000 | G67: No | H67: -0.20903259
B68: CHEN | C68: 44 | D68: F | E68: Education Loan | F68: 11000000 | G68: No | H68: -0.59877466
B69: CLARK | C69: 21 | D69: F | E69: Home Loan | F69: 14000000 | G69: No | H69: -0.24097019
B70: COHEN | C70: 39 | D70: M | E70: Education Loan | F70: 9000000 | G70: No | H70: -0.67099213
B71: COLE | C71: 54 | D71: M | E71: Home Loan | F71: 12000000 | G71: No | H71: 1.1334103
B72: COLEMAN | C72: 28 | D72: M | E72: Education Loan | F72: 8000000 | G72: No | H72: -0.81702183
B73: COLLINS | C73: 47 | D73: F | E73: Home Loan | F73: 8000000 | G73: No | H73: 0.6862601
B74: CONTRERAS | C74: 45 | D74: F | E74: Home Loan | F74: 9000000 | G74: No | H74: -0.1809433
B75: COOK | C75: 19 | D75: F | E75: Education Loan | F75: 11000000 | G75: No | H75: -1.9148717
B76: COOPER | C76: 24 | D76: M | E76: Education Loan | F76: 12000000 | G76: No | H76: 0.0050680308
B77: CORTEZ | C77: 44 | D77: M | E77: Home Loan | F77: 10000000 | H77: 1.142557
B78: COX | C78: 18 | D78: F | E78: Vehicle Loan | F78: 10000000 | G78: No | H78: 0.052044983
B79: CRAIG | C79: 51 | D79: F | E79: Education Loan | F79: 14000000 | G79: No | H79: 0.16358315
B80: CRAWFORD | C80: 27 | D80: M | E80: Home Loan | F80: 9000000 | G80: No | H80: 0.26880607
B81: CRUZ | C81: 46 | D81: F | E81: Vehicle Loan | F81: 10000000 | G81: No | H81: -0.89709893
B82: CUMMINGS | C82: 27 | D82: M | E82: Home Loan | F82: 12000000 | G82: No | H82: -1.2461648
B83: CUNNINGHAM | C83: 22 | D83: F | E83: Education Loan | F83: 13000000 | G83: No | H83: 0.34924665
B84: CURTIS | C84: 37 | D84: M | E84: Vehicle Loan | F84: 10000000 | G84: No | H84: -0.42363708
B85: DANIEL | C85: 43 | D85: F | E85: Personal Loan | F85: 11000000 | G85: No | H85: 1.3147014
B86: DANIELS | C86: 60 | D86: M | E86: Personal Loan | F86: 13000000 | G86: No | H86: 1.0073151
B87: DAVIDSON | C87: 29 | D87: F | E87: Vehicle Loan | F87: 13000000 | G87: No | H87: 0.60450608
B88: DAWSON | C88: 44 | D88: M | E88: Home Loan | F88: 10000000 | G88: No | H88: -0.15477228
B89: DAY | C89: 57 | D89: M | E89: Education Loan | F89: 12000000 | G89: No | H89: 0.47979385
... B119: FRANKLIN | C119: 18 | D119: M | E119: Education Loan | F119: 8000000 | G119: No | H119: -1.0725291
B120: FRAZIER | C120: 49 | D120: F | E120: Home Loan | F120: 10000000 | H120: -0.50599062
B121: FREEMAN | C121: 33 | D121: F | F121: 12000000 | G121: No | H121: -1.7731391
B122: FUENTES | C122: 27 | D122: F | E122: Vehicle Loan | F122: 12000000 | G122: No | H122: -0.59533148
B123: FULLER | C123: 50 | D123: F | E123: Vehicle Loan | F123: 11000000 | G123: No | H123: -0.36923144
B124: GARDNER | C124: 29 | D124: F | E124: Home Loan | F124: 13000000 | G124: No | H124: 1.3716519
B125: GARRETT | C125: 45 | D125: M | E125: Home Loan | F125: 9000000 | G125: No | H125: 0.33910245
B126: GARZA | C126: 31 | D126: M | E126: Home Loan | F126: 10000000 | G126: No | H126: 1.681874
B127: GEORGE | C127: 37 | D127: F | E127: Personal Loan | F127: 12000000 | G127: No | H127: -0.1327357
B128: GIBSON | C128: 21 | D128: M | E128: Education Loan | F128: 9000000 | G128: No | H128: 0.55415322
B129: GILBERT | C129: 47 | D129: F | E129: Home Loan | F129: 13000000 | G129: No | H129: 0.55002326
B130: GOMEZ | C130: 25 | D130: M | E130: Vehicle Loan | F130: 11000000 | G130: No | H130: 0.84148269
B131: GONZALES | C131: 58 | D131: M | E131: Vehicle Loan | F131: 13000000 | G131: No | H131: -1.8573047
B132: GONZALEZ | C132: 32 | D132: M | E132: Education Loan | F132: 9000000 | G132: No | H132: 2.6824848
B133: GORDON | C133: 45 | D133: F | E133: Vehicle Loan | F133: 11000000 | G133: No | H133: 0.10049398
... B190: KELLER | C190: 38 | D190: M | E190: Personal Loan | F190: 14000000 | G190: No | H190: 0.78991038
B191: KELLEY | C191: 60 | D191: M | F191: 10000000 | G191: No | H191: -0.88900116
B192: KELLY | C192: 40 | D192: M | E192: Personal Loan | F192: 13000000 | G192: No | H192: -1.0115215
B193: KENNEDY | C193: 39 | D193: F | E193: Education Loan | F193: 12000000 | G193: No | H193: 0.044100276
B194: KIM | C194: 50 | D194: F | E194: Personal Loan | F194: 10000000 | G194: No | H194: 0.15556846
B195: KING | C195: 36 | D195: M | E195: Home Loan | F195: 9000000 | G195: No | H195: 0.4532002
...

Sheet Data_Checks
B1: Customer and Loan Information | J1: Premium Rate Data for Insurance (per 1000 SA) | M1: Checks on Customer and Loan Information | S1: Checks on Premium Rate Data for Insurance (per 1000 SA) | V1: Checks on Age in Customer and Premium Data | X1: Description of Checks | AC1: Graphical Checks on Random Number
B3: Name of Customer | C3: Age of Customer | D3: Gender of Customer | E3: Type of Loan | F3: Loan Amount | G3: Bank Staff | H3: Random Number | J3: Age of Customer | K3: Premium Rate for Male Customer | M3: Age | N3: Gender | O3: Type of Loan | P3: Loan Amount | Q3: Bank Staff | S3: Age | T3: Premium Rate for Male Customer | V3: Age | X3: Age of Customers | AC3: Details of Normal Distribution
B4: ACOSTA | C4: 22 | D4: F | E4: Education Loan | F4: 14000000 | G4: No | H4: -1.1106447 | J4: 18 | K4: 3.01 | M4: =IF(C4<0,"Negative",IF(C4=0,"Zero",IF(C4>100,"Unreasonably High",IF(C4="","Blank","OK")))) -> OK | N4: =IF(D4="","Blank",IF(D4="F","OK",IF(D4="M","OK","Unreasonable"))) -> OK | O4: =IF(E4="Education Loan","OK",IF(E4="Home Loan","OK",IF(E4="Personal Loan","OK",IF(E4="Vehicle Loan","OK",IF(E4="","Blank","Unreasonable"))))) -> OK | P4: =IF(F4="","Blank",IF(F4<0,"Negative",IF(F4=0,"Zero",IF(F4>10^9,"Very High","OK")))) -> OK | Q4: =IF(G4="","Blank",IF(G4="Yes","OK",IF(G4="No","OK","Unreasonable"))) -> OK | T4: =IF(K4="","Blank",IF(K4<0,"Negative",IF(K4>100,"Very High",IF(AND(J4<>18,K4<=K3),"Unreasonable","OK")))) -> OK | V4: =IF(VLOOKUP(C4,$J$4:$J$46,1,0)=C4,"OK","Check") -> OK | X4: Negative Value | AC4: Mean | AD4: 0
B5: ADAMS | C5: 58 | D5: F | E5: Education Loan | F5: 9000000 | G5: No | H5: 1.17782 | J5: 19 | K5: 3.085 | M5: =IF(C5<0,"Negative",IF(C5=0,"Zero",IF(C5>100,"Unreasonably High",IF(C5="","Blank","OK")))) -> OK | N5: =IF(D5="","Blank",IF(D5="F","OK",IF(D5="M","OK","Unreasonable"))) -> OK | O5: =IF(E5="Education Loan","OK",IF(E5="Home Loan","OK",IF(E5="Personal Loan","OK",IF(E5="Vehicle Loan","OK",IF(E5="","Blank","Unreasonable"))))) -> OK | P5: =IF(F5="","Blank",IF(F5<0,"Negative",IF(F5=0,"Zero",IF(F5>10^9,"Very High","OK")))) -> OK | Q5: =IF(G5="","Blank",IF(G5="Yes","OK",IF(G5="No","OK","Unreasonable"))) -> OK | S5: =IF(J5=J4+1,"OK","Check") -> OK | T5: =IF(K5="","Blank",IF(K5<0,"Negative",IF(K5>100,"Very High",IF(AND(J5<>18,K5<=K4),"Unreasonable","OK")))) -> OK | V5: =IF(VLOOKUP(C5,$J$4:$J$46,1,0)=C5,"OK","Check") -> OK | X5: Zero Value | AC5: St. Deviation | AD5: 1
B6: AGUILAR | C6: 19 | D6: M | E6: Education Loan | F6: 10000000 | G6: No | H6: 0.83217426 | J6: 20 | K6: 3.162 | M6: =IF(C6<0,"Negative",IF(C6=0,"Zero",IF(C6>100,"Unreasonably High",IF(C6="","Blank","OK")))) -> OK | N6: =IF(D6="","Blank",IF(D6="F","OK",IF(D6="M","OK","Unreasonable"))) -> OK | O6: =IF(E6="Education Loan","OK",IF(E6="Home Loan","OK",IF(E6="Personal Loan","OK",IF(E6="Vehicle Loan","OK",IF(E6="","Blank","Unreasonable"))))) -> OK | P6: =IF(F6="","Blank",IF(F6<0,"Negative",IF(F6=0,"Zero",IF(F6>10^9,"Very High","OK")))) -> OK | Q6: =IF(G6="","Blank",IF(G6="Yes","OK",IF(G6="No","OK","Unreasonable"))) -> OK | S6: =IF(J6=J5+1,"OK","Check") -> OK | T6: =IF(K6="","Blank",IF(K6<0,"Negative",IF(K6>100,"Very High",IF(AND(J6<>18,K6<=K5),"Unreasonable","OK")))) -> OK | V6: =IF(VLOOKUP(C6,$J$4:$J$46,1,0)=C6,"OK","Check") -> OK | X6: Blank Value | AC6: Count | AD6: =4*100 -> 400
B7: AGUIRRE | C7: 32 | D7: M | E7: Personal Loan | F7: 12000000 | G7: No | H7: 0.6196113 | J7: 21 | K7: 3.241 | M7: =IF(C7<0,"Negative",IF(C7=0,"Zero",IF(C7>100,"Unreasonably High",IF(C7="","Blank","OK")))) -> OK | N7: =IF(D7="","Blank",IF(D7="F","OK",IF(D7="M","OK","Unreasonable"))) -> OK | O7: =IF(E7="Education Loan","OK",IF(E7="Home Loan","OK",IF(E7="Personal Loan","OK",IF(E7="Vehicle Loan","OK",IF(E7="","Blank","Unreasonable"))))) -> OK | P7: =IF(F7="","Blank",IF(F7<0,"Negative",IF(F7=0,"Zero",IF(F7>10^9,"Very High","OK")))) -> OK | Q7: =IF(G7="","Blank",IF(G7="Yes","OK",IF(G7="No","OK","Unreasonable"))) -> OK | S7: =IF(J7=J6+1,"OK","Check") -> OK | T7: =IF(K7="","Blank",IF(K7<0,"Negative",IF(K7>100,"Very High",IF(AND(J7<>18,K7<=K6),"Unreasonable","OK")))) -> OK | V7: =IF(VLOOKUP(C7,$J$4:$J$46,1,0)=C7,"OK","Check") -> OK | X7: Very High Value
B8: ALEXANDER | C8: 22 | D8: M | E8: Education Loan | F8: 8000000 | G8: No | H8: -2.0099079 | J8: 22 | K8: 3.322 | M8: =IF(C8<0,"Negative",IF(C8=0,"Zero",IF(C8>100,"Unreasonably High",IF(C8="","Blank","OK")))) -> OK | N8: =IF(D8="","Blank",IF(D8="F","OK",IF(D8="M","OK","Unreasonable"))) -> OK | O8: =IF(E8="Education Loan","OK",IF(E8="Home Loan","OK",IF(E8="Personal Loan","OK",IF(E8="Vehicle Loan","OK",IF(E8="","Blank","Unreasonable"))))) -> OK | P8: =IF(F8="","Blank",IF(F8<0,"Negative",IF(F8=0,"Zero",IF(F8>10^9,"Very High","OK")))) -> OK | Q8: =IF(G8="","Blank",IF(G8="Yes","OK",IF(G8="No","OK","Unreasonable"))) -> OK | S8: =IF(J8=J7+1,"OK","Check") -> OK | T8: =IF(K8="","Blank",IF(K8<0,"Negative",IF(K8>100,"Very High",IF(AND(J8<>18,K8<=K7),"Unreasonable","OK")))) -> OK | V8: =IF(VLOOKUP(C8,$J$4:$J$46,1,0)=C8,"OK","Check") -> OK | AC8: Graphical Checks
B9: ALLEN | C9: 37 | D9: M | E9: Personal Loan | F9: 12000000 | G9: No | H9: -0.9369264 | J9: 23 | K9: 3.405 | M9: =IF(C9<0,"Negative",IF(C9=0,"Zero",IF(C9>100,"Unreasonably High",IF(C9="","Blank","OK")))) -> OK | N9: =IF(D9="","Blank",IF(D9="F","OK",IF(D9="M","OK","Unreasonable"))) -> OK | O9: =IF(E9="Education Loan","OK",IF(E9="Home Loan","OK",IF(E9="Personal Loan","OK",IF(E9="Vehicle Loan","OK",IF(E9="","Blank","Unreasonable"))))) -> OK | P9: =IF(F9="","Blank",IF(F9<0,"Negative",IF(F9=0,"Zero",IF(F9>10^9,"Very High","OK")))) -> OK | Q9: =IF(G9="","Blank",IF(G9="Yes","OK",IF(G9="No","OK","Unreasonable"))) -> OK | S9: =IF(J9=J8+1,"OK","Check") -> OK | T9: =IF(K9="","Blank",IF(K9<0,"Negative",IF(K9>100,"Very High",IF(AND(J9<>18,K9<=K8),"Unreasonable","OK")))) -> OK | V9: =IF(VLOOKUP(C9,$J$4:$J$46,1,0)=C9,"OK","Check") -> OK | X9: Gender of Customers | AC9: Less Than | AD9: Cumulative Frequency | AE9: Frequency
B10: ALVARADO | C10: 34 | D10: M | E10: Education Loan | F10: 12000000 | G10: No | H10: 0.77959402 | J10: 24 | K10: 3.49 | M10: =IF(C10<0,"Negative",IF(C10=0,"Zero",IF(C10>100,"Unreasonably High",IF(C10="","Blank","OK")))) -> OK | N10: =IF(D10="","Blank",IF(D10="F","OK",IF(D10="M","OK","Unreasonable"))) -> OK | O10: =IF(E10="Education Loan","OK",IF(E10="Home Loan","OK",IF(E10="Personal Loan","OK",IF(E10="Vehicle Loan","OK",IF(E10="","Blank","Unreasonable"))))) -> OK | P10: =IF(F10="","Blank",IF(F10<0,"Negative",IF(F10=0,"Zero",IF(F10>10^9,"Very High","OK")))) -> OK | Q10: =IF(G10="","Blank",IF(G10="Yes","OK",IF(G10="No","OK","Unreasonable"))) -> OK | S10: =IF(J10=J9+1,"OK","Check") -> OK | T10: =IF(K10="","Blank",IF(K10<0,"Negative",IF(K10>100,"Very High",IF(AND(J10<>18,K10<=K9),"Unreasonable","OK")))) -> OK | V10: =IF(VLOOKUP(C10,$J$4:$J$46,1,0)=C10,"OK","Check") -> OK | X10: Blank Value | AC10: -3 | AD10: =COUNTIFS($H$4:$H$403,"<"&AC10) -> 0 | AE10: =AD10 -> 0
B11: ALVAREZ | C11: 28 | D11: M | E11: Vehicle Loan | F11: 12000000 | G11: No | H11: 1.5913996 | J11: 25 | K11: 3.577 | M11: =IF(C11<0,"Negative",IF(C11=0,"Zero",IF(C11>100,"Unreasonably High",IF(C11="","Blank","OK")))) -> OK | N11: =IF(D11="","Blank",IF(D11="F","OK",IF(D11="M","OK","Unreasonable"))) -> OK | O11: =IF(E11="Education Loan","OK",IF(E11="Home Loan","OK",IF(E11="Personal Loan","OK",IF(E11="Vehicle Loan","OK",IF(E11="","Blank","Unreasonable"))))) -> OK | P11: =IF(F11="","Blank",IF(F11<0,"Negative",IF(F11=0,"Zero",IF(F11>10^9,"Very High","OK")))) -> OK | Q11: =IF(G11="","Blank",IF(G11="Yes","OK",IF(G11="No","OK","Unreasonable"))) -> OK | S11: =IF(J11=J10+1,"OK","Check") -> OK | T11: =IF(K11="","Blank",IF(K11<0,"Negative",IF(K11>100,"Very High",IF(AND(J11<>18,K11<=K10),"Unreasonable","OK")))) -> OK | V11: =IF(VLOOKUP(C11,$J$4:$J$46,1,0)=C11,"OK","Check") -> OK | X11: Value other than M or F | AC11: =AC10+0.5 -> -2.5 | AD11: =COUNTIFS($H$4:$H$403,"<"&AC11) -> 1 | AE11: =AD11-AD10 -> 1 | AO11: Bell shaped curve seems reasonable
B12: ANDERSON | C12: 47 | D12: M | E12: Education Loan | F12: 13000000 | G12: No | H12: -0.84163822 | J12: 26 | K12: 3.666 | M12: =IF(C12<0,"Negative",IF(C12=0,"Zero",IF(C12>100,"Unreasonably High",IF(C12="","Blank","OK")))) -> OK | N12: =IF(D12="","Blank",IF(D12="F","OK",IF(D12="M","OK","Unreasonable"))) -> OK | O12: =IF(E12="Education Loan","OK",IF(E12="Home Loan","OK",IF(E12="Personal Loan","OK",IF(E12="Vehicle Loan","OK",IF(E12="","Blank","Unreasonable"))))) -> OK | P12: =IF(F12="","Blank",IF(F12<0,"Negative",IF(F12=0,"Zero",IF(F12>10^9,"Very High","OK")))) -> OK | Q12: =IF(G12="","Blank",IF(G12="Yes","OK",IF(G12="No","OK","Unreasonable"))) -> OK | S12: =IF(J12=J11+1,"OK","Check") -> OK | T12: =IF(K12="","Blank",IF(K12<0,"Negative",IF(K12>100,"Very High",IF(AND(J12<>18,K12<=K11),"Unreasonable","OK")))) -> OK | V12: =IF(VLOOKUP(C12,$J$4:$J$46,1,0)=C12,"OK","Check") -> OK | AC12: =AC11+0.5 -> -2 | AD12: =COUNTIFS($H$4:$H$403,"<"&AC12) -> 9 | AE12: =AD12-AD11 -> 8
B13: ANDREWS | C13: 40 | D13: M | E13: Home Loan | F13: 9000000 | G13: No | H13: -0.29295495 | J13: 27 | K13: 3.758 | M13: =IF(C13<0,"Negative",IF(C13=0,"Zero",IF(C13>100,"Unreasonably High",IF(C13="","Blank","OK")))) -> OK | N13: =IF(D13="","Blank",IF(D13="F","OK",IF(D13="M","OK","Unreasonable"))) -> OK | O13: =IF(E13="Education Loan","OK",IF(E13="Home Loan","OK",IF(E13="Personal Loan","OK",IF(E13="Vehicle Loan","OK",IF(E13="","Blank","Unreasonable"))))) -> OK | P13: =IF(F13="","Blank",IF(F13<0,"Negative",IF(F13=0,"Zero",IF(F13>10^9,"Very High","OK")))) -> OK | Q13: =IF(G13="","Blank",IF(G13="Yes","OK",IF(G13="No","OK","Unreasonable"))) -> OK | S13: =IF(J13=J12+1,"OK","Check") -> OK | T13: =IF(K13="","Blank",IF(K13<0,"Negative",IF(K13>100,"Very High",IF(AND(J13<>18,K13<=K12),"Unreasonable","OK")))) -> OK | V13: =IF(VLOOKUP(C13,$J$4:$J$46,1,0)=C13,"OK","Check") -> OK | X13: Type of Loan | AC13: =AC12+0.5 -> -1.5 | AD13: =COUNTIFS($H$4:$H$403,"<"&AC13) -> 32 | AE13: =AD13-AD12 -> 23
B14: ARMSTRONG | C14: 29 | D14: M | E14: Vehicle Loan | F14: 12000000 | G14: No | H14: 0.64105117 | J14: 28 | K14: =K13*1.025 -> 3.85195 | M14: =IF(C14<0,"Negative",IF(C14=0,"Zero",IF(C14>100,"Unreasonably High",IF(C14="","Blank","OK")))) -> OK | N14: =IF(D14="","Blank",IF(D14="F","OK",IF(D14="M","OK","Unreasonable"))) -> OK | O14: =IF(E14="Education Loan","OK",IF(E14="Home Loan","OK",IF(E14="Personal Loan","OK",IF(E14="Vehicle Loan","OK",IF(E14="","Blank","Unreasonable"))))) -> OK | P14: =IF(F14="","Blank",IF(F14<0,"Negative",IF(F14=0,"Zero",IF(F14>10^9,"Very High","OK")))) -> OK | Q14: =IF(G14="","Blank",IF(G14="Yes","OK",IF(G14="No","OK","Unreasonable"))) -> OK | S14: =IF(J14=J13+1,"OK","Check") -> OK | T14: =IF(K14="","Blank",IF(K14<0,"Negative",IF(K14>100,"Very High",IF(AND(J14<>18,K14<=K13),"Unreasonable","OK")))) -> OK | V14: =IF(VLOOKUP(C14,$J$4:$J$46,1,0)=C14,"OK","Check") -> OK | X14: Blank Value | AC14: =AC13+0.5 -> -1 | AD14: =COUNTIFS($H$4:$H$403,"<"&AC14) -> 67 | AE14: =AD14-AD13 -> 35
B15: ARNOLD | C15: 49 | D15: M | E15: Home Loan | F15: 8000000 | G15: No | H15: 0.61863857 | J15: 29 | K15: 3.948 | M15: =IF(C15<0,"Negative",IF(C15=0,"Zero",IF(C15>100,"Unreasonably High",IF(C15="","Blank","OK")))) -> OK | N15: =IF(D15="","Blank",IF(D15="F","OK",IF(D15="M","OK","Unreasonable"))) -> OK | O15: =IF(E15="Education Loan","OK",IF(E15="Home Loan","OK",IF(E15="Personal Loan","OK",IF(E15="Vehicle Loan","OK",IF(E15="","Blank","Unreasonable"))))) -> OK | P15: =IF(F15="","Blank",IF(F15<0,"Negative",IF(F15=0,"Zero",IF(F15>10^9,"Very High","OK")))) -> OK | Q15: =IF(G15="","Blank",IF(G15="Yes","OK",IF(G15="No","OK","Unreasonable"))) -> OK | S15: =IF(J15=J14+1,"OK","Check") -> OK | T15: =IF(K15="","Blank",IF(K15<0,"Negative",IF(K15>100,"Very High",IF(AND(J15<>18,K15<=K14),"Unreasonable","OK")))) -> OK | V15: =IF(VLOOKUP(C15,$J$4:$J$46,1,0)=C15,"OK","Check") -> OK | X15: Value other than metioned loans | AC15: =AC14+0.5 -> -0.5 | AD15: =COUNTIFS($H$4:$H$403,"<"&AC15) -> 128 | AE15: =AD15-AD14 -> 61
B16: AUSTIN | C16: 60 | D16: M | E16: Education Loan | F16: 10000000 | G16: No | H16: -0.25982288 | J16: 30 | K16: 4.047 | M16: =IF(C16<0,"Negative",IF(C16=0,"Zero",IF(C16>100,"Unreasonably High",IF(C16="","Blank","OK")))) -> OK | N16: =IF(D16="","Blank",IF(D16="F","OK",IF(D16="M","OK","Unreasonable"))) -> OK | O16: =IF(E16="Education Loan","OK",IF(E16="Home Loan","OK",IF(E16="Personal Loan","OK",IF(E16="Vehicle Loan","OK",IF(E16="","Blank","Unreasonable"))))) -> OK | P16: =IF(F16="","Blank",IF(F16<0,"Negative",IF(F16=0,"Zero",IF(F16>10^9,"Very High","OK")))) -> OK | Q16: =IF(G16="","Blank",IF(G16="Yes","OK",IF(G16="No","OK","Unreasonable"))) -> OK | S16: =IF(J16=J15+1,"OK","Check") -> OK | T16: =IF(K16="","Blank",IF(K16<0,"Negative",IF(K16>100,"Very High",IF(AND(J16<>18,K16<=K15),"Unreasonable","OK")))) -> OK | V16: =IF(VLOOKUP(C16,$J$4:$J$46,1,0)=C16,"OK","Check") -> OK | AC16: =AC15+0.5 -> 0 | AD16: =COUNTIFS($H$4:$H$403,"<"&AC16) -> 207 | AE16: =AD16-AD15 -> 79
B17: AVILA | C17: 59 | D17: M | E17: Vehicle Loan | F17: 9000000 | G17: Yes | H17: 1.7048512 | J17: 31 | K17: 3.933 | M17: =IF(C17<0,"Negative",IF(C17=0,"Zero",IF(C17>100,"Unreasonably High",IF(C17="","Blank","OK")))) -> OK | N17: =IF(D17="","Blank",IF(D17="F","OK",IF(D17="M","OK","Unreasonable"))) -> OK | O17: =IF(E17="Education Loan","OK",IF(E17="Home Loan","OK",IF(E17="Personal Loan","OK",IF(E17="Vehicle Loan","OK",IF(E17="","Blank","Unreasonable"))))) -> OK | P17: =IF(F17="","Blank",IF(F17<0,"Negative",IF(F17=0,"Zero",IF(F17>10^9,"Very High","OK")))) -> OK | Q17: =IF(G17="","Blank",IF(G17="Yes","OK",IF(G17="No","OK","Unreasonable"))) -> OK | S17: =IF(J17=J16+1,"OK","Check") -> OK | T17: =IF(K17="","Blank",IF(K17<0,"Negative",IF(K17>100,"Very High",IF(AND(J17<>18,K17<=K16),"Unreasonable","OK")))) -> Unreasonable | V17: =IF(VLOOKUP(C17,$J$4:$J$46,1,0)=C17,"OK","Check") -> OK | X17: Loan Amount | AC17: =AC16+0.5 -> 0.5 | AD17: =COUNTIFS($H$4:$H$403,"<"&AC17) -> 290 | AE17: =AD17-AD16 -> 83
B18: AYALA | C18: 30 | D18: M | E18: Personal Loan | F18: 13000000 | G18: No | H18: -1.9498275 | J18: 32 | K18: 4.252 | M18: =IF(C18<0,"Negative",IF(C18=0,"Zero",IF(C18>100,"Unreasonably High",IF(C18="","Blank","OK")))) -> OK | N18: =IF(D18="","Blank",IF(D18="F","OK",IF(D18="M","OK","Unreasonable"))) -> OK | O18: =IF(E18="Education Loan","OK",IF(E18="Home Loan","OK",IF(E18="Personal Loan","OK",IF(E18="Vehicle Loan","OK",IF(E18="","Blank","Unreasonable"))))) -> OK | P18: =IF(F18="","Blank",IF(F18<0,"Negative",IF(F18=0,"Zero",IF(F18>10^9,"Very High","OK")))) -> OK | Q18: =IF(G18="","Blank",IF(G18="Yes","OK",IF(G18="No","OK","Unreasonable"))) -> OK | S18: =IF(J18=J17+1,"OK","Check") -> OK | T18: =IF(K18="","Blank",IF(K18<0,"Negative",IF(K18>100,"Very High",IF(AND(J18<>18,K18<=K17),"Unreasonable","OK")))) -> OK | V18: =IF(VLOOKUP(C18,$J$4:$J$46,1,0)=C18,"OK","Check") -> OK | X18: Negative Value | AC18: =AC17+0.5 -> 1 | AD18: =COUNTIFS($H$4:$H$403,"<"&AC18) -> 336 | AE18: =AD18-AD17 -> 46
B19: BAILEY | C19: 24 | D19: F | E19: Home Loan | F19: 13000000 | G19: No | H19: 1.1108307 | J19: 33 | K19: 4.358 | M19: =IF(C19<0,"Negative",IF(C19=0,"Zero",IF(C19>100,"Unreasonably High",IF(C19="","Blank","OK")))) -> OK | N19: =IF(D19="","Blank",IF(D19="F","OK",IF(D19="M","OK","Unreasonable"))) -> OK | O19: =IF(E19="Education Loan","OK",IF(E19="Home Loan","OK",IF(E19="Personal Loan","OK",IF(E19="Vehicle Loan","OK",IF(E19="","Blank","Unreasonable"))))) -> OK | P19: =IF(F19="","Blank",IF(F19<0,"Negative",IF(F19=0,"Zero",IF(F19>10^9,"Very High","OK")))) -> OK | Q19: =IF(G19="","Blank",IF(G19="Yes","OK",IF(G19="No","OK","Unreasonable"))) -> OK | S19: =IF(J19=J18+1,"OK","Check") -> OK | T19: =IF(K19="","Blank",IF(K19<0,"Negative",IF(K19>100,"Very High",IF(AND(J19<>18,K19<=K18),"Unreasonable","OK")))) -> OK | V19: =IF(VLOOKUP(C19,$J$4:$J$46,1,0)=C19,"OK","Check") -> OK | X19: Zero Value | AC19: =AC18+0.5 -> 1.5 | AD19: =COUNTIFS($H$4:$H$403,"<"&AC19) -> 377 | AE19: =AD19-AD18 -> 41
B20: BAKER | C20: 46 | D20: F | E20: Vehicle Loan | F20: 11000000 | G20: No | H20: -0.48693909 | J20: 34 | K20: -4.467 | M20: =IF(C20<0,"Negative",IF(C20=0,"Zero",IF(C20>100,"Unreasonably High",IF(C20="","Blank","OK")))) -> OK | N20: =IF(D20="","Blank",IF(D20="F","OK",IF(D20="M","OK","Unreasonable"))) -> OK | O20: =IF(E20="Education Loan","OK",IF(E20="Home Loan","OK",IF(E20="Personal Loan","OK",IF(E20="Vehicle Loan","OK",IF(E20="","Blank","Unreasonable"))))) -> OK | P20: =IF(F20="","Blank",IF(F20<0,"Negative",IF(F20=0,"Zero",IF(F20>10^9,"Very High","OK")))) -> OK | Q20: =IF(G20="","Blank",IF(G20="Yes","OK",IF(G20="No","OK","Unreasonable"))) -> OK | S20: =IF(J20=J19+1,"OK","Check") -> OK | T20: =IF(K20="","Blank",IF(K20<0,"Negative",IF(K20>100,"Very High",IF(AND(J20<>18,K20<=K19),"Unreasonable","OK")))) -> Negative | V20: =IF(VLOOKUP(C20,$J$4:$J$46,1,0)=C20,"OK","Check") -> OK | X20: Blank Value | AC20: =AC19+0.5 -> 2 | AD20: =COUNTIFS($H$4:$H$403,"<"&AC20) -> 390 | AE20: =AD20-AD19 -> 13
B21: BALDWIN | C21: 27 | D21: M | E21: Vehicle Loan | F21: 11000000 | G21: No | H21: -0.6351669 | J21: 35 | K21: 4.579 | M21: =IF(C21<0,"Negative",IF(C21=0,"Zero",IF(C21>100,"Unreasonably High",IF(C21="","Blank","OK")))) -> OK | N21: =IF(D21="","Blank",IF(D21="F","OK",IF(D21="M","OK","Unreasonable"))) -> OK | O21: =IF(E21="Education Loan","OK",IF(E21="Home Loan","OK",IF(E21="Personal Loan","OK",IF(E21="Vehicle Loan","OK",IF(E21="","Blank","Unreasonable"))))) -> OK | P21: =IF(F21="","Blank",IF(F21<0,"Negative",IF(F21=0,"Zero",IF(F21>10^9,"Very High","OK")))) -> OK | Q21: =IF(G21="","Blank",IF(G21="Yes","OK",IF(G21="No","OK","Unreasonable"))) -> OK | S21: =IF(J21=J20+1,"OK","Check") -> OK | T21: =IF(K21="","Blank",IF(K21<0,"Negative",IF(K21>100,"Very High",IF(AND(J21<>18,K21<=K20),"Unreasonable","OK")))) -> OK | V21: =IF(VLOOKUP(C21,$J$4:$J$46,1,0)=C21,"OK","Check") -> OK | X21: Very High Value | AC21: =AC20+0.5 -> 2.5 | AD21: =COUNTIFS($H$4:$H$403,"<"&AC21) -> 396 | AE21: =AD21-AD20 -> 6
B22: BANKS | C22: 27 | D22: M | E22: Personal Loan | F22: 10000000 | G22: No | H22: -0.34206238 | J22: 36 | K22: 4.693 | M22: =IF(C22<0,"Negative",IF(C22=0,"Zero",IF(C22>100,"Unreasonably High",IF(C22="","Blank","OK")))) -> OK | N22: =IF(D22="","Blank",IF(D22="F","OK",IF(D22="M","OK","Unreasonable"))) -> OK | O22: =IF(E22="Education Loan","OK",IF(E22="Home Loan","OK",IF(E22="Personal Loan","OK",IF(E22="Vehicle Loan","OK",IF(E22="","Blank","Unreasonable"))))) -> OK | P22: =IF(F22="","Blank",IF(F22<0,"Negative",IF(F22=0,"Zero",IF(F22>10^9,"Very High","OK")))) -> OK | Q22: =IF(G22="","Blank",IF(G22="Yes","OK",IF(G22="No","OK","Unreasonable"))) -> OK | S22: =IF(J22=J21+1,"OK","Check") -> OK | T22: =IF(K22="","Blank",IF(K22<0,"Negative",IF(K22>100,"Very High",IF(AND(J22<>18,K22<=K21),"Unreasonable","OK")))) -> OK | V22: =IF(VLOOKUP(C22,$J$4:$J$46,1,0)=C22,"OK","Check") -> OK | AC22: =AC21+0.5 -> 3 | AD22: =COUNTIFS($H$4:$H$403,"<"&AC22) -> 399 | AE22: =AD22-AD21 -> 3
B23: BARBER | C23: 45 | D23: F | E23: Education Loan | F23: 13000000 | G23: No | H23: -0.53936174 | J23: 37 | K23: 4.81 | M23: =IF(C23<0,"Negative",IF(C23=0,"Zero",IF(C23>100,"Unreasonably High",IF(C23="","Blank","OK")))) -> OK | N23: =IF(D23="","Blank",IF(D23="F","OK",IF(D23="M","OK","Unreasonable"))) -> OK | O23: =IF(E23="Education Loan","OK",IF(E23="Home Loan","OK",IF(E23="Personal Loan","OK",IF(E23="Vehicle Loan","OK",IF(E23="","Blank","Unreasonable"))))) -> OK | P23: =IF(F23="","Blank",IF(F23<0,"Negative",IF(F23=0,"Zero",IF(F23>10^9,"Very High","OK")))) -> OK | Q23: =IF(G23="","Blank",IF(G23="Yes","OK",IF(G23="No","OK","Unreasonable"))) -> OK | S23: =IF(J23=J22+1,"OK","Check") -> OK | T23: =IF(K23="","Blank",IF(K23<0,"Negative",IF(K23>100,"Very High",IF(AND(J23<>18,K23<=K22),"Unreasonable","OK")))) -> OK | V23: =IF(VLOOKUP(C23,$J$4:$J$46,1,0)=C23,"OK","Check") -> OK | X23: Bank Staff | AC23: =AC22+0.5 -> 3.5 | AD23: =COUNTIFS($H$4:$H$403,"<"&AC23) -> 400 | AE23: =AD23-AD22 -> 1
B24: BARKER | C24: 44 | D24: F | E24: Personal Loan | F24: 10000000 | G24: No | H24: -1.2532378 | J24: 38 | K24: 4.93 | M24: =IF(C24<0,"Negative",IF(C24=0,"Zero",IF(C24>100,"Unreasonably High",IF(C24="","Blank","OK")))) -> OK | N24: =IF(D24="","Blank",IF(D24="F","OK",IF(D24="M","OK","Unreasonable"))) -> OK | O24: =IF(E24="Education Loan","OK",IF(E24="Home Loan","OK",IF(E24="Personal Loan","OK",IF(E24="Vehicle Loan","OK",IF(E24="","Blank","Unreasonable"))))) -> OK | P24: =IF(F24="","Blank",IF(F24<0,"Negative",IF(F24=0,"Zero",IF(F24>10^9,"Very High","OK")))) -> OK | Q24: =IF(G24="","Blank",IF(G24="Yes","OK",IF(G24="No","OK","Unreasonable"))) -> OK | S24: =IF(J24=J23+1,"OK","Check") -> OK | T24: =IF(K24="","Blank",IF(K24<0,"Negative",IF(K24>100,"Very High",IF(AND(J24<>18,K24<=K23),"Unreasonable","OK")))) -> OK | V24: =IF(VLOOKUP(C24,$J$4:$J$46,1,0)=C24,"OK","Check") -> OK | X24: Blank Value | AC24: =AC23+0.5 -> 4 | AD24: =COUNTIFS($H$4:$H$403,"<"&AC24) -> 400 | AE24: =AD24-AD23 -> 0
B25: BARNES | C25: 29 | D25: M | E25: Vehicle Loan | F25: 14000000 | G25: No | H25: 0.021014226 | J25: 39 | K25: 5.053 | M25: =IF(C25<0,"Negative",IF(C25=0,"Zero",IF(C25>100,"Unreasonably High",IF(C25="","Blank","OK")))) -> OK | N25: =IF(D25="","Blank",IF(D25="F","OK",IF(D25="M","OK","Unreasonable"))) -> OK | O25: =IF(E25="Education Loan","OK",IF(E25="Home Loan","OK",IF(E25="Personal Loan","OK",IF(E25="Vehicle Loan","OK",IF(E25="","Blank","Unreasonable"))))) -> OK | P25: =IF(F25="","Blank",IF(F25<0,"Negative",IF(F25=0,"Zero",IF(F25>10^9,"Very High","OK")))) -> OK | Q25: =IF(G25="","Blank",IF(G25="Yes","OK",IF(G25="No","OK","Unreasonable"))) -> OK | S25: =IF(J25=J24+1,"OK","Check") -> OK | T25: =IF(K25="","Blank",IF(K25<0,"Negative",IF(K25>100,"Very High",IF(AND(J25<>18,K25<=K24),"Unreasonable","OK")))) -> OK | V25: =IF(VLOOKUP(C25,$J$4:$J$46,1,0)=C25,"OK","Check") -> OK | X25: Value other than Yes or No | AE25: =SUM(AE10:AE24) -> 400
B26: BARNETT | C26: 30 | D26: M | E26: Education Loan | F26: -11000000 | G26: No | H26: -0.7746163 | J26: 40 | K26: 5.179 | M26: =IF(C26<0,"Negative",IF(C26=0,"Zero",IF(C26>100,"Unreasonably High",IF(C26="","Blank","OK")))) -> OK | N26: =IF(D26="","Blank",IF(D26="F","OK",IF(D26="M","OK","Unreasonable"))) -> OK | O26: =IF(E26="Education Loan","OK",IF(E26="Home Loan","OK",IF(E26="Personal Loan","OK",IF(E26="Vehicle Loan","OK",IF(E26="","Blank","Unreasonable"))))) -> OK | P26: =IF(F26="","Blank",IF(F26<0,"Negative",IF(F26=0,"Zero",IF(F26>10^9,"Very High","OK")))) -> Negative | Q26: =IF(G26="","Blank",IF(G26="Yes","OK",IF(G26="No","OK","Unreasonable"))) -> OK | S26: =IF(J26=J25+1,"OK","Check") -> OK | T26: =IF(K26="","Blank",IF(K26<0,"Negative",IF(K26>100,"Very High",IF(AND(J26<>18,K26<=K25),"Unreasonable","OK")))) -> OK | V26: =IF(VLOOKUP(C26,$J$4:$J$46,1,0)=C26,"OK","Check") -> OK | AE26: =IF(AE25=AD6,"OK","Check") -> OK
B27: BARRETT | C27: 39 | D27: F | E27: Education Loan | F27: 9000000 | G27: No | H27: -0.59918005 | J27: 41 | K27: 5.308 | M27: =IF(C27<0,"Negative",IF(C27=0,"Zero",IF(C27>100,"Unreasonably High",IF(C27="","Blank","OK")))) -> OK | N27: =IF(D27="","Blank",IF(D27="F","OK",IF(D27="M","OK","Unreasonable"))) -> OK | O27: =IF(E27="Education Loan","OK",IF(E27="Home Loan","OK",IF(E27="Personal Loan","OK",IF(E27="Vehicle Loan","OK",IF(E27="","Blank","Unreasonable"))))) -> OK | P27: =IF(F27="","Blank",IF(F27<0,"Negative",IF(F27=0,"Zero",IF(F27>10^9,"Very High","OK")))) -> OK | Q27: =IF(G27="","Blank",IF(G27="Yes","OK",IF(G27="No","OK","Unreasonable"))) -> OK | S27: =IF(J27=J26+1,"OK","Check") -> OK | T27: =IF(K27="","Blank",IF(K27<0,"Negative",IF(K27>100,"Very High",IF(AND(J27<>18,K27<=K26),"Unreasonable","OK")))) -> OK | V27: =IF(VLOOKUP(C27,$J$4:$J$46,1,0)=C27,"OK","Check") -> OK | X27: Age in Premium Rate table
B28: BATES | C28: 49 | D28: M | E28: Education Loan | F28: 12000000 | G28: No | H28: 1.6154231 | J28: 42 | K28: 5.441 | M28: =IF(C28<0,"Negative",IF(C28=0,"Zero",IF(C28>100,"Unreasonably High",IF(C28="","Blank","OK")))) -> OK | N28: =IF(D28="","Blank",IF(D28="F","OK",IF(D28="M","OK","Unreasonable"))) -> OK | O28: =IF(E28="Education Loan","OK",IF(E28="Home Loan","OK",IF(E28="Personal Loan","OK",IF(E28="Vehicle Loan","OK",IF(E28="","Blank","Unreasonable"))))) -> OK | P28: =IF(F28="","Blank",IF(F28<0,"Negative",IF(F28=0,"Zero",IF(F28>10^9,"Very High","OK")))) -> OK | Q28: =IF(G28="","Blank",IF(G28="Yes","OK",IF(G28="No","OK","Unreasonable"))) -> OK | S28: =IF(J28=J27+1,"OK","Check") -> OK | T28: =IF(K28="","Blank",IF(K28<0,"Negative",IF(K28>100,"Very High",IF(AND(J28<>18,K28<=K27),"Unreasonable","OK")))) -> OK | V28: =IF(VLOOKUP(C28,$J$4:$J$46,1,0)=C28,"OK","Check") -> OK | X28: Whether age is in increasing order by 1
B29: BECK | C29: 28 | D29: F | E29: Home Loan | F29: 10000000 | G29: No | H29: 0.1434965 | J29: 43 | K29: =K28*1.025 -> 5.577025 | M29: =IF(C29<0,"Negative",IF(C29=0,"Zero",IF(C29>100,"Unreasonably High",IF(C29="","Blank","OK")))) -> OK | N29: =IF(D29="","Blank",IF(D29="F","OK",IF(D29="M","OK","Unreasonable"))) -> OK | O29: =IF(E29="Education Loan","OK",IF(E29="Home Loan","OK",IF(E29="Personal Loan","OK",IF(E29="Vehicle Loan","OK",IF(E29="","Blank","Unreasonable"))))) -> OK | P29: =IF(F29="","Blank",IF(F29<0,"Negative",IF(F29=0,"Zero",IF(F29>10^9,"Very High","OK")))) -> OK | Q29: =IF(G29="","Blank",IF(G29="Yes","OK",IF(G29="No","OK","Unreasonable"))) -> OK | S29: =IF(J29=J28+1,"OK","Check") -> OK | T29: =IF(K29="","Blank",IF(K29<0,"Negative",IF(K29>100,"Very High",IF(AND(J29<>18,K29<=K28),"Unreasonable","OK")))) -> OK | V29: =IF(VLOOKUP(C29,$J$4:$J$46,1,0)=C29,"OK","Check") -> OK
B30: BECKER | C30: 23 | D30: F | E30: Home Loan | F30: 12000000 | G30: No | H30: -0.52892385 | J30: 44 | K30: 5.716 | M30: =IF(C30<0,"Negative",IF(C30=0,"Zero",IF(C30>100,"Unreasonably High",IF(C30="","Blank","OK")))) -> OK | N30: =IF(D30="","Blank",IF(D30="F","OK",IF(D30="M","OK","Unreasonable"))) -> OK | O30: =IF(E30="Education Loan","OK",IF(E30="Home Loan","OK",IF(E30="Personal Loan","OK",IF(E30="Vehicle Loan","OK",IF(E30="","Blank","Unreasonable"))))) -> OK | P30: =IF(F30="","Blank",IF(F30<0,"Negative",IF(F30=0,"Zero",IF(F30>10^9,"Very High","OK")))) -> OK | Q30: =IF(G30="","Blank",IF(G30="Yes","OK",IF(G30="No","OK","Unreasonable"))) -> OK | S30: =IF(J30=J29+1,"OK","Check") -> OK | T30: =IF(K30="","Blank",IF(K30<0,"Negative",IF(K30>100,"Very High",IF(AND(J30<>18,K30<=K29),"Unreasonable","OK")))) -> OK | V30: =IF(VLOOKUP(C30,$J$4:$J$46,1,0)=C30,"OK","Check") -> OK | X30: Premium Rate for Male Customer
B31: BELL | C31: 21 | D31: F | E31: Home Loan | F31: 13000000 | G31: No | H31: -0.55185874 | J31: 45 | K31: 5.859 | M31: =IF(C31<0,"Negative",IF(C31=0,"Zero",IF(C31>100,"Unreasonably High",IF(C31="","Blank","OK")))) -> OK | N31: =IF(D31="","Blank",IF(D31="F","OK",IF(D31="M","OK","Unreasonable"))) -> OK | O31: =IF(E31="Education Loan","OK",IF(E31="Home Loan","OK",IF(E31="Personal Loan","OK",IF(E31="Vehicle Loan","OK",IF(E31="","Blank","Unreasonable"))))) -> OK | P31: =IF(F31="","Blank",IF(F31<0,"Negative",IF(F31=0,"Zero",IF(F31>10^9,"Very High","OK")))) -> OK | Q31: =IF(G31="","Blank",IF(G31="Yes","OK",IF(G31="No","OK","Unreasonable"))) -> OK | S31: =IF(J31=J30+1,"OK","Check") -> OK | T31: =IF(K31="","Blank",IF(K31<0,"Negative",IF(K31>100,"Very High",IF(AND(J31<>18,K31<=K30),"Unreasonable","OK")))) -> OK | V31: =IF(VLOOKUP(C31,$J$4:$J$46,1,0)=C31,"OK","Check") -> OK | X31: Negative Value
B32: BENNETT | C32: 49 | D32: F | E32: Education Loan | F32: 10000000 | G32: No | H32: -0.056442998 | J32: 46 | K32: 6.005 | M32: =IF(C32<0,"Negative",IF(C32=0,"Zero",IF(C32>100,"Unreasonably High",IF(C32="","Blank","OK")))) -> OK | N32: =IF(D32="","Blank",IF(D32="F","OK",IF(D32="M","OK","Unreasonable"))) -> OK | O32: =IF(E32="Education Loan","OK",IF(E32="Home Loan","OK",IF(E32="Personal Loan","OK",IF(E32="Vehicle Loan","OK",IF(E32="","Blank","Unreasonable"))))) -> OK | P32: =IF(F32="","Blank",IF(F32<0,"Negative",IF(F32=0,"Zero",IF(F32>10^9,"Very High","OK")))) -> OK | Q32: =IF(G32="","Blank",IF(G32="Yes","OK",IF(G32="No","OK","Unreasonable"))) -> OK | S32: =IF(J32=J31+1,"OK","Check") -> OK | T32: =IF(K32="","Blank",IF(K32<0,"Negative",IF(K32>100,"Very High",IF(AND(J32<>18,K32<=K31),"Unreasonable","OK")))) -> OK | V32: =IF(VLOOKUP(C32,$J$4:$J$46,1,0)=C32,"OK","Check") -> OK | X32: Zero Value
B33: BENSON | C33: 59 | D33: M | E33: Home Loan | F33: 8000000 | G33: No | H33: 0.82166717 | J33: 47 | K33: 5.91 | M33: =IF(C33<0,"Negative",IF(C33=0,"Zero",IF(C33>100,"Unreasonably High",IF(C33="","Blank","OK")))) -> OK | N33: =IF(D33="","Blank",IF(D33="F","OK",IF(D33="M","OK","Unreasonable"))) -> OK | O33: =IF(E33="Education Loan","OK",IF(E33="Home Loan","OK",IF(E33="Personal Loan","OK",IF(E33="Vehicle Loan","OK",IF(E33="","Blank","Unreasonable"))))) -> OK | P33: =IF(F33="","Blank",IF(F33<0,"Negative",IF(F33=0,"Zero",IF(F33>10^9,"Very High","OK")))) -> OK | Q33: =IF(G33="","Blank",IF(G33="Yes","OK",IF(G33="No","OK","Unreasonable"))) -> OK | S33: =IF(J33=J32+1,"OK","Check") -> OK | T33: =IF(K33="","Blank",IF(K33<0,"Negative",IF(K33>100,"Very High",IF(AND(J33<>18,K33<=K32),"Unreasonable","OK")))) -> Unreasonable | V33: =IF(VLOOKUP(C33,$J$4:$J$46,1,0)=C33,"OK","Check") -> OK | X33: Blank Value
B34: BERRY | C34: 46 | D34: M | E34: Education Loan | F34: 12000000 | G34: No | H34: -0.28572008 | J34: 48 | K34: 6.309 | M34: =IF(C34<0,"Negative",IF(C34=0,"Zero",IF(C34>100,"Unreasonably High",IF(C34="","Blank","OK")))) -> OK | N34: =IF(D34="","Blank",IF(D34="F","OK",IF(D34="M","OK","Unreasonable"))) -> OK | O34: =IF(E34="Education Loan","OK",IF(E34="Home Loan","OK",IF(E34="Personal Loan","OK",IF(E34="Vehicle Loan","OK",IF(E34="","Blank","Unreasonable"))))) -> OK | P34: =IF(F34="","Blank",IF(F34<0,"Negative",IF(F34=0,"Zero",IF(F34>10^9,"Very High","OK")))) -> OK | Q34: =IF(G34="","Blank",IF(G34="Yes","OK",IF(G34="No","OK","Unreasonable"))) -> OK | S34: =IF(J34=J33+1,"OK","Check") -> OK | T34: =IF(K34="","Blank",IF(K34<0,"Negative",IF(K34>100,"Very High",IF(AND(J34<>18,K34<=K33),"Unreasonable","OK")))) -> OK | V34: =IF(VLOOKUP(C34,$J$4:$J$46,1,0)=C34,"OK","Check") -> OK | X34: Very High Value
B35: BISHOP | C35: 44 | D35: X | E35: Home Loan | F35: 11000000 | G35: No | H35: 0.57432309 | J35: 49 | K35: 6.467 | M35: =IF(C35<0,"Negative",IF(C35=0,"Zero",IF(C35>100,"Unreasonably High",IF(C35="","Blank","OK")))) -> OK | N35: =IF(D35="","Blank",IF(D35="F","OK",IF(D35="M","OK","Unreasonable"))) -> Unreasonable | O35: =IF(E35="Education Loan","OK",IF(E35="Home Loan","OK",IF(E35="Personal Loan","OK",IF(E35="Vehicle Loan","OK",IF(E35="","Blank","Unreasonable"))))) -> OK | P35: =IF(F35="","Blank",IF(F35<0,"Negative",IF(F35=0,"Zero",IF(F35>10^9,"Very High","OK")))) -> OK | Q35: =IF(G35="","Blank",IF(G35="Yes","OK",IF(G35="No","OK","Unreasonable"))) -> OK | S35: =IF(J35=J34+1,"OK","Check") -> OK | T35: =IF(K35="","Blank",IF(K35<0,"Negative",IF(K35>100,"Very High",IF(AND(J35<>18,K35<=K34),"Unreasonable","OK")))) -> OK | V35: =IF(VLOOKUP(C35,$J$4:$J$46,1,0)=C35,"OK","Check") -> OK | X35: Premium rate increasing with age
B36: BLACK | C36: 30 | D36: F | E36: Home Loan | F36: 11000000 | G36: No | H36: 0.058537885 | J36: 50 | K36: -6.629 | M36: =IF(C36<0,"Negative",IF(C36=0,"Zero",IF(C36>100,"Unreasonably High",IF(C36="","Blank","OK")))) -> OK | N36: =IF(D36="","Blank",IF(D36="F","OK",IF(D36="M","OK","Unreasonable"))) -> OK | O36: =IF(E36="Education Loan","OK",IF(E36="Home Loan","OK",IF(E36="Personal Loan","OK",IF(E36="Vehicle Loan","OK",IF(E36="","Blank","Unreasonable"))))) -> OK | P36: =IF(F36="","Blank",IF(F36<0,"Negative",IF(F36=0,"Zero",IF(F36>10^9,"Very High","OK")))) -> OK | Q36: =IF(G36="","Blank",IF(G36="Yes","OK",IF(G36="No","OK","Unreasonable"))) -> OK | S36: =IF(J36=J35+1,"OK","Check") -> OK | T36: =IF(K36="","Blank",IF(K36<0,"Negative",IF(K36>100,"Very High",IF(AND(J36<>18,K36<=K35),"Unreasonable","OK")))) -> Negative | V36: =IF(VLOOKUP(C36,$J$4:$J$46,1,0)=C36,"OK","Check") -> OK
B37: BOWEN | C37: 31 | D37: M | E37: Home Loan | F37: 10000000 | G37: No | H37: 1.0187425 | J37: 51 | K37: 6.795 | M37: =IF(C37<0,"Negative",IF(C37=0,"Zero",IF(C37>100,"Unreasonably High",IF(C37="","Blank","OK")))) -> OK | N37: =IF(D37="","Blank",IF(D37="F","OK",IF(D37="M","OK","Unreasonable"))) -> OK | O37: =IF(E37="Education Loan","OK",IF(E37="Home Loan","OK",IF(E37="Personal Loan","OK",IF(E37="Vehicle Loan","OK",IF(E37="","Blank","Unreasonable"))))) -> OK | P37: =IF(F37="","Blank",IF(F37<0,"Negative",IF(F37=0,"Zero",IF(F37>10^9,"Very High","OK")))) -> OK | Q37: =IF(G37="","Blank",IF(G37="Yes","OK",IF(G37="No","OK","Unreasonable"))) -> OK | S37: =IF(J37=J36+1,"OK","Check") -> OK | T37: =IF(K37="","Blank",IF(K37<0,"Negative",IF(K37>100,"Very High",IF(AND(J37<>18,K37<=K36),"Unreasonable","OK")))) -> OK | V37: =IF(VLOOKUP(C37,$J$4:$J$46,1,0)=C37,"OK","Check") -> OK | X37: Age in Customer and Premium Data
B38: BOWMAN | C38: 24 | D38: M | E38: Vehicle Loan | F38: 12000000 | G38: No | H38: -0.99966653 | J38: 52 | K38: 6.965 | M38: =IF(C38<0,"Negative",IF(C38=0,"Zero",IF(C38>100,"Unreasonably High",IF(C38="","Blank","OK")))) -> OK | N38: =IF(D38="","Blank",IF(D38="F","OK",IF(D38="M","OK","Unreasonable"))) -> OK | O38: =IF(E38="Education Loan","OK",IF(E38="Home Loan","OK",IF(E38="Personal Loan","OK",IF(E38="Vehicle Loan","OK",IF(E38="","Blank","Unreasonable"))))) -> OK | P38: =IF(F38="","Blank",IF(F38<0,"Negative",IF(F38=0,"Zero",IF(F38>10^9,"Very High","OK")))) -> OK | Q38: =IF(G38="","Blank",IF(G38="Yes","OK",IF(G38="No","OK","Unreasonable"))) -> OK | S38: =IF(J38=J37+1,"OK","Check") -> OK | T38: =IF(K38="","Blank",IF(K38<0,"Negative",IF(K38>100,"Very High",IF(AND(J38<>18,K38<=K37),"Unreasonable","OK")))) -> OK | V38: =IF(VLOOKUP(C38,$J$4:$J$46,1,0)=C38,"OK","Check") -> OK | X38: Whether Premium rate for all the customers is available in premium rate table
B39: BOYD | C39: 58 | D39: F | E39: Vehicle Loan | F39: 11000000 | G39: No | H39: 0.43111463 | J39: 53 | K39: 7.139 | M39: =IF(C39<0,"Negative",IF(C39=0,"Zero",IF(C39>100,"Unreasonably High",IF(C39="","Blank","OK")))) -> OK | N39: =IF(D39="","Blank",IF(D39="F","OK",IF(D39="M","OK","Unreasonable"))) -> OK | O39: =IF(E39="Education Loan","OK",IF(E39="Home Loan","OK",IF(E39="Personal Loan","OK",IF(E39="Vehicle Loan","OK",IF(E39="","Blank","Unreasonable"))))) -> OK | P39: =IF(F39="","Blank",IF(F39<0,"Negative",IF(F39=0,"Zero",IF(F39>10^9,"Very High","OK")))) -> OK | Q39: =IF(G39="","Blank",IF(G39="Yes","OK",IF(G39="No","OK","Unreasonable"))) -> OK | S39: =IF(J39=J38+1,"OK","Check") -> OK | T39: =IF(K39="","Blank",IF(K39<0,"Negative",IF(K39>100,"Very High",IF(AND(J39<>18,K39<=K38),"Unreasonable","OK")))) -> OK | V39: =IF(VLOOKUP(C39,$J$4:$J$46,1,0)=C39,"OK","Check") -> OK
B40: BRADLEY | C40: 37 | D40: M | E40: Home Loan | F40: 12000000 | G40: Yes | H40: -0.89902674 | J40: 54 | K40: 7.317 | M40: =IF(C40<0,"Negative",IF(C40=0,"Zero",IF(C40>100,"Unreasonably High",IF(C40="","Blank","OK")))) -> OK | N40: =IF(D40="","Blank",IF(D40="F","OK",IF(D40="M","OK","Unreasonable"))) -> OK | O40: =IF(E40="Education Loan","OK",IF(E40="Home Loan","OK",IF(E40="Personal Loan","OK",IF(E40="Vehicle Loan","OK",IF(E40="","Blank","Unreasonable"))))) -> OK | P40: =IF(F40="","Blank",IF(F40<0,"Negative",IF(F40=0,"Zero",IF(F40>10^9,"Very High","OK")))) -> OK | Q40: =IF(G40="","Blank",IF(G40="Yes","OK",IF(G40="No","OK","Unreasonable"))) -> OK | S40: =IF(J40=J39+1,"OK","Check") -> OK | T40: =IF(K40="","Blank",IF(K40<0,"Negative",IF(K40>100,"Very High",IF(AND(J40<>18,K40<=K39),"Unreasonable","OK")))) -> OK | V40: =IF(VLOOKUP(C40,$J$4:$J$46,1,0)=C40,"OK","Check") -> OK
B41: BREWER | C41: 23 | D41: F | E41: Home Loan | F41: 10000000 | G41: No | H41: 0.42109056 | J41: 55 | K41: 7.5 | M41: =IF(C41<0,"Negative",IF(C41=0,"Zero",IF(C41>100,"Unreasonably High",IF(C41="","Blank","OK")))) -> OK | N41: =IF(D41="","Blank",IF(D41="F","OK",IF(D41="M","OK","Unreasonable"))) -> OK | O41: =IF(E41="Education Loan","OK",IF(E41="Home Loan","OK",IF(E41="Personal Loan","OK",IF(E41="Vehicle Loan","OK",IF(E41="","Blank","Unreasonable"))))) -> OK | P41: =IF(F41="","Blank",IF(F41<0,"Negative",IF(F41=0,"Zero",IF(F41>10^9,"Very High","OK")))) -> OK | Q41: =IF(G41="","Blank",IF(G41="Yes","OK",IF(G41="No","OK","Unreasonable"))) -> OK | S41: =IF(J41=J40+1,"OK","Check") -> OK | T41: =IF(K41="","Blank",IF(K41<0,"Negative",IF(K41>100,"Very High",IF(AND(J41<>18,K41<=K40),"Unreasonable","OK")))) -> OK | V41: =IF(VLOOKUP(C41,$J$4:$J$46,1,0)=C41,"OK","Check") -> OK
B42: BROOKS | C42: 49 | D42: M | E42: Education Loan | F42: 11000000 | G42: No | H42: -1.0014396 | J42: 56 | K42: 7.45 | M42: =IF(C42<0,"Negative",IF(C42=0,"Zero",IF(C42>100,"Unreasonably High",IF(C42="","Blank","OK")))) -> OK | N42: =IF(D42="","Blank",IF(D42="F","OK",IF(D42="M","OK","Unreasonable"))) -> OK | O42: =IF(E42="Education Loan","OK",IF(E42="Home Loan","OK",IF(E42="Personal Loan","OK",IF(E42="Vehicle Loan","OK",IF(E42="","Blank","Unreasonable"))))) -> OK | P42: =IF(F42="","Blank",IF(F42<0,"Negative",IF(F42=0,"Zero",IF(F42>10^9,"Very High","OK")))) -> OK | Q42: =IF(G42="","Blank",IF(G42="Yes","OK",IF(G42="No","OK","Unreasonable"))) -> OK | S42: =IF(J42=J41+1,"OK","Check") -> OK | T42: =IF(K42="","Blank",IF(K42<0,"Negative",IF(K42>100,"Very High",IF(AND(J42<>18,K42<=K41),"Unreasonable","OK")))) -> Unreasonable | V42: =IF(VLOOKUP(C42,$J$4:$J$46,1,0)=C42,"OK","Check") -> OK
B43: BRYANT | C43: 20 | D43: M | E43: Personal Loan | F43: 12000000 | G43: No | H43: 0.27118825 | J43: 57 | K43: 7.88 | M43: =IF(C43<0,"Negative",IF(C43=0,"Zero",IF(C43>100,"Unreasonably High",IF(C43="","Blank","OK")))) -> OK | N43: =IF(D43="","Blank",IF(D43="F","OK",IF(D43="M","OK","Unreasonable"))) -> OK | O43: =IF(E43="Education Loan","OK",IF(E43="Home Loan","OK",IF(E43="Personal Loan","OK",IF(E43="Vehicle Loan","OK",IF(E43="","Blank","Unreasonable"))))) -> OK | P43: =IF(F43="","Blank",IF(F43<0,"Negative",IF(F43=0,"Zero",IF(F43>10^9,"Very High","OK")))) -> OK | Q43: =IF(G43="","Blank",IF(G43="Yes","OK",IF(G43="No","OK","Unreasonable"))) -> OK | S43: =IF(J43=J42+1,"OK","Check") -> OK | T43: =IF(K43="","Blank",IF(K43<0,"Negative",IF(K43>100,"Very High",IF(AND(J43<>18,K43<=K42),"Unreasonable","OK")))) -> OK | V43: =IF(VLOOKUP(C43,$J$4:$J$46,1,0)=C43,"OK","Check") -> OK
B44: BURKE | C44: 25 | D44: M | E44: Home Loan | F44: 13000000 | G44: No | H44: 2.5381062 | J44: 58 | K44: 8.077 | M44: =IF(C44<0,"Negative",IF(C44=0,"Zero",IF(C44>100,"Unreasonably High",IF(C44="","Blank","OK")))) -> OK | N44: =IF(D44="","Blank",IF(D44="F","OK",IF(D44="M","OK","Unreasonable"))) -> OK | O44: =IF(E44="Education Loan","OK",IF(E44="Home Loan","OK",IF(E44="Personal Loan","OK",IF(E44="Vehicle Loan","OK",IF(E44="","Blank","Unreasonable"))))) -> OK | P44: =IF(F44="","Blank",IF(F44<0,"Negative",IF(F44=0,"Zero",IF(F44>10^9,"Very High","OK")))) -> OK | Q44: =IF(G44="","Blank",IF(G44="Yes","OK",IF(G44="No","OK","Unreasonable"))) -> OK | S44: =IF(J44=J43+1,"OK","Check") -> OK | T44: =IF(K44="","Blank",IF(K44<0,"Negative",IF(K44>100,"Very High",IF(AND(J44<>18,K44<=K43),"Unreasonable","OK")))) -> OK | V44: =IF(VLOOKUP(C44,$J$4:$J$46,1,0)=C44,"OK","Check") -> OK
B45: BURNS | C45: 29 | D45: F | E45: Personal Loan | F45: -10000000 | G45: No | H45: -2.2736016 | J45: 59 | K45: 8.279 | M45: =IF(C45<0,"Negative",IF(C45=0,"Zero",IF(C45>100,"Unreasonably High",IF(C45="","Blank","OK")))) -> OK | N45: =IF(D45="","Blank",IF(D45="F","OK",IF(D45="M","OK","Unreasonable"))) -> OK | O45: =IF(E45="Education Loan","OK",IF(E45="Home Loan","OK",IF(E45="Personal Loan","OK",IF(E45="Vehicle Loan","OK",IF(E45="","Blank","Unreasonable"))))) -> OK | P45: =IF(F45="","Blank",IF(F45<0,"Negative",IF(F45=0,"Zero",IF(F45>10^9,"Very High","OK")))) -> Negative | Q45: =IF(G45="","Blank",IF(G45="Yes","OK",IF(G45="No","OK","Unreasonable"))) -> OK | S45: =IF(J45=J44+1,"OK","Check") -> OK | T45: =IF(K45="","Blank",IF(K45<0,"Negative",IF(K45>100,"Very High",IF(AND(J45<>18,K45<=K44),"Unreasonable","OK")))) -> OK | V45: =IF(VLOOKUP(C45,$J$4:$J$46,1,0)=C45,"OK","Check") -> OK
B46: BURTON | C46: 34 | D46: F | E46: Vehicle Loan | F46: 10000000 | G46: No | H46: -1.5533813 | J46: 60 | K46: 8.486 | M46: =IF(C46<0,"Negative",IF(C46=0,"Zero",IF(C46>100,"Unreasonably High",IF(C46="","Blank","OK")))) -> OK | N46: =IF(D46="","Blank",IF(D46="F","OK",IF(D46="M","OK","Unreasonable"))) -> OK | O46: =IF(E46="Education Loan","OK",IF(E46="Home Loan","OK",IF(E46="Personal Loan","OK",IF(E46="Vehicle Loan","OK",IF(E46="","Blank","Unreasonable"))))) -> OK | P46: =IF(F46="","Blank",IF(F46<0,"Negative",IF(F46=0,"Zero",IF(F46>10^9,"Very High","OK")))) -> OK | Q46: =IF(G46="","Blank",IF(G46="Yes","OK",IF(G46="No","OK","Unreasonable"))) -> OK | S46: =IF(J46=J45+1,"OK","Check") -> OK | T46: =IF(K46="","Blank",IF(K46<0,"Negative",IF(K46>100,"Very High",IF(AND(J46<>18,K46<=K45),"Unreasonable","OK")))) -> OK | V46: =IF(VLOOKUP(C46,$J$4:$J$46,1,0)=C46,"OK","Check") -> OK
B47: BUSH | C47: 54 | D47: F | E47: Education Loan | F47: 9000000 | G47: No | H47: -0.69678167 | M47: =IF(C47<0,"Negative",IF(C47=0,"Zero",IF(C47>100,"Unreasonably High",IF(C47="","Blank","OK")))) -> OK | N47: =IF(D47="","Blank",IF(D47="F","OK",IF(D47="M","OK","Unreasonable"))) -> OK | O47: =IF(E47="Education Loan","OK",IF(E47="Home Loan","OK",IF(E47="Personal Loan","OK",IF(E47="Vehicle Loan","OK",IF(E47="","Blank","Unreasonable"))))) -> OK | P47: =IF(F47="","Blank",IF(F47<0,"Negative",IF(F47=0,"Zero",IF(F47>10^9,"Very High","OK")))) -> OK | Q47: =IF(G47="","Blank",IF(G47="Yes","OK",IF(G47="No","OK","Unreasonable"))) -> OK | V47: =IF(VLOOKUP(C47,$J$4:$J$46,1,0)=C47,"OK","Check") -> OK
B48: BUTLER | C48: 55 | D48: M | E48: Education Loan | F48: 9000000 | G48: No | H48: -0.16145025 | M48: =IF(C48<0,"Negative",IF(C48=0,"Zero",IF(C48>100,"Unreasonably High",IF(C48="","Blank","OK")))) -> OK | N48: =IF(D48="","Blank",IF(D48="F","OK",IF(D48="M","OK","Unreasonable"))) -> OK | O48: =IF(E48="Education Loan","OK",IF(E48="Home Loan","OK",IF(E48="Personal Loan","OK",IF(E48="Vehicle Loan","OK",IF(E48="","Blank","Unreasonable"))))) -> OK | P48: =IF(F48="","Blank",IF(F48<0,"Negative",IF(F48=0,"Zero",IF(F48>10^9,"Very High","OK")))) -> OK | Q48: =IF(G48="","Blank",IF(G48="Yes","OK",IF(G48="No","OK","Unreasonable"))) -> OK | V48: =IF(VLOOKUP(C48,$J$4:$J$46,1,0)=C48,"OK","Check") -> OK
B49: BYRD | C49: 35 | D49: F | E49: Education Loan | F49: 8000000 | G49: No | H49: 1.1514516 | M49: =IF(C49<0,"Negative",IF(C49=0,"Zero",IF(C49>100,"Unreasonably High",IF(C49="","Blank","OK")))) -> OK | N49: =IF(D49="","Blank",IF(D49="F","OK",IF(D49="M","OK","Unreasonable"))) -> OK | O49: =IF(E49="Education Loan","OK",IF(E49="Home Loan","OK",IF(E49="Personal Loan","OK",IF(E49="Vehicle Loan","OK",IF(E49="","Blank","Unreasonable"))))) -> OK | P49: =IF(F49="","Blank",IF(F49<0,"Negative",IF(F49=0,"Zero",IF(F49>10^9,"Very High","OK")))) -> OK | Q49: =IF(G49="","Blank",IF(G49="Yes","OK",IF(G49="No","OK","Unreasonable"))) -> OK | V49: =IF(VLOOKUP(C49,$J$4:$J$46,1,0)=C49,"OK","Check") -> OK
B50: CABRERA | C50: 25 | D50: M | E50: Education Loan | F50: 9000000 | G50: No | H50: 0.74526237 | M50: =IF(C50<0,"Negative",IF(C50=0,"Zero",IF(C50>100,"Unreasonably High",IF(C50="","Blank","OK")))) -> OK | N50: =IF(D50="","Blank",IF(D50="F","OK",IF(D50="M","OK","Unreasonable"))) -> OK | O50: =IF(E50="Education Loan","OK",IF(E50="Home Loan","OK",IF(E50="Personal Loan","OK",IF(E50="Vehicle Loan","OK",IF(E50="","Blank","Unreasonable"))))) -> OK | P50: =IF(F50="","Blank",IF(F50<0,"Negative",IF(F50=0,"Zero",IF(F50>10^9,"Very High","OK")))) -> OK | Q50: =IF(G50="","Blank",IF(G50="Yes","OK",IF(G50="No","OK","Unreasonable"))) -> OK | V50: =IF(VLOOKUP(C50,$J$4:$J$46,1,0)=C50,"OK","Check") -> OK
B51: CALDWELL | C51: 34 | D51: F | E51: Home Loan | F51: 11000000 | G51: No | H51: -1.9679367 | M51: =IF(C51<0,"Negative",IF(C51=0,"Zero",IF(C51>100,"Unreasonably High",IF(C51="","Blank","OK")))) -> OK | N51: =IF(D51="","Blank",IF(D51="F","OK",IF(D51="M","OK","Unreasonable"))) -> OK | O51: =IF(E51="Education Loan","OK",IF(E51="Home Loan","OK",IF(E51="Personal Loan","OK",IF(E51="Vehicle Loan","OK",IF(E51="","Blank","Unreasonable"))))) -> OK | P51: =IF(F51="","Blank",IF(F51<0,"Negative",IF(F51=0,"Zero",IF(F51>10^9,"Very High","OK")))) -> OK | Q51: =IF(G51="","Blank",IF(G51="Yes","OK",IF(G51="No","OK","Unreasonable"))) -> OK | V51: =IF(VLOOKUP(C51,$J$4:$J$46,1,0)=C51,"OK","Check") -> OK
B52: CAMPBELL | C52: 24 | D52: F | E52: Home Loan | F52: 11000000 | G52: No | H52: 0.71643183 | M52: =IF(C52<0,"Negative",IF(C52=0,"Zero",IF(C52>100,"Unreasonably High",IF(C52="","Blank","OK")))) -> OK | N52: =IF(D52="","Blank",IF(D52="F","OK",IF(D52="M","OK","Unreasonable"))) -> OK | O52: =IF(E52="Education Loan","OK",IF(E52="Home Loan","OK",IF(E52="Personal Loan","OK",IF(E52="Vehicle Loan","OK",IF(E52="","Blank","Unreasonable"))))) -> OK | P52: =IF(F52="","Blank",IF(F52<0,"Negative",IF(F52=0,"Zero",IF(F52>10^9,"Very High","OK")))) -> OK | Q52: =IF(G52="","Blank",IF(G52="Yes","OK",IF(G52="No","OK","Unreasonable"))) -> OK | V52: =IF(VLOOKUP(C52,$J$4:$J$46,1,0)=C52,"OK","Check") -> OK
B53: CAMPOS | C53: 45 | D53: M | E53: Education Loan | F53: 9000000 | G53: No | H53: -0.056839989 | M53: =IF(C53<0,"Negative",IF(C53=0,"Zero",IF(C53>100,"Unreasonably High",IF(C53="","Blank","OK")))) -> OK | N53: =IF(D53="","Blank",IF(D53="F","OK",IF(D53="M","OK","Unreasonable"))) -> OK | O53: =IF(E53="Education Loan","OK",IF(E53="Home Loan","OK",IF(E53="Personal Loan","OK",IF(E53="Vehicle Loan","OK",IF(E53="","Blank","Unreasonable"))))) -> OK | P53: =IF(F53="","Blank",IF(F53<0,"Negative",IF(F53=0,"Zero",IF(F53>10^9,"Very High","OK")))) -> OK | Q53: =IF(G53="","Blank",IF(G53="Yes","OK",IF(G53="No","OK","Unreasonable"))) -> OK | V53: =IF(VLOOKUP(C53,$J$4:$J$46,1,0)=C53,"OK","Check") -> OK
B54: CARLSON | C54: 22 | D54: F | E54: Personal Loan | F54: 9000000 | G54: No | H54: 0.45910489 | M54: =IF(C54<0,"Negative",IF(C54=0,"Zero",IF(C54>100,"Unreasonably High",IF(C54="","Blank","OK")))) -> OK | N54: =IF(D54="","Blank",IF(D54="F","OK",IF(D54="M","OK","Unreasonable"))) -> OK | O54: =IF(E54="Education Loan","OK",IF(E54="Home Loan","OK",IF(E54="Personal Loan","OK",IF(E54="Vehicle Loan","OK",IF(E54="","Blank","Unreasonable"))))) -> OK | P54: =IF(F54="","Blank",IF(F54<0,"Negative",IF(F54=0,"Zero",IF(F54>10^9,"Very High","OK")))) -> OK | Q54: =IF(G54="","Blank",IF(G54="Yes","OK",IF(G54="No","OK","Unreasonable"))) -> OK | V54: =IF(VLOOKUP(C54,$J$4:$J$46,1,0)=C54,"OK","Check") -> OK
B55: CARPENTER | C55: 43 | D55: F | E55: Personal Loan | F55: 12000000 | G55: No | H55: -0.35611522 | M55: =IF(C55<0,"Negative",IF(C55=0,"Zero",IF(C55>100,"Unreasonably High",IF(C55="","Blank","OK")))) -> OK | N55: =IF(D55="","Blank",IF(D55="F","OK",IF(D55="M","OK","Unreasonable"))) -> OK | O55: =IF(E55="Education Loan","OK",IF(E55="Home Loan","OK",IF(E55="Personal Loan","OK",IF(E55="Vehicle Loan","OK",IF(E55="","Blank","Unreasonable"))))) -> OK | P55: =IF(F55="","Blank",IF(F55<0,"Negative",IF(F55=0,"Zero",IF(F55>10^9,"Very High","OK")))) -> OK | Q55: =IF(G55="","Blank",IF(G55="Yes","OK",IF(G55="No","OK","Unreasonable"))) -> OK | V55: =IF(VLOOKUP(C55,$J$4:$J$46,1,0)=C55,"OK","Check") -> OK
B56: CARR | C56: 55 | D56: F | E56: Personal Loan | F56: 13000000 | G56: No | H56: 0.0018422795 | M56: =IF(C56<0,"Negative",IF(C56=0,"Zero",IF(C56>100,"Unreasonably High",IF(C56="","Blank","OK")))) -> OK | N56: =IF(D56="","Blank",IF(D56="F","OK",IF(D56="M","OK","Unreasonable"))) -> OK | O56: =IF(E56="Education Loan","OK",IF(E56="Home Loan","OK",IF(E56="Personal Loan","OK",IF(E56="Vehicle Loan","OK",IF(E56="","Blank","Unreasonable"))))) -> OK | P56: =IF(F56="","Blank",IF(F56<0,"Negative",IF(F56=0,"Zero",IF(F56>10^9,"Very High","OK")))) -> OK | Q56: =IF(G56="","Blank",IF(G56="Yes","OK",IF(G56="No","OK","Unreasonable"))) -> OK | V56: =IF(VLOOKUP(C56,$J$4:$J$46,1,0)=C56,"OK","Check") -> OK
B57: CARRILLO | C57: 23 | D57: F | E57: Education Loan | F57: 10000000 | G57: No | H57: -0.67080322 | M57: =IF(C57<0,"Negative",IF(C57=0,"Zero",IF(C57>100,"Unreasonably High",IF(C57="","Blank","OK")))) -> OK | N57: =IF(D57="","Blank",IF(D57="F","OK",IF(D57="M","OK","Unreasonable"))) -> OK | O57: =IF(E57="Education Loan","OK",IF(E57="Home Loan","OK",IF(E57="Personal Loan","OK",IF(E57="Vehicle Loan","OK",IF(E57="","Blank","Unreasonable"))))) -> OK | P57: =IF(F57="","Blank",IF(F57<0,"Negative",IF(F57=0,"Zero",IF(F57>10^9,"Very High","OK")))) -> OK | Q57: =IF(G57="","Blank",IF(G57="Yes","OK",IF(G57="No","OK","Unreasonable"))) -> OK | V57: =IF(VLOOKUP(C57,$J$4:$J$46,1,0)=C57,"OK","Check") -> OK
B58: CARROLL | C58: 60 | D58: F | E58: Vehicle Loan | F58: 9000000 | G58: No | H58: -1.1167234 | M58: =IF(C58<0,"Negative",IF(C58=0,"Zero",IF(C58>100,"Unreasonably High",IF(C58="","Blank","OK")))) -> OK | N58: =IF(D58="","Blank",IF(D58="F","OK",IF(D58="M","OK","Unreasonable"))) -> OK | O58: =IF(E58="Education Loan","OK",IF(E58="Home Loan","OK",IF(E58="Personal Loan","OK",IF(E58="Vehicle Loan","OK",IF(E58="","Blank","Unreasonable"))))) -> OK | P58: =IF(F58="","Blank",IF(F58<0,"Negative",IF(F58=0,"Zero",IF(F58>10^9,"Very High","OK")))) -> OK | Q58: =IF(G58="","Blank",IF(G58="Yes","OK",IF(G58="No","OK","Unreasonable"))) -> OK | V58: =IF(VLOOKUP(C58,$J$4:$J$46,1,0)=C58,"OK","Check") -> OK
... B63: CHAMBERS | C63: 30 | D63: F | E63: Education Loan | F63: 14000000 | G63: No | H63: -0.12183251 | M63: =IF(C63<0,"Negative",IF(C63=0,"Zero",IF(C63>100,"Unreasonably High",IF(C63="","Blank","OK")))) -> OK | N63: =IF(D63="","Blank",IF(D63="F","OK",IF(D63="M","OK","Unreasonable"))) -> OK | O63: =IF(E63="Education Loan","OK",IF(E63="Home Loan","OK",IF(E63="Personal Loan","OK",IF(E63="Vehicle Loan","OK",IF(E63="","Blank","Unreasonable"))))) -> OK | P63: =IF(F63="","Blank",IF(F63<0,"Negative",IF(F63=0,"Zero",IF(F63>10^9,"Very High","OK")))) -> OK | Q63: =IF(G63="","Blank",IF(G63="Yes","OK",IF(G63="No","OK","Unreasonable"))) -> OK | V63: =IF(VLOOKUP(C63,$J$4:$J$46,1,0)=C63,"OK","Check") -> OK
B64: CHANDLER | C64: 50 | D64: M | E64: Vehicle Loan | G64: No | H64: 0.36101343 | M64: =IF(C64<0,"Negative",IF(C64=0,"Zero",IF(C64>100,"Unreasonably High",IF(C64="","Blank","OK")))) -> OK | N64: =IF(D64="","Blank",IF(D64="F","OK",IF(D64="M","OK","Unreasonable"))) -> OK | O64: =IF(E64="Education Loan","OK",IF(E64="Home Loan","OK",IF(E64="Personal Loan","OK",IF(E64="Vehicle Loan","OK",IF(E64="","Blank","Unreasonable"))))) -> OK | P64: =IF(F64="","Blank",IF(F64<0,"Negative",IF(F64=0,"Zero",IF(F64>10^9,"Very High","OK")))) -> Blank | Q64: =IF(G64="","Blank",IF(G64="Yes","OK",IF(G64="No","OK","Unreasonable"))) -> OK | V64: =IF(VLOOKUP(C64,$J$4:$J$46,1,0)=C64,"OK","Check") -> OK
B65: CHANG | C65: 23 | D65: X | E65: Personal Loan | F65: 13000000 | G65: No | H65: 0.83550313 | M65: =IF(C65<0,"Negative",IF(C65=0,"Zero",IF(C65>100,"Unreasonably High",IF(C65="","Blank","OK")))) -> OK | N65: =IF(D65="","Blank",IF(D65="F","OK",IF(D65="M","OK","Unreasonable"))) -> Unreasonable | O65: =IF(E65="Education Loan","OK",IF(E65="Home Loan","OK",IF(E65="Personal Loan","OK",IF(E65="Vehicle Loan","OK",IF(E65="","Blank","Unreasonable"))))) -> OK | P65: =IF(F65="","Blank",IF(F65<0,"Negative",IF(F65=0,"Zero",IF(F65>10^9,"Very High","OK")))) -> OK | Q65: =IF(G65="","Blank",IF(G65="Yes","OK",IF(G65="No","OK","Unreasonable"))) -> OK | V65: =IF(VLOOKUP(C65,$J$4:$J$46,1,0)=C65,"OK","Check") -> OK
B66: CHAPMAN | C66: 58 | D66: M | E66: Home Loan | F66: 14000000 | G66: No | H66: -1.2987025 | M66: =IF(C66<0,"Negative",IF(C66=0,"Zero",IF(C66>100,"Unreasonably High",IF(C66="","Blank","OK")))) -> OK | N66: =IF(D66="","Blank",IF(D66="F","OK",IF(D66="M","OK","Unreasonable"))) -> OK | O66: =IF(E66="Education Loan","OK",IF(E66="Home Loan","OK",IF(E66="Personal Loan","OK",IF(E66="Vehicle Loan","OK",IF(E66="","Blank","Unreasonable"))))) -> OK | P66: =IF(F66="","Blank",IF(F66<0,"Negative",IF(F66=0,"Zero",IF(F66>10^9,"Very High","OK")))) -> OK | Q66: =IF(G66="","Blank",IF(G66="Yes","OK",IF(G66="No","OK","Unreasonable"))) -> OK | V66: =IF(VLOOKUP(C66,$J$4:$J$46,1,0)=C66,"OK","Check") -> OK
B67: CHAVEZ | C67: 56 | D67: M | E67: Home Loan | F67: 12000000 | G67: No | H67: -0.20903259 | M67: =IF(C67<0,"Negative",IF(C67=0,"Zero",IF(C67>100,"Unreasonably High",IF(C67="","Blank","OK")))) -> OK | N67: =IF(D67="","Blank",IF(D67="F","OK",IF(D67="M","OK","Unreasonable"))) -> OK | O67: =IF(E67="Education Loan","OK",IF(E67="Home Loan","OK",IF(E67="Personal Loan","OK",IF(E67="Vehicle Loan","OK",IF(E67="","Blank","Unreasonable"))))) -> OK | P67: =IF(F67="","Blank",IF(F67<0,"Negative",IF(F67=0,"Zero",IF(F67>10^9,"Very High","OK")))) -> OK | Q67: =IF(G67="","Blank",IF(G67="Yes","OK",IF(G67="No","OK","Unreasonable"))) -> OK | V67: =IF(VLOOKUP(C67,$J$4:$J$46,1,0)=C67,"OK","Check") -> OK
B68: CHEN | C68: 44 | D68: F | E68: Education Loan | F68: 11000000 | G68: No | H68: -0.59877466 | M68: =IF(C68<0,"Negative",IF(C68=0,"Zero",IF(C68>100,"Unreasonably High",IF(C68="","Blank","OK")))) -> OK | N68: =IF(D68="","Blank",IF(D68="F","OK",IF(D68="M","OK","Unreasonable"))) -> OK | O68: =IF(E68="Education Loan","OK",IF(E68="Home Loan","OK",IF(E68="Personal Loan","OK",IF(E68="Vehicle Loan","OK",IF(E68="","Blank","Unreasonable"))))) -> OK | P68: =IF(F68="","Blank",IF(F68<0,"Negative",IF(F68=0,"Zero",IF(F68>10^9,"Very High","OK")))) -> OK | Q68: =IF(G68="","Blank",IF(G68="Yes","OK",IF(G68="No","OK","Unreasonable"))) -> OK | V68: =IF(VLOOKUP(C68,$J$4:$J$46,1,0)=C68,"OK","Check") -> OK
B69: CLARK | C69: 21 | D69: F | E69: Home Loan | F69: 14000000 | G69: No | H69: -0.24097019 | M69: =IF(C69<0,"Negative",IF(C69=0,"Zero",IF(C69>100,"Unreasonably High",IF(C69="","Blank","OK")))) -> OK | N69: =IF(D69="","Blank",IF(D69="F","OK",IF(D69="M","OK","Unreasonable"))) -> OK | O69: =IF(E69="Education Loan","OK",IF(E69="Home Loan","OK",IF(E69="Personal Loan","OK",IF(E69="Vehicle Loan","OK",IF(E69="","Blank","Unreasonable"))))) -> OK | P69: =IF(F69="","Blank",IF(F69<0,"Negative",IF(F69=0,"Zero",IF(F69>10^9,"Very High","OK")))) -> OK | Q69: =IF(G69="","Blank",IF(G69="Yes","OK",IF(G69="No","OK","Unreasonable"))) -> OK | V69: =IF(VLOOKUP(C69,$J$4:$J$46,1,0)=C69,"OK","Check") -> OK
B70: COHEN | C70: 39 | D70: M | E70: Education Loan | F70: 9000000 | G70: No | H70: -0.67099213 | M70: =IF(C70<0,"Negative",IF(C70=0,"Zero",IF(C70>100,"Unreasonably High",IF(C70="","Blank","OK")))) -> OK | N70: =IF(D70="","Blank",IF(D70="F","OK",IF(D70="M","OK","Unreasonable"))) -> OK | O70: =IF(E70="Education Loan","OK",IF(E70="Home Loan","OK",IF(E70="Personal Loan","OK",IF(E70="Vehicle Loan","OK",IF(E70="","Blank","Unreasonable"))))) -> OK | P70: =IF(F70="","Blank",IF(F70<0,"Negative",IF(F70=0,"Zero",IF(F70>10^9,"Very High","OK")))) -> OK | Q70: =IF(G70="","Blank",IF(G70="Yes","OK",IF(G70="No","OK","Unreasonable"))) -> OK | V70: =IF(VLOOKUP(C70,$J$4:$J$46,1,0)=C70,"OK","Check") -> OK
B71: COLE | C71: 54 | D71: M | E71: Home Loan | F71: 12000000 | G71: No | H71: 1.1334103 | M71: =IF(C71<0,"Negative",IF(C71=0,"Zero",IF(C71>100,"Unreasonably High",IF(C71="","Blank","OK")))) -> OK | N71: =IF(D71="","Blank",IF(D71="F","OK",IF(D71="M","OK","Unreasonable"))) -> OK | O71: =IF(E71="Education Loan","OK",IF(E71="Home Loan","OK",IF(E71="Personal Loan","OK",IF(E71="Vehicle Loan","OK",IF(E71="","Blank","Unreasonable"))))) -> OK | P71: =IF(F71="","Blank",IF(F71<0,"Negative",IF(F71=0,"Zero",IF(F71>10^9,"Very High","OK")))) -> OK | Q71: =IF(G71="","Blank",IF(G71="Yes","OK",IF(G71="No","OK","Unreasonable"))) -> OK | V71: =IF(VLOOKUP(C71,$J$4:$J$46,1,0)=C71,"OK","Check") -> OK
B72: COLEMAN | C72: 28 | D72: M | E72: Education Loan | F72: 8000000 | G72: No | H72: -0.81702183 | M72: =IF(C72<0,"Negative",IF(C72=0,"Zero",IF(C72>100,"Unreasonably High",IF(C72="","Blank","OK")))) -> OK | N72: =IF(D72="","Blank",IF(D72="F","OK",IF(D72="M","OK","Unreasonable"))) -> OK | O72: =IF(E72="Education Loan","OK",IF(E72="Home Loan","OK",IF(E72="Personal Loan","OK",IF(E72="Vehicle Loan","OK",IF(E72="","Blank","Unreasonable"))))) -> OK | P72: =IF(F72="","Blank",IF(F72<0,"Negative",IF(F72=0,"Zero",IF(F72>10^9,"Very High","OK")))) -> OK | Q72: =IF(G72="","Blank",IF(G72="Yes","OK",IF(G72="No","OK","Unreasonable"))) -> OK | V72: =IF(VLOOKUP(C72,$J$4:$J$46,1,0)=C72,"OK","Check") -> OK
B73: COLLINS | C73: 47 | D73: F | E73: Home Loan | F73: 8000000 | G73: No | H73: 0.6862601 | M73: =IF(C73<0,"Negative",IF(C73=0,"Zero",IF(C73>100,"Unreasonably High",IF(C73="","Blank","OK")))) -> OK | N73: =IF(D73="","Blank",IF(D73="F","OK",IF(D73="M","OK","Unreasonable"))) -> OK | O73: =IF(E73="Education Loan","OK",IF(E73="Home Loan","OK",IF(E73="Personal Loan","OK",IF(E73="Vehicle Loan","OK",IF(E73="","Blank","Unreasonable"))))) -> OK | P73: =IF(F73="","Blank",IF(F73<0,"Negative",IF(F73=0,"Zero",IF(F73>10^9,"Very High","OK")))) -> OK | Q73: =IF(G73="","Blank",IF(G73="Yes","OK",IF(G73="No","OK","Unreasonable"))) -> OK | V73: =IF(VLOOKUP(C73,$J$4:$J$46,1,0)=C73,"OK","Check") -> OK
B74: CONTRERAS | C74: 45 | D74: F | E74: Home Loan | F74: 9000000 | G74: No | H74: -0.1809433 | M74: =IF(C74<0,"Negative",IF(C74=0,"Zero",IF(C74>100,"Unreasonably High",IF(C74="","Blank","OK")))) -> OK | N74: =IF(D74="","Blank",IF(D74="F","OK",IF(D74="M","OK","Unreasonable"))) -> OK | O74: =IF(E74="Education Loan","OK",IF(E74="Home Loan","OK",IF(E74="Personal Loan","OK",IF(E74="Vehicle Loan","OK",IF(E74="","Blank","Unreasonable"))))) -> OK | P74: =IF(F74="","Blank",IF(F74<0,"Negative",IF(F74=0,"Zero",IF(F74>10^9,"Very High","OK")))) -> OK | Q74: =IF(G74="","Blank",IF(G74="Yes","OK",IF(G74="No","OK","Unreasonable"))) -> OK | V74: =IF(VLOOKUP(C74,$J$4:$J$46,1,0)=C74,"OK","Check") -> OK
B75: COOK | C75: 19 | D75: F | E75: Education Loan | F75: 11000000 | G75: No | H75: -1.9148717 | M75: =IF(C75<0,"Negative",IF(C75=0,"Zero",IF(C75>100,"Unreasonably High",IF(C75="","Blank","OK")))) -> OK | N75: =IF(D75="","Blank",IF(D75="F","OK",IF(D75="M","OK","Unreasonable"))) -> OK | O75: =IF(E75="Education Loan","OK",IF(E75="Home Loan","OK",IF(E75="Personal Loan","OK",IF(E75="Vehicle Loan","OK",IF(E75="","Blank","Unreasonable"))))) -> OK | P75: =IF(F75="","Blank",IF(F75<0,"Negative",IF(F75=0,"Zero",IF(F75>10^9,"Very High","OK")))) -> OK | Q75: =IF(G75="","Blank",IF(G75="Yes","OK",IF(G75="No","OK","Unreasonable"))) -> OK | V75: =IF(VLOOKUP(C75,$J$4:$J$46,1,0)=C75,"OK","Check") -> OK
B76: COOPER | C76: 24 | D76: M | E76: Education Loan | F76: 12000000 | G76: No | H76: 0.0050680308 | M76: =IF(C76<0,"Negative",IF(C76=0,"Zero",IF(C76>100,"Unreasonably High",IF(C76="","Blank","OK")))) -> OK | N76: =IF(D76="","Blank",IF(D76="F","OK",IF(D76="M","OK","Unreasonable"))) -> OK | O76: =IF(E76="Education Loan","OK",IF(E76="Home Loan","OK",IF(E76="Personal Loan","OK",IF(E76="Vehicle Loan","OK",IF(E76="","Blank","Unreasonable"))))) -> OK | P76: =IF(F76="","Blank",IF(F76<0,"Negative",IF(F76=0,"Zero",IF(F76>10^9,"Very High","OK")))) -> OK | Q76: =IF(G76="","Blank",IF(G76="Yes","OK",IF(G76="No","OK","Unreasonable"))) -> OK | V76: =IF(VLOOKUP(C76,$J$4:$J$46,1,0)=C76,"OK","Check") -> OK
B77: CORTEZ | C77: 44 | D77: M | E77: Home Loan | F77: 10000000 | H77: 1.142557 | M77: =IF(C77<0,"Negative",IF(C77=0,"Zero",IF(C77>100,"Unreasonably High",IF(C77="","Blank","OK")))) -> OK | N77: =IF(D77="","Blank",IF(D77="F","OK",IF(D77="M","OK","Unreasonable"))) -> OK | O77: =IF(E77="Education Loan","OK",IF(E77="Home Loan","OK",IF(E77="Personal Loan","OK",IF(E77="Vehicle Loan","OK",IF(E77="","Blank","Unreasonable"))))) -> OK | P77: =IF(F77="","Blank",IF(F77<0,"Negative",IF(F77=0,"Zero",IF(F77>10^9,"Very High","OK")))) -> OK | Q77: =IF(G77="","Blank",IF(G77="Yes","OK",IF(G77="No","OK","Unreasonable"))) -> Blank | V77: =IF(VLOOKUP(C77,$J$4:$J$46,1,0)=C77,"OK","Check") -> OK
B78: COX | C78: 18 | D78: F | E78: Vehicle Loan | F78: 10000000 | G78: No | H78: 0.052044983 | M78: =IF(C78<0,"Negative",IF(C78=0,"Zero",IF(C78>100,"Unreasonably High",IF(C78="","Blank","OK")))) -> OK | N78: =IF(D78="","Blank",IF(D78="F","OK",IF(D78="M","OK","Unreasonable"))) -> OK | O78: =IF(E78="Education Loan","OK",IF(E78="Home Loan","OK",IF(E78="Personal Loan","OK",IF(E78="Vehicle Loan","OK",IF(E78="","Blank","Unreasonable"))))) -> OK | P78: =IF(F78="","Blank",IF(F78<0,"Negative",IF(F78=0,"Zero",IF(F78>10^9,"Very High","OK")))) -> OK | Q78: =IF(G78="","Blank",IF(G78="Yes","OK",IF(G78="No","OK","Unreasonable"))) -> OK | V78: =IF(VLOOKUP(C78,$J$4:$J$46,1,0)=C78,"OK","Check") -> OK
B79: CRAIG | C79: 51 | D79: F | E79: Education Loan | F79: 14000000 | G79: No | H79: 0.16358315 | M79: =IF(C79<0,"Negative",IF(C79=0,"Zero",IF(C79>100,"Unreasonably High",IF(C79="","Blank","OK")))) -> OK | N79: =IF(D79="","Blank",IF(D79="F","OK",IF(D79="M","OK","Unreasonable"))) -> OK | O79: =IF(E79="Education Loan","OK",IF(E79="Home Loan","OK",IF(E79="Personal Loan","OK",IF(E79="Vehicle Loan","OK",IF(E79="","Blank","Unreasonable"))))) -> OK | P79: =IF(F79="","Blank",IF(F79<0,"Negative",IF(F79=0,"Zero",IF(F79>10^9,"Very High","OK")))) -> OK | Q79: =IF(G79="","Blank",IF(G79="Yes","OK",IF(G79="No","OK","Unreasonable"))) -> OK | V79: =IF(VLOOKUP(C79,$J$4:$J$46,1,0)=C79,"OK","Check") -> OK
B80: CRAWFORD | C80: 27 | D80: M | E80: Home Loan | F80: 9000000 | G80: No | H80: 0.26880607 | M80: =IF(C80<0,"Negative",IF(C80=0,"Zero",IF(C80>100,"Unreasonably High",IF(C80="","Blank","OK")))) -> OK | N80: =IF(D80="","Blank",IF(D80="F","OK",IF(D80="M","OK","Unreasonable"))) -> OK | O80: =IF(E80="Education Loan","OK",IF(E80="Home Loan","OK",IF(E80="Personal Loan","OK",IF(E80="Vehicle Loan","OK",IF(E80="","Blank","Unreasonable"))))) -> OK | P80: =IF(F80="","Blank",IF(F80<0,"Negative",IF(F80=0,"Zero",IF(F80>10^9,"Very High","OK")))) -> OK | Q80: =IF(G80="","Blank",IF(G80="Yes","OK",IF(G80="No","OK","Unreasonable"))) -> OK | V80: =IF(VLOOKUP(C80,$J$4:$J$46,1,0)=C80,"OK","Check") -> OK
B81: CRUZ | C81: 46 | D81: F | E81: Vehicle Loan | F81: 10000000 | G81: No | H81: -0.89709893 | M81: =IF(C81<0,"Negative",IF(C81=0,"Zero",IF(C81>100,"Unreasonably High",IF(C81="","Blank","OK")))) -> OK | N81: =IF(D81="","Blank",IF(D81="F","OK",IF(D81="M","OK","Unreasonable"))) -> OK | O81: =IF(E81="Education Loan","OK",IF(E81="Home Loan","OK",IF(E81="Personal Loan","OK",IF(E81="Vehicle Loan","OK",IF(E81="","Blank","Unreasonable"))))) -> OK | P81: =IF(F81="","Blank",IF(F81<0,"Negative",IF(F81=0,"Zero",IF(F81>10^9,"Very High","OK")))) -> OK | Q81: =IF(G81="","Blank",IF(G81="Yes","OK",IF(G81="No","OK","Unreasonable"))) -> OK | V81: =IF(VLOOKUP(C81,$J$4:$J$46,1,0)=C81,"OK","Check") -> OK
B82: CUMMINGS | C82: 27 | D82: M | E82: Home Loan | F82: 12000000 | G82: No | H82: -1.2461648 | M82: =IF(C82<0,"Negative",IF(C82=0,"Zero",IF(C82>100,"Unreasonably High",IF(C82="","Blank","OK")))) -> OK | N82: =IF(D82="","Blank",IF(D82="F","OK",IF(D82="M","OK","Unreasonable"))) -> OK | O82: =IF(E82="Education Loan","OK",IF(E82="Home Loan","OK",IF(E82="Personal Loan","OK",IF(E82="Vehicle Loan","OK",IF(E82="","Blank","Unreasonable"))))) -> OK | P82: =IF(F82="","Blank",IF(F82<0,"Negative",IF(F82=0,"Zero",IF(F82>10^9,"Very High","OK")))) -> OK | Q82: =IF(G82="","Blank",IF(G82="Yes","OK",IF(G82="No","OK","Unreasonable"))) -> OK | V82: =IF(VLOOKUP(C82,$J$4:$J$46,1,0)=C82,"OK","Check") -> OK
B83: CUNNINGHAM | C83: 22 | D83: F | E83: Education Loan | F83: 13000000 | G83: No | H83: 0.34924665 | M83: =IF(C83<0,"Negative",IF(C83=0,"Zero",IF(C83>100,"Unreasonably High",IF(C83="","Blank","OK")))) -> OK | N83: =IF(D83="","Blank",IF(D83="F","OK",IF(D83="M","OK","Unreasonable"))) -> OK | O83: =IF(E83="Education Loan","OK",IF(E83="Home Loan","OK",IF(E83="Personal Loan","OK",IF(E83="Vehicle Loan","OK",IF(E83="","Blank","Unreasonable"))))) -> OK | P83: =IF(F83="","Blank",IF(F83<0,"Negative",IF(F83=0,"Zero",IF(F83>10^9,"Very High","OK")))) -> OK | Q83: =IF(G83="","Blank",IF(G83="Yes","OK",IF(G83="No","OK","Unreasonable"))) -> OK | V83: =IF(VLOOKUP(C83,$J$4:$J$46,1,0)=C83,"OK","Check") -> OK
B84: CURTIS | C84: 37 | D84: M | E84: Vehicle Loan | F84: 10000000 | G84: No | H84: -0.42363708 | M84: =IF(C84<0,"Negative",IF(C84=0,"Zero",IF(C84>100,"Unreasonably High",IF(C84="","Blank","OK")))) -> OK | N84: =IF(D84="","Blank",IF(D84="F","OK",IF(D84="M","OK","Unreasonable"))) -> OK | O84: =IF(E84="Education Loan","OK",IF(E84="Home Loan","OK",IF(E84="Personal Loan","OK",IF(E84="Vehicle Loan","OK",IF(E84="","Blank","Unreasonable"))))) -> OK | P84: =IF(F84="","Blank",IF(F84<0,"Negative",IF(F84=0,"Zero",IF(F84>10^9,"Very High","OK")))) -> OK | Q84: =IF(G84="","Blank",IF(G84="Yes","OK",IF(G84="No","OK","Unreasonable"))) -> OK | V84: =IF(VLOOKUP(C84,$J$4:$J$46,1,0)=C84,"OK","Check") -> OK
B85: DANIEL | C85: 43 | D85: F | E85: Personal Loan | F85: 11000000 | G85: No | H85: 1.3147014 | M85: =IF(C85<0,"Negative",IF(C85=0,"Zero",IF(C85>100,"Unreasonably High",IF(C85="","Blank","OK")))) -> OK | N85: =IF(D85="","Blank",IF(D85="F","OK",IF(D85="M","OK","Unreasonable"))) -> OK | O85: =IF(E85="Education Loan","OK",IF(E85="Home Loan","OK",IF(E85="Personal Loan","OK",IF(E85="Vehicle Loan","OK",IF(E85="","Blank","Unreasonable"))))) -> OK | P85: =IF(F85="","Blank",IF(F85<0,"Negative",IF(F85=0,"Zero",IF(F85>10^9,"Very High","OK")))) -> OK | Q85: =IF(G85="","Blank",IF(G85="Yes","OK",IF(G85="No","OK","Unreasonable"))) -> OK | V85: =IF(VLOOKUP(C85,$J$4:$J$46,1,0)=C85,"OK","Check") -> OK
B86: DANIELS | C86: 60 | D86: M | E86: Personal Loan | F86: 13000000 | G86: No | H86: 1.0073151 | M86: =IF(C86<0,"Negative",IF(C86=0,"Zero",IF(C86>100,"Unreasonably High",IF(C86="","Blank","OK")))) -> OK | N86: =IF(D86="","Blank",IF(D86="F","OK",IF(D86="M","OK","Unreasonable"))) -> OK | O86: =IF(E86="Education Loan","OK",IF(E86="Home Loan","OK",IF(E86="Personal Loan","OK",IF(E86="Vehicle Loan","OK",IF(E86="","Blank","Unreasonable"))))) -> OK | P86: =IF(F86="","Blank",IF(F86<0,"Negative",IF(F86=0,"Zero",IF(F86>10^9,"Very High","OK")))) -> OK | Q86: =IF(G86="","Blank",IF(G86="Yes","OK",IF(G86="No","OK","Unreasonable"))) -> OK | V86: =IF(VLOOKUP(C86,$J$4:$J$46,1,0)=C86,"OK","Check") -> OK
B87: DAVIDSON | C87: 29 | D87: F | E87: Vehicle Loan | F87: 13000000 | G87: No | H87: 0.60450608 | M87: =IF(C87<0,"Negative",IF(C87=0,"Zero",IF(C87>100,"Unreasonably High",IF(C87="","Blank","OK")))) -> OK | N87: =IF(D87="","Blank",IF(D87="F","OK",IF(D87="M","OK","Unreasonable"))) -> OK | O87: =IF(E87="Education Loan","OK",IF(E87="Home Loan","OK",IF(E87="Personal Loan","OK",IF(E87="Vehicle Loan","OK",IF(E87="","Blank","Unreasonable"))))) -> OK | P87: =IF(F87="","Blank",IF(F87<0,"Negative",IF(F87=0,"Zero",IF(F87>10^9,"Very High","OK")))) -> OK | Q87: =IF(G87="","Blank",IF(G87="Yes","OK",IF(G87="No","OK","Unreasonable"))) -> OK | V87: =IF(VLOOKUP(C87,$J$4:$J$46,1,0)=C87,"OK","Check") -> OK
B88: DAWSON | C88: 44 | D88: M | E88: Home Loan | F88: 10000000 | G88: No | H88: -0.15477228 | M88: =IF(C88<0,"Negative",IF(C88=0,"Zero",IF(C88>100,"Unreasonably High",IF(C88="","Blank","OK")))) -> OK | N88: =IF(D88="","Blank",IF(D88="F","OK",IF(D88="M","OK","Unreasonable"))) -> OK | O88: =IF(E88="Education Loan","OK",IF(E88="Home Loan","OK",IF(E88="Personal Loan","OK",IF(E88="Vehicle Loan","OK",IF(E88="","Blank","Unreasonable"))))) -> OK | P88: =IF(F88="","Blank",IF(F88<0,"Negative",IF(F88=0,"Zero",IF(F88>10^9,"Very High","OK")))) -> OK | Q88: =IF(G88="","Blank",IF(G88="Yes","OK",IF(G88="No","OK","Unreasonable"))) -> OK | V88: =IF(VLOOKUP(C88,$J$4:$J$46,1,0)=C88,"OK","Check") -> OK
B89: DAY | C89: 57 | D89: M | E89: Education Loan | F89: 12000000 | G89: No | H89: 0.47979385 | M89: =IF(C89<0,"Negative",IF(C89=0,"Zero",IF(C89>100,"Unreasonably High",IF(C89="","Blank","OK")))) -> OK | N89: =IF(D89="","Blank",IF(D89="F","OK",IF(D89="M","OK","Unreasonable"))) -> OK | O89: =IF(E89="Education Loan","OK",IF(E89="Home Loan","OK",IF(E89="Personal Loan","OK",IF(E89="Vehicle Loan","OK",IF(E89="","Blank","Unreasonable"))))) -> OK | P89: =IF(F89="","Blank",IF(F89<0,"Negative",IF(F89=0,"Zero",IF(F89>10^9,"Very High","OK")))) -> OK | Q89: =IF(G89="","Blank",IF(G89="Yes","OK",IF(G89="No","OK","Unreasonable"))) -> OK | V89: =IF(VLOOKUP(C89,$J$4:$J$46,1,0)=C89,"OK","Check") -> OK
... B119: FRANKLIN | C119: 18 | D119: M | E119: Education Loan | F119: 8000000 | G119: No | H119: -1.0725291 | M119: =IF(C119<0,"Negative",IF(C119=0,"Zero",IF(C119>100,"Unreasonably High",IF(C119="","Blank","OK")))) -> OK | N119: =IF(D119="","Blank",IF(D119="F","OK",IF(D119="M","OK","Unreasonable"))) -> OK | O119: =IF(E119="Education Loan","OK",IF(E119="Home Loan","OK",IF(E119="Personal Loan","OK",IF(E119="Vehicle Loan","OK",IF(E119="","Blank","Unreasonable"))))) -> OK | P119: =IF(F119="","Blank",IF(F119<0,"Negative",IF(F119=0,"Zero",IF(F119>10^9,"Very High","OK")))) -> OK | Q119: =IF(G119="","Blank",IF(G119="Yes","OK",IF(G119="No","OK","Unreasonable"))) -> OK | V119: =IF(VLOOKUP(C119,$J$4:$J$46,1,0)=C119,"OK","Check") -> OK
B120: FRAZIER | C120: 49 | D120: F | E120: Home Loan | F120: 10000000 | H120: -0.50599062 | M120: =IF(C120<0,"Negative",IF(C120=0,"Zero",IF(C120>100,"Unreasonably High",IF(C120="","Blank","OK")))) -> OK | N120: =IF(D120="","Blank",IF(D120="F","OK",IF(D120="M","OK","Unreasonable"))) -> OK | O120: =IF(E120="Education Loan","OK",IF(E120="Home Loan","OK",IF(E120="Personal Loan","OK",IF(E120="Vehicle Loan","OK",IF(E120="","Blank","Unreasonable"))))) -> OK | P120: =IF(F120="","Blank",IF(F120<0,"Negative",IF(F120=0,"Zero",IF(F120>10^9,"Very High","OK")))) -> OK | Q120: =IF(G120="","Blank",IF(G120="Yes","OK",IF(G120="No","OK","Unreasonable"))) -> Blank | V120: =IF(VLOOKUP(C120,$J$4:$J$46,1,0)=C120,"OK","Check") -> OK
B121: FREEMAN | C121: 33 | D121: F | F121: 12000000 | G121: No | H121: -1.7731391 | M121: =IF(C121<0,"Negative",IF(C121=0,"Zero",IF(C121>100,"Unreasonably High",IF(C121="","Blank","OK")))) -> OK | N121: =IF(D121="","Blank",IF(D121="F","OK",IF(D121="M","OK","Unreasonable"))) -> OK | O121: =IF(E121="Education Loan","OK",IF(E121="Home Loan","OK",IF(E121="Personal Loan","OK",IF(E121="Vehicle Loan","OK",IF(E121="","Blank","Unreasonable"))))) -> Blank | P121: =IF(F121="","Blank",IF(F121<0,"Negative",IF(F121=0,"Zero",IF(F121>10^9,"Very High","OK")))) -> OK | Q121: =IF(G121="","Blank",IF(G121="Yes","OK",IF(G121="No","OK","Unreasonable"))) -> OK | V121: =IF(VLOOKUP(C121,$J$4:$J$46,1,0)=C121,"OK","Check") -> OK
B122: FUENTES | C122: 27 | D122: F | E122: Vehicle Loan | F122: 12000000 | G122: No | H122: -0.59533148 | M122: =IF(C122<0,"Negative",IF(C122=0,"Zero",IF(C122>100,"Unreasonably High",IF(C122="","Blank","OK")))) -> OK | N122: =IF(D122="","Blank",IF(D122="F","OK",IF(D122="M","OK","Unreasonable"))) -> OK | O122: =IF(E122="Education Loan","OK",IF(E122="Home Loan","OK",IF(E122="Personal Loan","OK",IF(E122="Vehicle Loan","OK",IF(E122="","Blank","Unreasonable"))))) -> OK | P122: =IF(F122="","Blank",IF(F122<0,"Negative",IF(F122=0,"Zero",IF(F122>10^9,"Very High","OK")))) -> OK | Q122: =IF(G122="","Blank",IF(G122="Yes","OK",IF(G122="No","OK","Unreasonable"))) -> OK | V122: =IF(VLOOKUP(C122,$J$4:$J$46,1,0)=C122,"OK","Check") -> OK
B123: FULLER | C123: 50 | D123: F | E123: Vehicle Loan | F123: 11000000 | G123: No | H123: -0.36923144 | M123: =IF(C123<0,"Negative",IF(C123=0,"Zero",IF(C123>100,"Unreasonably High",IF(C123="","Blank","OK")))) -> OK | N123: =IF(D123="","Blank",IF(D123="F","OK",IF(D123="M","OK","Unreasonable"))) -> OK | O123: =IF(E123="Education Loan","OK",IF(E123="Home Loan","OK",IF(E123="Personal Loan","OK",IF(E123="Vehicle Loan","OK",IF(E123="","Blank","Unreasonable"))))) -> OK | P123: =IF(F123="","Blank",IF(F123<0,"Negative",IF(F123=0,"Zero",IF(F123>10^9,"Very High","OK")))) -> OK | Q123: =IF(G123="","Blank",IF(G123="Yes","OK",IF(G123="No","OK","Unreasonable"))) -> OK | V123: =IF(VLOOKUP(C123,$J$4:$J$46,1,0)=C123,"OK","Check") -> OK
B124: GARDNER | C124: 29 | D124: F | E124: Home Loan | F124: 13000000 | G124: No | H124: 1.3716519 | M124: =IF(C124<0,"Negative",IF(C124=0,"Zero",IF(C124>100,"Unreasonably High",IF(C124="","Blank","OK")))) -> OK | N124: =IF(D124="","Blank",IF(D124="F","OK",IF(D124="M","OK","Unreasonable"))) -> OK | O124: =IF(E124="Education Loan","OK",IF(E124="Home Loan","OK",IF(E124="Personal Loan","OK",IF(E124="Vehicle Loan","OK",IF(E124="","Blank","Unreasonable"))))) -> OK | P124: =IF(F124="","Blank",IF(F124<0,"Negative",IF(F124=0,"Zero",IF(F124>10^9,"Very High","OK")))) -> OK | Q124: =IF(G124="","Blank",IF(G124="Yes","OK",IF(G124="No","OK","Unreasonable"))) -> OK | V124: =IF(VLOOKUP(C124,$J$4:$J$46,1,0)=C124,"OK","Check") -> OK
B125: GARRETT | C125: 45 | D125: M | E125: Home Loan | F125: 9000000 | G125: No | H125: 0.33910245 | M125: =IF(C125<0,"Negative",IF(C125=0,"Zero",IF(C125>100,"Unreasonably High",IF(C125="","Blank","OK")))) -> OK | N125: =IF(D125="","Blank",IF(D125="F","OK",IF(D125="M","OK","Unreasonable"))) -> OK | O125: =IF(E125="Education Loan","OK",IF(E125="Home Loan","OK",IF(E125="Personal Loan","OK",IF(E125="Vehicle Loan","OK",IF(E125="","Blank","Unreasonable"))))) -> OK | P125: =IF(F125="","Blank",IF(F125<0,"Negative",IF(F125=0,"Zero",IF(F125>10^9,"Very High","OK")))) -> OK | Q125: =IF(G125="","Blank",IF(G125="Yes","OK",IF(G125="No","OK","Unreasonable"))) -> OK | V125: =IF(VLOOKUP(C125,$J$4:$J$46,1,0)=C125,"OK","Check") -> OK
B126: GARZA | C126: 31 | D126: M | E126: Home Loan | F126: 10000000 | G126: No | H126: 1.681874 | M126: =IF(C126<0,"Negative",IF(C126=0,"Zero",IF(C126>100,"Unreasonably High",IF(C126="","Blank","OK")))) -> OK | N126: =IF(D126="","Blank",IF(D126="F","OK",IF(D126="M","OK","Unreasonable"))) -> OK | O126: =IF(E126="Education Loan","OK",IF(E126="Home Loan","OK",IF(E126="Personal Loan","OK",IF(E126="Vehicle Loan","OK",IF(E126="","Blank","Unreasonable"))))) -> OK | P126: =IF(F126="","Blank",IF(F126<0,"Negative",IF(F126=0,"Zero",IF(F126>10^9,"Very High","OK")))) -> OK | Q126: =IF(G126="","Blank",IF(G126="Yes","OK",IF(G126="No","OK","Unreasonable"))) -> OK | V126: =IF(VLOOKUP(C126,$J$4:$J$46,1,0)=C126,"OK","Check") -> OK
B127: GEORGE | C127: 37 | D127: F | E127: Personal Loan | F127: 12000000 | G127: No | H127: -0.1327357 | M127: =IF(C127<0,"Negative",IF(C127=0,"Zero",IF(C127>100,"Unreasonably High",IF(C127="","Blank","OK")))) -> OK | N127: =IF(D127="","Blank",IF(D127="F","OK",IF(D127="M","OK","Unreasonable"))) -> OK | O127: =IF(E127="Education Loan","OK",IF(E127="Home Loan","OK",IF(E127="Personal Loan","OK",IF(E127="Vehicle Loan","OK",IF(E127="","Blank","Unreasonable"))))) -> OK | P127: =IF(F127="","Blank",IF(F127<0,"Negative",IF(F127=0,"Zero",IF(F127>10^9,"Very High","OK")))) -> OK | Q127: =IF(G127="","Blank",IF(G127="Yes","OK",IF(G127="No","OK","Unreasonable"))) -> OK | V127: =IF(VLOOKUP(C127,$J$4:$J$46,1,0)=C127,"OK","Check") -> OK
B128: GIBSON | C128: 21 | D128: M | E128: Education Loan | F128: 9000000 | G128: No | H128: 0.55415322 | M128: =IF(C128<0,"Negative",IF(C128=0,"Zero",IF(C128>100,"Unreasonably High",IF(C128="","Blank","OK")))) -> OK | N128: =IF(D128="","Blank",IF(D128="F","OK",IF(D128="M","OK","Unreasonable"))) -> OK | O128: =IF(E128="Education Loan","OK",IF(E128="Home Loan","OK",IF(E128="Personal Loan","OK",IF(E128="Vehicle Loan","OK",IF(E128="","Blank","Unreasonable"))))) -> OK | P128: =IF(F128="","Blank",IF(F128<0,"Negative",IF(F128=0,"Zero",IF(F128>10^9,"Very High","OK")))) -> OK | Q128: =IF(G128="","Blank",IF(G128="Yes","OK",IF(G128="No","OK","Unreasonable"))) -> OK | V128: =IF(VLOOKUP(C128,$J$4:$J$46,1,0)=C128,"OK","Check") -> OK
B129: GILBERT | C129: 47 | D129: F | E129: Home Loan | F129: 13000000 | G129: No | H129: 0.55002326 | M129: =IF(C129<0,"Negative",IF(C129=0,"Zero",IF(C129>100,"Unreasonably High",IF(C129="","Blank","OK")))) -> OK | N129: =IF(D129="","Blank",IF(D129="F","OK",IF(D129="M","OK","Unreasonable"))) -> OK | O129: =IF(E129="Education Loan","OK",IF(E129="Home Loan","OK",IF(E129="Personal Loan","OK",IF(E129="Vehicle Loan","OK",IF(E129="","Blank","Unreasonable"))))) -> OK | P129: =IF(F129="","Blank",IF(F129<0,"Negative",IF(F129=0,"Zero",IF(F129>10^9,"Very High","OK")))) -> OK | Q129: =IF(G129="","Blank",IF(G129="Yes","OK",IF(G129="No","OK","Unreasonable"))) -> OK | V129: =IF(VLOOKUP(C129,$J$4:$J$46,1,0)=C129,"OK","Check") -> OK
B130: GOMEZ | C130: 25 | D130: M | E130: Vehicle Loan | F130: 11000000 | G130: No | H130: 0.84148269 | M130: =IF(C130<0,"Negative",IF(C130=0,"Zero",IF(C130>100,"Unreasonably High",IF(C130="","Blank","OK")))) -> OK | N130: =IF(D130="","Blank",IF(D130="F","OK",IF(D130="M","OK","Unreasonable"))) -> OK | O130: =IF(E130="Education Loan","OK",IF(E130="Home Loan","OK",IF(E130="Personal Loan","OK",IF(E130="Vehicle Loan","OK",IF(E130="","Blank","Unreasonable"))))) -> OK | P130: =IF(F130="","Blank",IF(F130<0,"Negative",IF(F130=0,"Zero",IF(F130>10^9,"Very High","OK")))) -> OK | Q130: =IF(G130="","Blank",IF(G130="Yes","OK",IF(G130="No","OK","Unreasonable"))) -> OK | V130: =IF(VLOOKUP(C130,$J$4:$J$46,1,0)=C130,"OK","Check") -> OK
B131: GONZALES | C131: 58 | D131: M | E131: Vehicle Loan | F131: 13000000 | G131: No | H131: -1.8573047 | M131: =IF(C131<0,"Negative",IF(C131=0,"Zero",IF(C131>100,"Unreasonably High",IF(C131="","Blank","OK")))) -> OK | N131: =IF(D131="","Blank",IF(D131="F","OK",IF(D131="M","OK","Unreasonable"))) -> OK | O131: =IF(E131="Education Loan","OK",IF(E131="Home Loan","OK",IF(E131="Personal Loan","OK",IF(E131="Vehicle Loan","OK",IF(E131="","Blank","Unreasonable"))))) -> OK | P131: =IF(F131="","Blank",IF(F131<0,"Negative",IF(F131=0,"Zero",IF(F131>10^9,"Very High","OK")))) -> OK | Q131: =IF(G131="","Blank",IF(G131="Yes","OK",IF(G131="No","OK","Unreasonable"))) -> OK | V131: =IF(VLOOKUP(C131,$J$4:$J$46,1,0)=C131,"OK","Check") -> OK
B132: GONZALEZ | C132: 32 | D132: M | E132: Education Loan | F132: 9000000 | G132: No | H132: 2.6824848 | M132: =IF(C132<0,"Negative",IF(C132=0,"Zero",IF(C132>100,"Unreasonably High",IF(C132="","Blank","OK")))) -> OK | N132: =IF(D132="","Blank",IF(D132="F","OK",IF(D132="M","OK","Unreasonable"))) -> OK | O132: =IF(E132="Education Loan","OK",IF(E132="Home Loan","OK",IF(E132="Personal Loan","OK",IF(E132="Vehicle Loan","OK",IF(E132="","Blank","Unreasonable"))))) -> OK | P132: =IF(F132="","Blank",IF(F132<0,"Negative",IF(F132=0,"Zero",IF(F132>10^9,"Very High","OK")))) -> OK | Q132: =IF(G132="","Blank",IF(G132="Yes","OK",IF(G132="No","OK","Unreasonable"))) -> OK | V132: =IF(VLOOKUP(C132,$J$4:$J$46,1,0)=C132,"OK","Check") -> OK
B133: GORDON | C133: 45 | D133: F | E133: Vehicle Loan | F133: 11000000 | G133: No | H133: 0.10049398 | M133: =IF(C133<0,"Negative",IF(C133=0,"Zero",IF(C133>100,"Unreasonably High",IF(C133="","Blank","OK")))) -> OK | N133: =IF(D133="","Blank",IF(D133="F","OK",IF(D133="M","OK","Unreasonable"))) -> OK | O133: =IF(E133="Education Loan","OK",IF(E133="Home Loan","OK",IF(E133="Personal Loan","OK",IF(E133="Vehicle Loan","OK",IF(E133="","Blank","Unreasonable"))))) -> OK | P133: =IF(F133="","Blank",IF(F133<0,"Negative",IF(F133=0,"Zero",IF(F133>10^9,"Very High","OK")))) -> OK | Q133: =IF(G133="","Blank",IF(G133="Yes","OK",IF(G133="No","OK","Unreasonable"))) -> OK | V133: =IF(VLOOKUP(C133,$J$4:$J$46,1,0)=C133,"OK","Check") -> OK
... B190: KELLER | C190: 38 | D190: M | E190: Personal Loan | F190: 14000000 | G190: No | H190: 0.78991038 | M190: =IF(C190<0,"Negative",IF(C190=0,"Zero",IF(C190>100,"Unreasonably High",IF(C190="","Blank","OK")))) -> OK | N190: =IF(D190="","Blank",IF(D190="F","OK",IF(D190="M","OK","Unreasonable"))) -> OK | O190: =IF(E190="Education Loan","OK",IF(E190="Home Loan","OK",IF(E190="Personal Loan","OK",IF(E190="Vehicle Loan","OK",IF(E190="","Blank","Unreasonable"))))) -> OK | P190: =IF(F190="","Blank",IF(F190<0,"Negative",IF(F190=0,"Zero",IF(F190>10^9,"Very High","OK")))) -> OK | Q190: =IF(G190="","Blank",IF(G190="Yes","OK",IF(G190="No","OK","Unreasonable"))) -> OK | V190: =IF(VLOOKUP(C190,$J$4:$J$46,1,0)=C190,"OK","Check") -> OK
...

Sheet Revised_Data
B1: Revised Customer and Loan Information | J1: Revised Premium Rate Data for Insurance (per 1000 SA) | M1: Checks on Revised Customer and Loan Information | S1: Checks on Revised Premium Rate Data for Insurance (per 1000 SA) | V1: Checks on Age in Customer and Premium Data | X1: Revision in Data based on Checks
B3: Name of Customer | C3: Age of Customer | D3: Gender of Customer | E3: Type of Loan | F3: Loan Amount | G3: Bank Staff | H3: Random Number | J3: Age of Customer | K3: Premium Rate for Male Customer | M3: Age | N3: Gender | O3: Type of Loan | P3: Loan Amount | Q3: Bank Staff | S3: Age | T3: Premium Rate for Male Customer | V3: Age | X3: Age of Customers
B4: =Data_Checks!B4 -> ACOSTA | C4: =Data_Checks!C4 -> 22 | D4: =IF(AND(Data_Checks!D4<>"F",Data_Checks!D4<>"M"),D3,Data_Checks!D4) -> F | E4: =IF(Data_Checks!E4="",E3,Data_Checks!E4) -> Education Loan | F4: =IF(Data_Checks!F4="",F3,ABS(Data_Checks!F4)) -> 14000000 | G4: =IF(Data_Checks!G4="",G3,Data_Checks!G4) -> No | H4: =Data_Checks!H4 -> -1.1106447 | J4: =Data_Checks!J4 -> 18 | K4: =IF(Data_Checks!T4="Unreasonable",AVERAGE(K3,K5),ABS(Data_Checks!K4)) -> 3.01 | M4: =IF(C4<0,"Negative",IF(C4=0,"Zero",IF(C4>100,"Unreasonably High",IF(C4="","Blank","OK")))) -> OK | N4: =IF(D4="","Blank",IF(D4="F","OK",IF(D4="M","OK","Unreasonable"))) -> OK | O4: =IF(E4="Education Loan","OK",IF(E4="Home Loan","OK",IF(E4="Personal Loan","OK",IF(E4="Vehicle Loan","OK",IF(E4="","Blank","Unreasonable"))))) -> OK | P4: =IF(F4="","Blank",IF(F4<0,"Negative",IF(F4=0,"Zero",IF(F4>10^9,"Very High","OK")))) -> OK | Q4: =IF(G4="","Blank",IF(G4="Yes","OK",IF(G4="No","OK","Unreasonable"))) -> OK | T4: =IF(K4="","Blank",IF(K4<0,"Negative",IF(K4>100,"Very High",IF(AND(J4<>18,K4<=K3),"Unreasonable","OK")))) -> OK | V4: =IF(VLOOKUP(C4,$J$4:$J$46,1,0)=C4,"OK","Check") -> OK | X4: No Negative Value
B5: =Data_Checks!B5 -> ADAMS | C5: =Data_Checks!C5 -> 58 | D5: =IF(AND(Data_Checks!D5<>"F",Data_Checks!D5<>"M"),D4,Data_Checks!D5) -> F | E5: =IF(Data_Checks!E5="",E4,Data_Checks!E5) -> Education Loan | F5: =IF(Data_Checks!F5="",F4,ABS(Data_Checks!F5)) -> 9000000 | G5: =IF(Data_Checks!G5="",G4,Data_Checks!G5) -> No | H5: =Data_Checks!H5 -> 1.17782 | J5: =Data_Checks!J5 -> 19 | K5: =IF(Data_Checks!T5="Unreasonable",AVERAGE(K4,K6),ABS(Data_Checks!K5)) -> 3.085 | M5: =IF(C5<0,"Negative",IF(C5=0,"Zero",IF(C5>100,"Unreasonably High",IF(C5="","Blank","OK")))) -> OK | N5: =IF(D5="","Blank",IF(D5="F","OK",IF(D5="M","OK","Unreasonable"))) -> OK | O5: =IF(E5="Education Loan","OK",IF(E5="Home Loan","OK",IF(E5="Personal Loan","OK",IF(E5="Vehicle Loan","OK",IF(E5="","Blank","Unreasonable"))))) -> OK | P5: =IF(F5="","Blank",IF(F5<0,"Negative",IF(F5=0,"Zero",IF(F5>10^9,"Very High","OK")))) -> OK | Q5: =IF(G5="","Blank",IF(G5="Yes","OK",IF(G5="No","OK","Unreasonable"))) -> OK | S5: =IF(J5=J4+1,"OK","Check") -> OK | T5: =IF(K5="","Blank",IF(K5<0,"Negative",IF(K5>100,"Very High",IF(AND(J5<>18,K5<=K4),"Unreasonable","OK")))) -> OK | V5: =IF(VLOOKUP(C5,$J$4:$J$46,1,0)=C5,"OK","Check") -> OK | X5: No Zero Value
B6: =Data_Checks!B6 -> AGUILAR | C6: =Data_Checks!C6 -> 19 | D6: =IF(AND(Data_Checks!D6<>"F",Data_Checks!D6<>"M"),D5,Data_Checks!D6) -> M | E6: =IF(Data_Checks!E6="",E5,Data_Checks!E6) -> Education Loan | F6: =IF(Data_Checks!F6="",F5,ABS(Data_Checks!F6)) -> 10000000 | G6: =IF(Data_Checks!G6="",G5,Data_Checks!G6) -> No | H6: =Data_Checks!H6 -> 0.83217426 | J6: =Data_Checks!J6 -> 20 | K6: =IF(Data_Checks!T6="Unreasonable",AVERAGE(K5,K7),ABS(Data_Checks!K6)) -> 3.162 | M6: =IF(C6<0,"Negative",IF(C6=0,"Zero",IF(C6>100,"Unreasonably High",IF(C6="","Blank","OK")))) -> OK | N6: =IF(D6="","Blank",IF(D6="F","OK",IF(D6="M","OK","Unreasonable"))) -> OK | O6: =IF(E6="Education Loan","OK",IF(E6="Home Loan","OK",IF(E6="Personal Loan","OK",IF(E6="Vehicle Loan","OK",IF(E6="","Blank","Unreasonable"))))) -> OK | P6: =IF(F6="","Blank",IF(F6<0,"Negative",IF(F6=0,"Zero",IF(F6>10^9,"Very High","OK")))) -> OK | Q6: =IF(G6="","Blank",IF(G6="Yes","OK",IF(G6="No","OK","Unreasonable"))) -> OK | S6: =IF(J6=J5+1,"OK","Check") -> OK | T6: =IF(K6="","Blank",IF(K6<0,"Negative",IF(K6>100,"Very High",IF(AND(J6<>18,K6<=K5),"Unreasonable","OK")))) -> OK | V6: =IF(VLOOKUP(C6,$J$4:$J$46,1,0)=C6,"OK","Check") -> OK | X6: No Blank Value
B7: =Data_Checks!B7 -> AGUIRRE | C7: =Data_Checks!C7 -> 32 | D7: =IF(AND(Data_Checks!D7<>"F",Data_Checks!D7<>"M"),D6,Data_Checks!D7) -> M | E7: =IF(Data_Checks!E7="",E6,Data_Checks!E7) -> Personal Loan | F7: =IF(Data_Checks!F7="",F6,ABS(Data_Checks!F7)) -> 12000000 | G7: =IF(Data_Checks!G7="",G6,Data_Checks!G7) -> No | H7: =Data_Checks!H7 -> 0.6196113 | J7: =Data_Checks!J7 -> 21 | K7: =IF(Data_Checks!T7="Unreasonable",AVERAGE(K6,K8),ABS(Data_Checks!K7)) -> 3.241 | M7: =IF(C7<0,"Negative",IF(C7=0,"Zero",IF(C7>100,"Unreasonably High",IF(C7="","Blank","OK")))) -> OK | N7: =IF(D7="","Blank",IF(D7="F","OK",IF(D7="M","OK","Unreasonable"))) -> OK | O7: =IF(E7="Education Loan","OK",IF(E7="Home Loan","OK",IF(E7="Personal Loan","OK",IF(E7="Vehicle Loan","OK",IF(E7="","Blank","Unreasonable"))))) -> OK | P7: =IF(F7="","Blank",IF(F7<0,"Negative",IF(F7=0,"Zero",IF(F7>10^9,"Very High","OK")))) -> OK | Q7: =IF(G7="","Blank",IF(G7="Yes","OK",IF(G7="No","OK","Unreasonable"))) -> OK | S7: =IF(J7=J6+1,"OK","Check") -> OK | T7: =IF(K7="","Blank",IF(K7<0,"Negative",IF(K7>100,"Very High",IF(AND(J7<>18,K7<=K6),"Unreasonable","OK")))) -> OK | V7: =IF(VLOOKUP(C7,$J$4:$J$46,1,0)=C7,"OK","Check") -> OK | X7: No Very High Value
B8: =Data_Checks!B8 -> ALEXANDER | C8: =Data_Checks!C8 -> 22 | D8: =IF(AND(Data_Checks!D8<>"F",Data_Checks!D8<>"M"),D7,Data_Checks!D8) -> M | E8: =IF(Data_Checks!E8="",E7,Data_Checks!E8) -> Education Loan | F8: =IF(Data_Checks!F8="",F7,ABS(Data_Checks!F8)) -> 8000000 | G8: =IF(Data_Checks!G8="",G7,Data_Checks!G8) -> No | H8: =Data_Checks!H8 -> -2.0099079 | J8: =Data_Checks!J8 -> 22 | K8: =IF(Data_Checks!T8="Unreasonable",AVERAGE(K7,K9),ABS(Data_Checks!K8)) -> 3.322 | M8: =IF(C8<0,"Negative",IF(C8=0,"Zero",IF(C8>100,"Unreasonably High",IF(C8="","Blank","OK")))) -> OK | N8: =IF(D8="","Blank",IF(D8="F","OK",IF(D8="M","OK","Unreasonable"))) -> OK | O8: =IF(E8="Education Loan","OK",IF(E8="Home Loan","OK",IF(E8="Personal Loan","OK",IF(E8="Vehicle Loan","OK",IF(E8="","Blank","Unreasonable"))))) -> OK | P8: =IF(F8="","Blank",IF(F8<0,"Negative",IF(F8=0,"Zero",IF(F8>10^9,"Very High","OK")))) -> OK | Q8: =IF(G8="","Blank",IF(G8="Yes","OK",IF(G8="No","OK","Unreasonable"))) -> OK | S8: =IF(J8=J7+1,"OK","Check") -> OK | T8: =IF(K8="","Blank",IF(K8<0,"Negative",IF(K8>100,"Very High",IF(AND(J8<>18,K8<=K7),"Unreasonable","OK")))) -> OK | V8: =IF(VLOOKUP(C8,$J$4:$J$46,1,0)=C8,"OK","Check") -> OK
B9: =Data_Checks!B9 -> ALLEN | C9: =Data_Checks!C9 -> 37 | D9: =IF(AND(Data_Checks!D9<>"F",Data_Checks!D9<>"M"),D8,Data_Checks!D9) -> M | E9: =IF(Data_Checks!E9="",E8,Data_Checks!E9) -> Personal Loan | F9: =IF(Data_Checks!F9="",F8,ABS(Data_Checks!F9)) -> 12000000 | G9: =IF(Data_Checks!G9="",G8,Data_Checks!G9) -> No | H9: =Data_Checks!H9 -> -0.9369264 | J9: =Data_Checks!J9 -> 23 | K9: =IF(Data_Checks!T9="Unreasonable",AVERAGE(K8,K10),ABS(Data_Checks!K9)) -> 3.405 | M9: =IF(C9<0,"Negative",IF(C9=0,"Zero",IF(C9>100,"Unreasonably High",IF(C9="","Blank","OK")))) -> OK | N9: =IF(D9="","Blank",IF(D9="F","OK",IF(D9="M","OK","Unreasonable"))) -> OK | O9: =IF(E9="Education Loan","OK",IF(E9="Home Loan","OK",IF(E9="Personal Loan","OK",IF(E9="Vehicle Loan","OK",IF(E9="","Blank","Unreasonable"))))) -> OK | P9: =IF(F9="","Blank",IF(F9<0,"Negative",IF(F9=0,"Zero",IF(F9>10^9,"Very High","OK")))) -> OK | Q9: =IF(G9="","Blank",IF(G9="Yes","OK",IF(G9="No","OK","Unreasonable"))) -> OK | S9: =IF(J9=J8+1,"OK","Check") -> OK | T9: =IF(K9="","Blank",IF(K9<0,"Negative",IF(K9>100,"Very High",IF(AND(J9<>18,K9<=K8),"Unreasonable","OK")))) -> OK | V9: =IF(VLOOKUP(C9,$J$4:$J$46,1,0)=C9,"OK","Check") -> OK | X9: Gender of Customers
B10: =Data_Checks!B10 -> ALVARADO | C10: =Data_Checks!C10 -> 34 | D10: =IF(AND(Data_Checks!D10<>"F",Data_Checks!D10<>"M"),D9,Data_Checks!D10) -> M | E10: =IF(Data_Checks!E10="",E9,Data_Checks!E10) -> Education Loan | F10: =IF(Data_Checks!F10="",F9,ABS(Data_Checks!F10)) -> 12000000 | G10: =IF(Data_Checks!G10="",G9,Data_Checks!G10) -> No | H10: =Data_Checks!H10 -> 0.77959402 | J10: =Data_Checks!J10 -> 24 | K10: =IF(Data_Checks!T10="Unreasonable",AVERAGE(K9,K11),ABS(Data_Checks!K10)) -> 3.49 | M10: =IF(C10<0,"Negative",IF(C10=0,"Zero",IF(C10>100,"Unreasonably High",IF(C10="","Blank","OK")))) -> OK | N10: =IF(D10="","Blank",IF(D10="F","OK",IF(D10="M","OK","Unreasonable"))) -> OK | O10: =IF(E10="Education Loan","OK",IF(E10="Home Loan","OK",IF(E10="Personal Loan","OK",IF(E10="Vehicle Loan","OK",IF(E10="","Blank","Unreasonable"))))) -> OK | P10: =IF(F10="","Blank",IF(F10<0,"Negative",IF(F10=0,"Zero",IF(F10>10^9,"Very High","OK")))) -> OK | Q10: =IF(G10="","Blank",IF(G10="Yes","OK",IF(G10="No","OK","Unreasonable"))) -> OK | S10: =IF(J10=J9+1,"OK","Check") -> OK | T10: =IF(K10="","Blank",IF(K10<0,"Negative",IF(K10>100,"Very High",IF(AND(J10<>18,K10<=K9),"Unreasonable","OK")))) -> OK | V10: =IF(VLOOKUP(C10,$J$4:$J$46,1,0)=C10,"OK","Check") -> OK | X10: No Blank Value
B11: =Data_Checks!B11 -> ALVAREZ | C11: =Data_Checks!C11 -> 28 | D11: =IF(AND(Data_Checks!D11<>"F",Data_Checks!D11<>"M"),D10,Data_Checks!D11) -> M | E11: =IF(Data_Checks!E11="",E10,Data_Checks!E11) -> Vehicle Loan | F11: =IF(Data_Checks!F11="",F10,ABS(Data_Checks!F11)) -> 12000000 | G11: =IF(Data_Checks!G11="",G10,Data_Checks!G11) -> No | H11: =Data_Checks!H11 -> 1.5913996 | J11: =Data_Checks!J11 -> 25 | K11: =IF(Data_Checks!T11="Unreasonable",AVERAGE(K10,K12),ABS(Data_Checks!K11)) -> 3.577 | M11: =IF(C11<0,"Negative",IF(C11=0,"Zero",IF(C11>100,"Unreasonably High",IF(C11="","Blank","OK")))) -> OK | N11: =IF(D11="","Blank",IF(D11="F","OK",IF(D11="M","OK","Unreasonable"))) -> OK | O11: =IF(E11="Education Loan","OK",IF(E11="Home Loan","OK",IF(E11="Personal Loan","OK",IF(E11="Vehicle Loan","OK",IF(E11="","Blank","Unreasonable"))))) -> OK | P11: =IF(F11="","Blank",IF(F11<0,"Negative",IF(F11=0,"Zero",IF(F11>10^9,"Very High","OK")))) -> OK | Q11: =IF(G11="","Blank",IF(G11="Yes","OK",IF(G11="No","OK","Unreasonable"))) -> OK | S11: =IF(J11=J10+1,"OK","Check") -> OK | T11: =IF(K11="","Blank",IF(K11<0,"Negative",IF(K11>100,"Very High",IF(AND(J11<>18,K11<=K10),"Unreasonable","OK")))) -> OK | V11: =IF(VLOOKUP(C11,$J$4:$J$46,1,0)=C11,"OK","Check") -> OK | X11: Value other than M or F changed to previous customer's gender
B12: =Data_Checks!B12 -> ANDERSON | C12: =Data_Checks!C12 -> 47 | D12: =IF(AND(Data_Checks!D12<>"F",Data_Checks!D12<>"M"),D11,Data_Checks!D12) -> M | E12: =IF(Data_Checks!E12="",E11,Data_Checks!E12) -> Education Loan | F12: =IF(Data_Checks!F12="",F11,ABS(Data_Checks!F12)) -> 13000000 | G12: =IF(Data_Checks!G12="",G11,Data_Checks!G12) -> No | H12: =Data_Checks!H12 -> -0.84163822 | J12: =Data_Checks!J12 -> 26 | K12: =IF(Data_Checks!T12="Unreasonable",AVERAGE(K11,K13),ABS(Data_Checks!K12)) -> 3.666 | M12: =IF(C12<0,"Negative",IF(C12=0,"Zero",IF(C12>100,"Unreasonably High",IF(C12="","Blank","OK")))) -> OK | N12: =IF(D12="","Blank",IF(D12="F","OK",IF(D12="M","OK","Unreasonable"))) -> OK | O12: =IF(E12="Education Loan","OK",IF(E12="Home Loan","OK",IF(E12="Personal Loan","OK",IF(E12="Vehicle Loan","OK",IF(E12="","Blank","Unreasonable"))))) -> OK | P12: =IF(F12="","Blank",IF(F12<0,"Negative",IF(F12=0,"Zero",IF(F12>10^9,"Very High","OK")))) -> OK | Q12: =IF(G12="","Blank",IF(G12="Yes","OK",IF(G12="No","OK","Unreasonable"))) -> OK | S12: =IF(J12=J11+1,"OK","Check") -> OK | T12: =IF(K12="","Blank",IF(K12<0,"Negative",IF(K12>100,"Very High",IF(AND(J12<>18,K12<=K11),"Unreasonable","OK")))) -> OK | V12: =IF(VLOOKUP(C12,$J$4:$J$46,1,0)=C12,"OK","Check") -> OK
B13: =Data_Checks!B13 -> ANDREWS | C13: =Data_Checks!C13 -> 40 | D13: =IF(AND(Data_Checks!D13<>"F",Data_Checks!D13<>"M"),D12,Data_Checks!D13) -> M | E13: =IF(Data_Checks!E13="",E12,Data_Checks!E13) -> Home Loan | F13: =IF(Data_Checks!F13="",F12,ABS(Data_Checks!F13)) -> 9000000 | G13: =IF(Data_Checks!G13="",G12,Data_Checks!G13) -> No | H13: =Data_Checks!H13 -> -0.29295495 | J13: =Data_Checks!J13 -> 27 | K13: =IF(Data_Checks!T13="Unreasonable",AVERAGE(K12,K14),ABS(Data_Checks!K13)) -> 3.758 | M13: =IF(C13<0,"Negative",IF(C13=0,"Zero",IF(C13>100,"Unreasonably High",IF(C13="","Blank","OK")))) -> OK | N13: =IF(D13="","Blank",IF(D13="F","OK",IF(D13="M","OK","Unreasonable"))) -> OK | O13: =IF(E13="Education Loan","OK",IF(E13="Home Loan","OK",IF(E13="Personal Loan","OK",IF(E13="Vehicle Loan","OK",IF(E13="","Blank","Unreasonable"))))) -> OK | P13: =IF(F13="","Blank",IF(F13<0,"Negative",IF(F13=0,"Zero",IF(F13>10^9,"Very High","OK")))) -> OK | Q13: =IF(G13="","Blank",IF(G13="Yes","OK",IF(G13="No","OK","Unreasonable"))) -> OK | S13: =IF(J13=J12+1,"OK","Check") -> OK | T13: =IF(K13="","Blank",IF(K13<0,"Negative",IF(K13>100,"Very High",IF(AND(J13<>18,K13<=K12),"Unreasonable","OK")))) -> OK | V13: =IF(VLOOKUP(C13,$J$4:$J$46,1,0)=C13,"OK","Check") -> OK | X13: Type of Loan
B14: =Data_Checks!B14 -> ARMSTRONG | C14: =Data_Checks!C14 -> 29 | D14: =IF(AND(Data_Checks!D14<>"F",Data_Checks!D14<>"M"),D13,Data_Checks!D14) -> M | E14: =IF(Data_Checks!E14="",E13,Data_Checks!E14) -> Vehicle Loan | F14: =IF(Data_Checks!F14="",F13,ABS(Data_Checks!F14)) -> 12000000 | G14: =IF(Data_Checks!G14="",G13,Data_Checks!G14) -> No | H14: =Data_Checks!H14 -> 0.64105117 | J14: =Data_Checks!J14 -> 28 | K14: =IF(Data_Checks!T14="Unreasonable",AVERAGE(K13,K15),ABS(Data_Checks!K14)) -> 3.85195 | M14: =IF(C14<0,"Negative",IF(C14=0,"Zero",IF(C14>100,"Unreasonably High",IF(C14="","Blank","OK")))) -> OK | N14: =IF(D14="","Blank",IF(D14="F","OK",IF(D14="M","OK","Unreasonable"))) -> OK | O14: =IF(E14="Education Loan","OK",IF(E14="Home Loan","OK",IF(E14="Personal Loan","OK",IF(E14="Vehicle Loan","OK",IF(E14="","Blank","Unreasonable"))))) -> OK | P14: =IF(F14="","Blank",IF(F14<0,"Negative",IF(F14=0,"Zero",IF(F14>10^9,"Very High","OK")))) -> OK | Q14: =IF(G14="","Blank",IF(G14="Yes","OK",IF(G14="No","OK","Unreasonable"))) -> OK | S14: =IF(J14=J13+1,"OK","Check") -> OK | T14: =IF(K14="","Blank",IF(K14<0,"Negative",IF(K14>100,"Very High",IF(AND(J14<>18,K14<=K13),"Unreasonable","OK")))) -> OK | V14: =IF(VLOOKUP(C14,$J$4:$J$46,1,0)=C14,"OK","Check") -> OK | X14: Blank Value changed to previous customer's type of loan
B15: =Data_Checks!B15 -> ARNOLD | C15: =Data_Checks!C15 -> 49 | D15: =IF(AND(Data_Checks!D15<>"F",Data_Checks!D15<>"M"),D14,Data_Checks!D15) -> M | E15: =IF(Data_Checks!E15="",E14,Data_Checks!E15) -> Home Loan | F15: =IF(Data_Checks!F15="",F14,ABS(Data_Checks!F15)) -> 8000000 | G15: =IF(Data_Checks!G15="",G14,Data_Checks!G15) -> No | H15: =Data_Checks!H15 -> 0.61863857 | J15: =Data_Checks!J15 -> 29 | K15: =IF(Data_Checks!T15="Unreasonable",AVERAGE(K14,K16),ABS(Data_Checks!K15)) -> 3.948 | M15: =IF(C15<0,"Negative",IF(C15=0,"Zero",IF(C15>100,"Unreasonably High",IF(C15="","Blank","OK")))) -> OK | N15: =IF(D15="","Blank",IF(D15="F","OK",IF(D15="M","OK","Unreasonable"))) -> OK | O15: =IF(E15="Education Loan","OK",IF(E15="Home Loan","OK",IF(E15="Personal Loan","OK",IF(E15="Vehicle Loan","OK",IF(E15="","Blank","Unreasonable"))))) -> OK | P15: =IF(F15="","Blank",IF(F15<0,"Negative",IF(F15=0,"Zero",IF(F15>10^9,"Very High","OK")))) -> OK | Q15: =IF(G15="","Blank",IF(G15="Yes","OK",IF(G15="No","OK","Unreasonable"))) -> OK | S15: =IF(J15=J14+1,"OK","Check") -> OK | T15: =IF(K15="","Blank",IF(K15<0,"Negative",IF(K15>100,"Very High",IF(AND(J15<>18,K15<=K14),"Unreasonable","OK")))) -> OK | V15: =IF(VLOOKUP(C15,$J$4:$J$46,1,0)=C15,"OK","Check") -> OK | X15: No Value other than metioned loans
B16: =Data_Checks!B16 -> AUSTIN | C16: =Data_Checks!C16 -> 60 | D16: =IF(AND(Data_Checks!D16<>"F",Data_Checks!D16<>"M"),D15,Data_Checks!D16) -> M | E16: =IF(Data_Checks!E16="",E15,Data_Checks!E16) -> Education Loan | F16: =IF(Data_Checks!F16="",F15,ABS(Data_Checks!F16)) -> 10000000 | G16: =IF(Data_Checks!G16="",G15,Data_Checks!G16) -> No | H16: =Data_Checks!H16 -> -0.25982288 | J16: =Data_Checks!J16 -> 30 | K16: =IF(Data_Checks!T16="Unreasonable",AVERAGE(K15,K17),ABS(Data_Checks!K16)) -> 4.047 | M16: =IF(C16<0,"Negative",IF(C16=0,"Zero",IF(C16>100,"Unreasonably High",IF(C16="","Blank","OK")))) -> OK | N16: =IF(D16="","Blank",IF(D16="F","OK",IF(D16="M","OK","Unreasonable"))) -> OK | O16: =IF(E16="Education Loan","OK",IF(E16="Home Loan","OK",IF(E16="Personal Loan","OK",IF(E16="Vehicle Loan","OK",IF(E16="","Blank","Unreasonable"))))) -> OK | P16: =IF(F16="","Blank",IF(F16<0,"Negative",IF(F16=0,"Zero",IF(F16>10^9,"Very High","OK")))) -> OK | Q16: =IF(G16="","Blank",IF(G16="Yes","OK",IF(G16="No","OK","Unreasonable"))) -> OK | S16: =IF(J16=J15+1,"OK","Check") -> OK | T16: =IF(K16="","Blank",IF(K16<0,"Negative",IF(K16>100,"Very High",IF(AND(J16<>18,K16<=K15),"Unreasonable","OK")))) -> OK | V16: =IF(VLOOKUP(C16,$J$4:$J$46,1,0)=C16,"OK","Check") -> OK
B17: =Data_Checks!B17 -> AVILA | C17: =Data_Checks!C17 -> 59 | D17: =IF(AND(Data_Checks!D17<>"F",Data_Checks!D17<>"M"),D16,Data_Checks!D17) -> M | E17: =IF(Data_Checks!E17="",E16,Data_Checks!E17) -> Vehicle Loan | F17: =IF(Data_Checks!F17="",F16,ABS(Data_Checks!F17)) -> 9000000 | G17: =IF(Data_Checks!G17="",G16,Data_Checks!G17) -> Yes | H17: =Data_Checks!H17 -> 1.7048512 | J17: =Data_Checks!J17 -> 31 | K17: =IF(Data_Checks!T17="Unreasonable",AVERAGE(K16,K18),ABS(Data_Checks!K17)) -> 4.1495 | M17: =IF(C17<0,"Negative",IF(C17=0,"Zero",IF(C17>100,"Unreasonably High",IF(C17="","Blank","OK")))) -> OK | N17: =IF(D17="","Blank",IF(D17="F","OK",IF(D17="M","OK","Unreasonable"))) -> OK | O17: =IF(E17="Education Loan","OK",IF(E17="Home Loan","OK",IF(E17="Personal Loan","OK",IF(E17="Vehicle Loan","OK",IF(E17="","Blank","Unreasonable"))))) -> OK | P17: =IF(F17="","Blank",IF(F17<0,"Negative",IF(F17=0,"Zero",IF(F17>10^9,"Very High","OK")))) -> OK | Q17: =IF(G17="","Blank",IF(G17="Yes","OK",IF(G17="No","OK","Unreasonable"))) -> OK | S17: =IF(J17=J16+1,"OK","Check") -> OK | T17: =IF(K17="","Blank",IF(K17<0,"Negative",IF(K17>100,"Very High",IF(AND(J17<>18,K17<=K16),"Unreasonable","OK")))) -> OK | V17: =IF(VLOOKUP(C17,$J$4:$J$46,1,0)=C17,"OK","Check") -> OK | X17: Loan Amount
B18: =Data_Checks!B18 -> AYALA | C18: =Data_Checks!C18 -> 30 | D18: =IF(AND(Data_Checks!D18<>"F",Data_Checks!D18<>"M"),D17,Data_Checks!D18) -> M | E18: =IF(Data_Checks!E18="",E17,Data_Checks!E18) -> Personal Loan | F18: =IF(Data_Checks!F18="",F17,ABS(Data_Checks!F18)) -> 13000000 | G18: =IF(Data_Checks!G18="",G17,Data_Checks!G18) -> No | H18: =Data_Checks!H18 -> -1.9498275 | J18: =Data_Checks!J18 -> 32 | K18: =IF(Data_Checks!T18="Unreasonable",AVERAGE(K17,K19),ABS(Data_Checks!K18)) -> 4.252 | M18: =IF(C18<0,"Negative",IF(C18=0,"Zero",IF(C18>100,"Unreasonably High",IF(C18="","Blank","OK")))) -> OK | N18: =IF(D18="","Blank",IF(D18="F","OK",IF(D18="M","OK","Unreasonable"))) -> OK | O18: =IF(E18="Education Loan","OK",IF(E18="Home Loan","OK",IF(E18="Personal Loan","OK",IF(E18="Vehicle Loan","OK",IF(E18="","Blank","Unreasonable"))))) -> OK | P18: =IF(F18="","Blank",IF(F18<0,"Negative",IF(F18=0,"Zero",IF(F18>10^9,"Very High","OK")))) -> OK | Q18: =IF(G18="","Blank",IF(G18="Yes","OK",IF(G18="No","OK","Unreasonable"))) -> OK | S18: =IF(J18=J17+1,"OK","Check") -> OK | T18: =IF(K18="","Blank",IF(K18<0,"Negative",IF(K18>100,"Very High",IF(AND(J18<>18,K18<=K17),"Unreasonable","OK")))) -> OK | V18: =IF(VLOOKUP(C18,$J$4:$J$46,1,0)=C18,"OK","Check") -> OK | X18: Negative Value changed to positive value
B19: =Data_Checks!B19 -> BAILEY | C19: =Data_Checks!C19 -> 24 | D19: =IF(AND(Data_Checks!D19<>"F",Data_Checks!D19<>"M"),D18,Data_Checks!D19) -> F | E19: =IF(Data_Checks!E19="",E18,Data_Checks!E19) -> Home Loan | F19: =IF(Data_Checks!F19="",F18,ABS(Data_Checks!F19)) -> 13000000 | G19: =IF(Data_Checks!G19="",G18,Data_Checks!G19) -> No | H19: =Data_Checks!H19 -> 1.1108307 | J19: =Data_Checks!J19 -> 33 | K19: =IF(Data_Checks!T19="Unreasonable",AVERAGE(K18,K20),ABS(Data_Checks!K19)) -> 4.358 | M19: =IF(C19<0,"Negative",IF(C19=0,"Zero",IF(C19>100,"Unreasonably High",IF(C19="","Blank","OK")))) -> OK | N19: =IF(D19="","Blank",IF(D19="F","OK",IF(D19="M","OK","Unreasonable"))) -> OK | O19: =IF(E19="Education Loan","OK",IF(E19="Home Loan","OK",IF(E19="Personal Loan","OK",IF(E19="Vehicle Loan","OK",IF(E19="","Blank","Unreasonable"))))) -> OK | P19: =IF(F19="","Blank",IF(F19<0,"Negative",IF(F19=0,"Zero",IF(F19>10^9,"Very High","OK")))) -> OK | Q19: =IF(G19="","Blank",IF(G19="Yes","OK",IF(G19="No","OK","Unreasonable"))) -> OK | S19: =IF(J19=J18+1,"OK","Check") -> OK | T19: =IF(K19="","Blank",IF(K19<0,"Negative",IF(K19>100,"Very High",IF(AND(J19<>18,K19<=K18),"Unreasonable","OK")))) -> OK | V19: =IF(VLOOKUP(C19,$J$4:$J$46,1,0)=C19,"OK","Check") -> OK | X19: No Zero Value
B20: =Data_Checks!B20 -> BAKER | C20: =Data_Checks!C20 -> 46 | D20: =IF(AND(Data_Checks!D20<>"F",Data_Checks!D20<>"M"),D19,Data_Checks!D20) -> F | E20: =IF(Data_Checks!E20="",E19,Data_Checks!E20) -> Vehicle Loan | F20: =IF(Data_Checks!F20="",F19,ABS(Data_Checks!F20)) -> 11000000 | G20: =IF(Data_Checks!G20="",G19,Data_Checks!G20) -> No | H20: =Data_Checks!H20 -> -0.48693909 | J20: =Data_Checks!J20 -> 34 | K20: =IF(Data_Checks!T20="Unreasonable",AVERAGE(K19,K21),ABS(Data_Checks!K20)) -> 4.467 | M20: =IF(C20<0,"Negative",IF(C20=0,"Zero",IF(C20>100,"Unreasonably High",IF(C20="","Blank","OK")))) -> OK | N20: =IF(D20="","Blank",IF(D20="F","OK",IF(D20="M","OK","Unreasonable"))) -> OK | O20: =IF(E20="Education Loan","OK",IF(E20="Home Loan","OK",IF(E20="Personal Loan","OK",IF(E20="Vehicle Loan","OK",IF(E20="","Blank","Unreasonable"))))) -> OK | P20: =IF(F20="","Blank",IF(F20<0,"Negative",IF(F20=0,"Zero",IF(F20>10^9,"Very High","OK")))) -> OK | Q20: =IF(G20="","Blank",IF(G20="Yes","OK",IF(G20="No","OK","Unreasonable"))) -> OK | S20: =IF(J20=J19+1,"OK","Check") -> OK | T20: =IF(K20="","Blank",IF(K20<0,"Negative",IF(K20>100,"Very High",IF(AND(J20<>18,K20<=K19),"Unreasonable","OK")))) -> OK | V20: =IF(VLOOKUP(C20,$J$4:$J$46,1,0)=C20,"OK","Check") -> OK | X20: Blank Value changed to previous customer's loan amount
B21: =Data_Checks!B21 -> BALDWIN | C21: =Data_Checks!C21 -> 27 | D21: =IF(AND(Data_Checks!D21<>"F",Data_Checks!D21<>"M"),D20,Data_Checks!D21) -> M | E21: =IF(Data_Checks!E21="",E20,Data_Checks!E21) -> Vehicle Loan | F21: =IF(Data_Checks!F21="",F20,ABS(Data_Checks!F21)) -> 11000000 | G21: =IF(Data_Checks!G21="",G20,Data_Checks!G21) -> No | H21: =Data_Checks!H21 -> -0.6351669 | J21: =Data_Checks!J21 -> 35 | K21: =IF(Data_Checks!T21="Unreasonable",AVERAGE(K20,K22),ABS(Data_Checks!K21)) -> 4.579 | M21: =IF(C21<0,"Negative",IF(C21=0,"Zero",IF(C21>100,"Unreasonably High",IF(C21="","Blank","OK")))) -> OK | N21: =IF(D21="","Blank",IF(D21="F","OK",IF(D21="M","OK","Unreasonable"))) -> OK | O21: =IF(E21="Education Loan","OK",IF(E21="Home Loan","OK",IF(E21="Personal Loan","OK",IF(E21="Vehicle Loan","OK",IF(E21="","Blank","Unreasonable"))))) -> OK | P21: =IF(F21="","Blank",IF(F21<0,"Negative",IF(F21=0,"Zero",IF(F21>10^9,"Very High","OK")))) -> OK | Q21: =IF(G21="","Blank",IF(G21="Yes","OK",IF(G21="No","OK","Unreasonable"))) -> OK | S21: =IF(J21=J20+1,"OK","Check") -> OK | T21: =IF(K21="","Blank",IF(K21<0,"Negative",IF(K21>100,"Very High",IF(AND(J21<>18,K21<=K20),"Unreasonable","OK")))) -> OK | V21: =IF(VLOOKUP(C21,$J$4:$J$46,1,0)=C21,"OK","Check") -> OK | X21: No Very High Value
B22: =Data_Checks!B22 -> BANKS | C22: =Data_Checks!C22 -> 27 | D22: =IF(AND(Data_Checks!D22<>"F",Data_Checks!D22<>"M"),D21,Data_Checks!D22) -> M | E22: =IF(Data_Checks!E22="",E21,Data_Checks!E22) -> Personal Loan | F22: =IF(Data_Checks!F22="",F21,ABS(Data_Checks!F22)) -> 10000000 | G22: =IF(Data_Checks!G22="",G21,Data_Checks!G22) -> No | H22: =Data_Checks!H22 -> -0.34206238 | J22: =Data_Checks!J22 -> 36 | K22: =IF(Data_Checks!T22="Unreasonable",AVERAGE(K21,K23),ABS(Data_Checks!K22)) -> 4.693 | M22: =IF(C22<0,"Negative",IF(C22=0,"Zero",IF(C22>100,"Unreasonably High",IF(C22="","Blank","OK")))) -> OK | N22: =IF(D22="","Blank",IF(D22="F","OK",IF(D22="M","OK","Unreasonable"))) -> OK | O22: =IF(E22="Education Loan","OK",IF(E22="Home Loan","OK",IF(E22="Personal Loan","OK",IF(E22="Vehicle Loan","OK",IF(E22="","Blank","Unreasonable"))))) -> OK | P22: =IF(F22="","Blank",IF(F22<0,"Negative",IF(F22=0,"Zero",IF(F22>10^9,"Very High","OK")))) -> OK | Q22: =IF(G22="","Blank",IF(G22="Yes","OK",IF(G22="No","OK","Unreasonable"))) -> OK | S22: =IF(J22=J21+1,"OK","Check") -> OK | T22: =IF(K22="","Blank",IF(K22<0,"Negative",IF(K22>100,"Very High",IF(AND(J22<>18,K22<=K21),"Unreasonable","OK")))) -> OK | V22: =IF(VLOOKUP(C22,$J$4:$J$46,1,0)=C22,"OK","Check") -> OK
B23: =Data_Checks!B23 -> BARBER | C23: =Data_Checks!C23 -> 45 | D23: =IF(AND(Data_Checks!D23<>"F",Data_Checks!D23<>"M"),D22,Data_Checks!D23) -> F | E23: =IF(Data_Checks!E23="",E22,Data_Checks!E23) -> Education Loan | F23: =IF(Data_Checks!F23="",F22,ABS(Data_Checks!F23)) -> 13000000 | G23: =IF(Data_Checks!G23="",G22,Data_Checks!G23) -> No | H23: =Data_Checks!H23 -> -0.53936174 | J23: =Data_Checks!J23 -> 37 | K23: =IF(Data_Checks!T23="Unreasonable",AVERAGE(K22,K24),ABS(Data_Checks!K23)) -> 4.81 | M23: =IF(C23<0,"Negative",IF(C23=0,"Zero",IF(C23>100,"Unreasonably High",IF(C23="","Blank","OK")))) -> OK | N23: =IF(D23="","Blank",IF(D23="F","OK",IF(D23="M","OK","Unreasonable"))) -> OK | O23: =IF(E23="Education Loan","OK",IF(E23="Home Loan","OK",IF(E23="Personal Loan","OK",IF(E23="Vehicle Loan","OK",IF(E23="","Blank","Unreasonable"))))) -> OK | P23: =IF(F23="","Blank",IF(F23<0,"Negative",IF(F23=0,"Zero",IF(F23>10^9,"Very High","OK")))) -> OK | Q23: =IF(G23="","Blank",IF(G23="Yes","OK",IF(G23="No","OK","Unreasonable"))) -> OK | S23: =IF(J23=J22+1,"OK","Check") -> OK | T23: =IF(K23="","Blank",IF(K23<0,"Negative",IF(K23>100,"Very High",IF(AND(J23<>18,K23<=K22),"Unreasonable","OK")))) -> OK | V23: =IF(VLOOKUP(C23,$J$4:$J$46,1,0)=C23,"OK","Check") -> OK | X23: Bank Staff
B24: =Data_Checks!B24 -> BARKER | C24: =Data_Checks!C24 -> 44 | D24: =IF(AND(Data_Checks!D24<>"F",Data_Checks!D24<>"M"),D23,Data_Checks!D24) -> F | E24: =IF(Data_Checks!E24="",E23,Data_Checks!E24) -> Personal Loan | F24: =IF(Data_Checks!F24="",F23,ABS(Data_Checks!F24)) -> 10000000 | G24: =IF(Data_Checks!G24="",G23,Data_Checks!G24) -> No | H24: =Data_Checks!H24 -> -1.2532378 | J24: =Data_Checks!J24 -> 38 | K24: =IF(Data_Checks!T24="Unreasonable",AVERAGE(K23,K25),ABS(Data_Checks!K24)) -> 4.93 | M24: =IF(C24<0,"Negative",IF(C24=0,"Zero",IF(C24>100,"Unreasonably High",IF(C24="","Blank","OK")))) -> OK | N24: =IF(D24="","Blank",IF(D24="F","OK",IF(D24="M","OK","Unreasonable"))) -> OK | O24: =IF(E24="Education Loan","OK",IF(E24="Home Loan","OK",IF(E24="Personal Loan","OK",IF(E24="Vehicle Loan","OK",IF(E24="","Blank","Unreasonable"))))) -> OK | P24: =IF(F24="","Blank",IF(F24<0,"Negative",IF(F24=0,"Zero",IF(F24>10^9,"Very High","OK")))) -> OK | Q24: =IF(G24="","Blank",IF(G24="Yes","OK",IF(G24="No","OK","Unreasonable"))) -> OK | S24: =IF(J24=J23+1,"OK","Check") -> OK | T24: =IF(K24="","Blank",IF(K24<0,"Negative",IF(K24>100,"Very High",IF(AND(J24<>18,K24<=K23),"Unreasonable","OK")))) -> OK | V24: =IF(VLOOKUP(C24,$J$4:$J$46,1,0)=C24,"OK","Check") -> OK | X24: Blank Value changed to previous customer's bank staff value
B25: =Data_Checks!B25 -> BARNES | C25: =Data_Checks!C25 -> 29 | D25: =IF(AND(Data_Checks!D25<>"F",Data_Checks!D25<>"M"),D24,Data_Checks!D25) -> M | E25: =IF(Data_Checks!E25="",E24,Data_Checks!E25) -> Vehicle Loan | F25: =IF(Data_Checks!F25="",F24,ABS(Data_Checks!F25)) -> 14000000 | G25: =IF(Data_Checks!G25="",G24,Data_Checks!G25) -> No | H25: =Data_Checks!H25 -> 0.021014226 | J25: =Data_Checks!J25 -> 39 | K25: =IF(Data_Checks!T25="Unreasonable",AVERAGE(K24,K26),ABS(Data_Checks!K25)) -> 5.053 | M25: =IF(C25<0,"Negative",IF(C25=0,"Zero",IF(C25>100,"Unreasonably High",IF(C25="","Blank","OK")))) -> OK | N25: =IF(D25="","Blank",IF(D25="F","OK",IF(D25="M","OK","Unreasonable"))) -> OK | O25: =IF(E25="Education Loan","OK",IF(E25="Home Loan","OK",IF(E25="Personal Loan","OK",IF(E25="Vehicle Loan","OK",IF(E25="","Blank","Unreasonable"))))) -> OK | P25: =IF(F25="","Blank",IF(F25<0,"Negative",IF(F25=0,"Zero",IF(F25>10^9,"Very High","OK")))) -> OK | Q25: =IF(G25="","Blank",IF(G25="Yes","OK",IF(G25="No","OK","Unreasonable"))) -> OK | S25: =IF(J25=J24+1,"OK","Check") -> OK | T25: =IF(K25="","Blank",IF(K25<0,"Negative",IF(K25>100,"Very High",IF(AND(J25<>18,K25<=K24),"Unreasonable","OK")))) -> OK | V25: =IF(VLOOKUP(C25,$J$4:$J$46,1,0)=C25,"OK","Check") -> OK | X25: No Value other than Yes or No
B26: =Data_Checks!B26 -> BARNETT | C26: =Data_Checks!C26 -> 30 | D26: =IF(AND(Data_Checks!D26<>"F",Data_Checks!D26<>"M"),D25,Data_Checks!D26) -> M | E26: =IF(Data_Checks!E26="",E25,Data_Checks!E26) -> Education Loan | F26: =IF(Data_Checks!F26="",F25,ABS(Data_Checks!F26)) -> 11000000 | G26: =IF(Data_Checks!G26="",G25,Data_Checks!G26) -> No | H26: =Data_Checks!H26 -> -0.7746163 | J26: =Data_Checks!J26 -> 40 | K26: =IF(Data_Checks!T26="Unreasonable",AVERAGE(K25,K27),ABS(Data_Checks!K26)) -> 5.179 | M26: =IF(C26<0,"Negative",IF(C26=0,"Zero",IF(C26>100,"Unreasonably High",IF(C26="","Blank","OK")))) -> OK | N26: =IF(D26="","Blank",IF(D26="F","OK",IF(D26="M","OK","Unreasonable"))) -> OK | O26: =IF(E26="Education Loan","OK",IF(E26="Home Loan","OK",IF(E26="Personal Loan","OK",IF(E26="Vehicle Loan","OK",IF(E26="","Blank","Unreasonable"))))) -> OK | P26: =IF(F26="","Blank",IF(F26<0,"Negative",IF(F26=0,"Zero",IF(F26>10^9,"Very High","OK")))) -> OK | Q26: =IF(G26="","Blank",IF(G26="Yes","OK",IF(G26="No","OK","Unreasonable"))) -> OK | S26: =IF(J26=J25+1,"OK","Check") -> OK | T26: =IF(K26="","Blank",IF(K26<0,"Negative",IF(K26>100,"Very High",IF(AND(J26<>18,K26<=K25),"Unreasonable","OK")))) -> OK | V26: =IF(VLOOKUP(C26,$J$4:$J$46,1,0)=C26,"OK","Check") -> OK
B27: =Data_Checks!B27 -> BARRETT | C27: =Data_Checks!C27 -> 39 | D27: =IF(AND(Data_Checks!D27<>"F",Data_Checks!D27<>"M"),D26,Data_Checks!D27) -> F | E27: =IF(Data_Checks!E27="",E26,Data_Checks!E27) -> Education Loan | F27: =IF(Data_Checks!F27="",F26,ABS(Data_Checks!F27)) -> 9000000 | G27: =IF(Data_Checks!G27="",G26,Data_Checks!G27) -> No | H27: =Data_Checks!H27 -> -0.59918005 | J27: =Data_Checks!J27 -> 41 | K27: =IF(Data_Checks!T27="Unreasonable",AVERAGE(K26,K28),ABS(Data_Checks!K27)) -> 5.308 | M27: =IF(C27<0,"Negative",IF(C27=0,"Zero",IF(C27>100,"Unreasonably High",IF(C27="","Blank","OK")))) -> OK | N27: =IF(D27="","Blank",IF(D27="F","OK",IF(D27="M","OK","Unreasonable"))) -> OK | O27: =IF(E27="Education Loan","OK",IF(E27="Home Loan","OK",IF(E27="Personal Loan","OK",IF(E27="Vehicle Loan","OK",IF(E27="","Blank","Unreasonable"))))) -> OK | P27: =IF(F27="","Blank",IF(F27<0,"Negative",IF(F27=0,"Zero",IF(F27>10^9,"Very High","OK")))) -> OK | Q27: =IF(G27="","Blank",IF(G27="Yes","OK",IF(G27="No","OK","Unreasonable"))) -> OK | S27: =IF(J27=J26+1,"OK","Check") -> OK | T27: =IF(K27="","Blank",IF(K27<0,"Negative",IF(K27>100,"Very High",IF(AND(J27<>18,K27<=K26),"Unreasonable","OK")))) -> OK | V27: =IF(VLOOKUP(C27,$J$4:$J$46,1,0)=C27,"OK","Check") -> OK | X27: Age in Premium Rate table
B28: =Data_Checks!B28 -> BATES | C28: =Data_Checks!C28 -> 49 | D28: =IF(AND(Data_Checks!D28<>"F",Data_Checks!D28<>"M"),D27,Data_Checks!D28) -> M | E28: =IF(Data_Checks!E28="",E27,Data_Checks!E28) -> Education Loan | F28: =IF(Data_Checks!F28="",F27,ABS(Data_Checks!F28)) -> 12000000 | G28: =IF(Data_Checks!G28="",G27,Data_Checks!G28) -> No | H28: =Data_Checks!H28 -> 1.6154231 | J28: =Data_Checks!J28 -> 42 | K28: =IF(Data_Checks!T28="Unreasonable",AVERAGE(K27,K29),ABS(Data_Checks!K28)) -> 5.441 | M28: =IF(C28<0,"Negative",IF(C28=0,"Zero",IF(C28>100,"Unreasonably High",IF(C28="","Blank","OK")))) -> OK | N28: =IF(D28="","Blank",IF(D28="F","OK",IF(D28="M","OK","Unreasonable"))) -> OK | O28: =IF(E28="Education Loan","OK",IF(E28="Home Loan","OK",IF(E28="Personal Loan","OK",IF(E28="Vehicle Loan","OK",IF(E28="","Blank","Unreasonable"))))) -> OK | P28: =IF(F28="","Blank",IF(F28<0,"Negative",IF(F28=0,"Zero",IF(F28>10^9,"Very High","OK")))) -> OK | Q28: =IF(G28="","Blank",IF(G28="Yes","OK",IF(G28="No","OK","Unreasonable"))) -> OK | S28: =IF(J28=J27+1,"OK","Check") -> OK | T28: =IF(K28="","Blank",IF(K28<0,"Negative",IF(K28>100,"Very High",IF(AND(J28<>18,K28<=K27),"Unreasonable","OK")))) -> OK | V28: =IF(VLOOKUP(C28,$J$4:$J$46,1,0)=C28,"OK","Check") -> OK | X28: Age is in increasing order by 1
B29: =Data_Checks!B29 -> BECK | C29: =Data_Checks!C29 -> 28 | D29: =IF(AND(Data_Checks!D29<>"F",Data_Checks!D29<>"M"),D28,Data_Checks!D29) -> F | E29: =IF(Data_Checks!E29="",E28,Data_Checks!E29) -> Home Loan | F29: =IF(Data_Checks!F29="",F28,ABS(Data_Checks!F29)) -> 10000000 | G29: =IF(Data_Checks!G29="",G28,Data_Checks!G29) -> No | H29: =Data_Checks!H29 -> 0.1434965 | J29: =Data_Checks!J29 -> 43 | K29: =IF(Data_Checks!T29="Unreasonable",AVERAGE(K28,K30),ABS(Data_Checks!K29)) -> 5.577025 | M29: =IF(C29<0,"Negative",IF(C29=0,"Zero",IF(C29>100,"Unreasonably High",IF(C29="","Blank","OK")))) -> OK | N29: =IF(D29="","Blank",IF(D29="F","OK",IF(D29="M","OK","Unreasonable"))) -> OK | O29: =IF(E29="Education Loan","OK",IF(E29="Home Loan","OK",IF(E29="Personal Loan","OK",IF(E29="Vehicle Loan","OK",IF(E29="","Blank","Unreasonable"))))) -> OK | P29: =IF(F29="","Blank",IF(F29<0,"Negative",IF(F29=0,"Zero",IF(F29>10^9,"Very High","OK")))) -> OK | Q29: =IF(G29="","Blank",IF(G29="Yes","OK",IF(G29="No","OK","Unreasonable"))) -> OK | S29: =IF(J29=J28+1,"OK","Check") -> OK | T29: =IF(K29="","Blank",IF(K29<0,"Negative",IF(K29>100,"Very High",IF(AND(J29<>18,K29<=K28),"Unreasonable","OK")))) -> OK | V29: =IF(VLOOKUP(C29,$J$4:$J$46,1,0)=C29,"OK","Check") -> OK
B30: =Data_Checks!B30 -> BECKER | C30: =Data_Checks!C30 -> 23 | D30: =IF(AND(Data_Checks!D30<>"F",Data_Checks!D30<>"M"),D29,Data_Checks!D30) -> F | E30: =IF(Data_Checks!E30="",E29,Data_Checks!E30) -> Home Loan | F30: =IF(Data_Checks!F30="",F29,ABS(Data_Checks!F30)) -> 12000000 | G30: =IF(Data_Checks!G30="",G29,Data_Checks!G30) -> No | H30: =Data_Checks!H30 -> -0.52892385 | J30: =Data_Checks!J30 -> 44 | K30: =IF(Data_Checks!T30="Unreasonable",AVERAGE(K29,K31),ABS(Data_Checks!K30)) -> 5.716 | M30: =IF(C30<0,"Negative",IF(C30=0,"Zero",IF(C30>100,"Unreasonably High",IF(C30="","Blank","OK")))) -> OK | N30: =IF(D30="","Blank",IF(D30="F","OK",IF(D30="M","OK","Unreasonable"))) -> OK | O30: =IF(E30="Education Loan","OK",IF(E30="Home Loan","OK",IF(E30="Personal Loan","OK",IF(E30="Vehicle Loan","OK",IF(E30="","Blank","Unreasonable"))))) -> OK | P30: =IF(F30="","Blank",IF(F30<0,"Negative",IF(F30=0,"Zero",IF(F30>10^9,"Very High","OK")))) -> OK | Q30: =IF(G30="","Blank",IF(G30="Yes","OK",IF(G30="No","OK","Unreasonable"))) -> OK | S30: =IF(J30=J29+1,"OK","Check") -> OK | T30: =IF(K30="","Blank",IF(K30<0,"Negative",IF(K30>100,"Very High",IF(AND(J30<>18,K30<=K29),"Unreasonable","OK")))) -> OK | V30: =IF(VLOOKUP(C30,$J$4:$J$46,1,0)=C30,"OK","Check") -> OK | X30: Premium Rate for Male Customer
B31: =Data_Checks!B31 -> BELL | C31: =Data_Checks!C31 -> 21 | D31: =IF(AND(Data_Checks!D31<>"F",Data_Checks!D31<>"M"),D30,Data_Checks!D31) -> F | E31: =IF(Data_Checks!E31="",E30,Data_Checks!E31) -> Home Loan | F31: =IF(Data_Checks!F31="",F30,ABS(Data_Checks!F31)) -> 13000000 | G31: =IF(Data_Checks!G31="",G30,Data_Checks!G31) -> No | H31: =Data_Checks!H31 -> -0.55185874 | J31: =Data_Checks!J31 -> 45 | K31: =IF(Data_Checks!T31="Unreasonable",AVERAGE(K30,K32),ABS(Data_Checks!K31)) -> 5.859 | M31: =IF(C31<0,"Negative",IF(C31=0,"Zero",IF(C31>100,"Unreasonably High",IF(C31="","Blank","OK")))) -> OK | N31: =IF(D31="","Blank",IF(D31="F","OK",IF(D31="M","OK","Unreasonable"))) -> OK | O31: =IF(E31="Education Loan","OK",IF(E31="Home Loan","OK",IF(E31="Personal Loan","OK",IF(E31="Vehicle Loan","OK",IF(E31="","Blank","Unreasonable"))))) -> OK | P31: =IF(F31="","Blank",IF(F31<0,"Negative",IF(F31=0,"Zero",IF(F31>10^9,"Very High","OK")))) -> OK | Q31: =IF(G31="","Blank",IF(G31="Yes","OK",IF(G31="No","OK","Unreasonable"))) -> OK | S31: =IF(J31=J30+1,"OK","Check") -> OK | T31: =IF(K31="","Blank",IF(K31<0,"Negative",IF(K31>100,"Very High",IF(AND(J31<>18,K31<=K30),"Unreasonable","OK")))) -> OK | V31: =IF(VLOOKUP(C31,$J$4:$J$46,1,0)=C31,"OK","Check") -> OK | X31: Negative Value changed to positive value
B32: =Data_Checks!B32 -> BENNETT | C32: =Data_Checks!C32 -> 49 | D32: =IF(AND(Data_Checks!D32<>"F",Data_Checks!D32<>"M"),D31,Data_Checks!D32) -> F | E32: =IF(Data_Checks!E32="",E31,Data_Checks!E32) -> Education Loan | F32: =IF(Data_Checks!F32="",F31,ABS(Data_Checks!F32)) -> 10000000 | G32: =IF(Data_Checks!G32="",G31,Data_Checks!G32) -> No | H32: =Data_Checks!H32 -> -0.056442998 | J32: =Data_Checks!J32 -> 46 | K32: =IF(Data_Checks!T32="Unreasonable",AVERAGE(K31,K33),ABS(Data_Checks!K32)) -> 6.005 | M32: =IF(C32<0,"Negative",IF(C32=0,"Zero",IF(C32>100,"Unreasonably High",IF(C32="","Blank","OK")))) -> OK | N32: =IF(D32="","Blank",IF(D32="F","OK",IF(D32="M","OK","Unreasonable"))) -> OK | O32: =IF(E32="Education Loan","OK",IF(E32="Home Loan","OK",IF(E32="Personal Loan","OK",IF(E32="Vehicle Loan","OK",IF(E32="","Blank","Unreasonable"))))) -> OK | P32: =IF(F32="","Blank",IF(F32<0,"Negative",IF(F32=0,"Zero",IF(F32>10^9,"Very High","OK")))) -> OK | Q32: =IF(G32="","Blank",IF(G32="Yes","OK",IF(G32="No","OK","Unreasonable"))) -> OK | S32: =IF(J32=J31+1,"OK","Check") -> OK | T32: =IF(K32="","Blank",IF(K32<0,"Negative",IF(K32>100,"Very High",IF(AND(J32<>18,K32<=K31),"Unreasonable","OK")))) -> OK | V32: =IF(VLOOKUP(C32,$J$4:$J$46,1,0)=C32,"OK","Check") -> OK | X32: No Zero Value
B33: =Data_Checks!B33 -> BENSON | C33: =Data_Checks!C33 -> 59 | D33: =IF(AND(Data_Checks!D33<>"F",Data_Checks!D33<>"M"),D32,Data_Checks!D33) -> M | E33: =IF(Data_Checks!E33="",E32,Data_Checks!E33) -> Home Loan | F33: =IF(Data_Checks!F33="",F32,ABS(Data_Checks!F33)) -> 8000000 | G33: =IF(Data_Checks!G33="",G32,Data_Checks!G33) -> No | H33: =Data_Checks!H33 -> 0.82166717 | J33: =Data_Checks!J33 -> 47 | K33: =IF(Data_Checks!T33="Unreasonable",AVERAGE(K32,K34),ABS(Data_Checks!K33)) -> 6.157 | M33: =IF(C33<0,"Negative",IF(C33=0,"Zero",IF(C33>100,"Unreasonably High",IF(C33="","Blank","OK")))) -> OK | N33: =IF(D33="","Blank",IF(D33="F","OK",IF(D33="M","OK","Unreasonable"))) -> OK | O33: =IF(E33="Education Loan","OK",IF(E33="Home Loan","OK",IF(E33="Personal Loan","OK",IF(E33="Vehicle Loan","OK",IF(E33="","Blank","Unreasonable"))))) -> OK | P33: =IF(F33="","Blank",IF(F33<0,"Negative",IF(F33=0,"Zero",IF(F33>10^9,"Very High","OK")))) -> OK | Q33: =IF(G33="","Blank",IF(G33="Yes","OK",IF(G33="No","OK","Unreasonable"))) -> OK | S33: =IF(J33=J32+1,"OK","Check") -> OK | T33: =IF(K33="","Blank",IF(K33<0,"Negative",IF(K33>100,"Very High",IF(AND(J33<>18,K33<=K32),"Unreasonable","OK")))) -> OK | V33: =IF(VLOOKUP(C33,$J$4:$J$46,1,0)=C33,"OK","Check") -> OK | X33: No Blank Value
B34: =Data_Checks!B34 -> BERRY | C34: =Data_Checks!C34 -> 46 | D34: =IF(AND(Data_Checks!D34<>"F",Data_Checks!D34<>"M"),D33,Data_Checks!D34) -> M | E34: =IF(Data_Checks!E34="",E33,Data_Checks!E34) -> Education Loan | F34: =IF(Data_Checks!F34="",F33,ABS(Data_Checks!F34)) -> 12000000 | G34: =IF(Data_Checks!G34="",G33,Data_Checks!G34) -> No | H34: =Data_Checks!H34 -> -0.28572008 | J34: =Data_Checks!J34 -> 48 | K34: =IF(Data_Checks!T34="Unreasonable",AVERAGE(K33,K35),ABS(Data_Checks!K34)) -> 6.309 | M34: =IF(C34<0,"Negative",IF(C34=0,"Zero",IF(C34>100,"Unreasonably High",IF(C34="","Blank","OK")))) -> OK | N34: =IF(D34="","Blank",IF(D34="F","OK",IF(D34="M","OK","Unreasonable"))) -> OK | O34: =IF(E34="Education Loan","OK",IF(E34="Home Loan","OK",IF(E34="Personal Loan","OK",IF(E34="Vehicle Loan","OK",IF(E34="","Blank","Unreasonable"))))) -> OK | P34: =IF(F34="","Blank",IF(F34<0,"Negative",IF(F34=0,"Zero",IF(F34>10^9,"Very High","OK")))) -> OK | Q34: =IF(G34="","Blank",IF(G34="Yes","OK",IF(G34="No","OK","Unreasonable"))) -> OK | S34: =IF(J34=J33+1,"OK","Check") -> OK | T34: =IF(K34="","Blank",IF(K34<0,"Negative",IF(K34>100,"Very High",IF(AND(J34<>18,K34<=K33),"Unreasonable","OK")))) -> OK | V34: =IF(VLOOKUP(C34,$J$4:$J$46,1,0)=C34,"OK","Check") -> OK | X34: No Very High Value
B35: =Data_Checks!B35 -> BISHOP | C35: =Data_Checks!C35 -> 44 | D35: =IF(AND(Data_Checks!D35<>"F",Data_Checks!D35<>"M"),D34,Data_Checks!D35) -> M | E35: =IF(Data_Checks!E35="",E34,Data_Checks!E35) -> Home Loan | F35: =IF(Data_Checks!F35="",F34,ABS(Data_Checks!F35)) -> 11000000 | G35: =IF(Data_Checks!G35="",G34,Data_Checks!G35) -> No | H35: =Data_Checks!H35 -> 0.57432309 | J35: =Data_Checks!J35 -> 49 | K35: =IF(Data_Checks!T35="Unreasonable",AVERAGE(K34,K36),ABS(Data_Checks!K35)) -> 6.467 | M35: =IF(C35<0,"Negative",IF(C35=0,"Zero",IF(C35>100,"Unreasonably High",IF(C35="","Blank","OK")))) -> OK | N35: =IF(D35="","Blank",IF(D35="F","OK",IF(D35="M","OK","Unreasonable"))) -> OK | O35: =IF(E35="Education Loan","OK",IF(E35="Home Loan","OK",IF(E35="Personal Loan","OK",IF(E35="Vehicle Loan","OK",IF(E35="","Blank","Unreasonable"))))) -> OK | P35: =IF(F35="","Blank",IF(F35<0,"Negative",IF(F35=0,"Zero",IF(F35>10^9,"Very High","OK")))) -> OK | Q35: =IF(G35="","Blank",IF(G35="Yes","OK",IF(G35="No","OK","Unreasonable"))) -> OK | S35: =IF(J35=J34+1,"OK","Check") -> OK | T35: =IF(K35="","Blank",IF(K35<0,"Negative",IF(K35>100,"Very High",IF(AND(J35<>18,K35<=K34),"Unreasonable","OK")))) -> OK | V35: =IF(VLOOKUP(C35,$J$4:$J$46,1,0)=C35,"OK","Check") -> OK | X35: Premium rate not increasing with age changed to average of previous age and next age
B36: =Data_Checks!B36 -> BLACK | C36: =Data_Checks!C36 -> 30 | D36: =IF(AND(Data_Checks!D36<>"F",Data_Checks!D36<>"M"),D35,Data_Checks!D36) -> F | E36: =IF(Data_Checks!E36="",E35,Data_Checks!E36) -> Home Loan | F36: =IF(Data_Checks!F36="",F35,ABS(Data_Checks!F36)) -> 11000000 | G36: =IF(Data_Checks!G36="",G35,Data_Checks!G36) -> No | H36: =Data_Checks!H36 -> 0.058537885 | J36: =Data_Checks!J36 -> 50 | K36: =IF(Data_Checks!T36="Unreasonable",AVERAGE(K35,K37),ABS(Data_Checks!K36)) -> 6.629 | M36: =IF(C36<0,"Negative",IF(C36=0,"Zero",IF(C36>100,"Unreasonably High",IF(C36="","Blank","OK")))) -> OK | N36: =IF(D36="","Blank",IF(D36="F","OK",IF(D36="M","OK","Unreasonable"))) -> OK | O36: =IF(E36="Education Loan","OK",IF(E36="Home Loan","OK",IF(E36="Personal Loan","OK",IF(E36="Vehicle Loan","OK",IF(E36="","Blank","Unreasonable"))))) -> OK | P36: =IF(F36="","Blank",IF(F36<0,"Negative",IF(F36=0,"Zero",IF(F36>10^9,"Very High","OK")))) -> OK | Q36: =IF(G36="","Blank",IF(G36="Yes","OK",IF(G36="No","OK","Unreasonable"))) -> OK | S36: =IF(J36=J35+1,"OK","Check") -> OK | T36: =IF(K36="","Blank",IF(K36<0,"Negative",IF(K36>100,"Very High",IF(AND(J36<>18,K36<=K35),"Unreasonable","OK")))) -> OK | V36: =IF(VLOOKUP(C36,$J$4:$J$46,1,0)=C36,"OK","Check") -> OK
B37: =Data_Checks!B37 -> BOWEN | C37: =Data_Checks!C37 -> 31 | D37: =IF(AND(Data_Checks!D37<>"F",Data_Checks!D37<>"M"),D36,Data_Checks!D37) -> M | E37: =IF(Data_Checks!E37="",E36,Data_Checks!E37) -> Home Loan | F37: =IF(Data_Checks!F37="",F36,ABS(Data_Checks!F37)) -> 10000000 | G37: =IF(Data_Checks!G37="",G36,Data_Checks!G37) -> No | H37: =Data_Checks!H37 -> 1.0187425 | J37: =Data_Checks!J37 -> 51 | K37: =IF(Data_Checks!T37="Unreasonable",AVERAGE(K36,K38),ABS(Data_Checks!K37)) -> 6.795 | M37: =IF(C37<0,"Negative",IF(C37=0,"Zero",IF(C37>100,"Unreasonably High",IF(C37="","Blank","OK")))) -> OK | N37: =IF(D37="","Blank",IF(D37="F","OK",IF(D37="M","OK","Unreasonable"))) -> OK | O37: =IF(E37="Education Loan","OK",IF(E37="Home Loan","OK",IF(E37="Personal Loan","OK",IF(E37="Vehicle Loan","OK",IF(E37="","Blank","Unreasonable"))))) -> OK | P37: =IF(F37="","Blank",IF(F37<0,"Negative",IF(F37=0,"Zero",IF(F37>10^9,"Very High","OK")))) -> OK | Q37: =IF(G37="","Blank",IF(G37="Yes","OK",IF(G37="No","OK","Unreasonable"))) -> OK | S37: =IF(J37=J36+1,"OK","Check") -> OK | T37: =IF(K37="","Blank",IF(K37<0,"Negative",IF(K37>100,"Very High",IF(AND(J37<>18,K37<=K36),"Unreasonable","OK")))) -> OK | V37: =IF(VLOOKUP(C37,$J$4:$J$46,1,0)=C37,"OK","Check") -> OK | X37: Age in Customer and Premium Data
B38: =Data_Checks!B38 -> BOWMAN | C38: =Data_Checks!C38 -> 24 | D38: =IF(AND(Data_Checks!D38<>"F",Data_Checks!D38<>"M"),D37,Data_Checks!D38) -> M | E38: =IF(Data_Checks!E38="",E37,Data_Checks!E38) -> Vehicle Loan | F38: =IF(Data_Checks!F38="",F37,ABS(Data_Checks!F38)) -> 12000000 | G38: =IF(Data_Checks!G38="",G37,Data_Checks!G38) -> No | H38: =Data_Checks!H38 -> -0.99966653 | J38: =Data_Checks!J38 -> 52 | K38: =IF(Data_Checks!T38="Unreasonable",AVERAGE(K37,K39),ABS(Data_Checks!K38)) -> 6.965 | M38: =IF(C38<0,"Negative",IF(C38=0,"Zero",IF(C38>100,"Unreasonably High",IF(C38="","Blank","OK")))) -> OK | N38: =IF(D38="","Blank",IF(D38="F","OK",IF(D38="M","OK","Unreasonable"))) -> OK | O38: =IF(E38="Education Loan","OK",IF(E38="Home Loan","OK",IF(E38="Personal Loan","OK",IF(E38="Vehicle Loan","OK",IF(E38="","Blank","Unreasonable"))))) -> OK | P38: =IF(F38="","Blank",IF(F38<0,"Negative",IF(F38=0,"Zero",IF(F38>10^9,"Very High","OK")))) -> OK | Q38: =IF(G38="","Blank",IF(G38="Yes","OK",IF(G38="No","OK","Unreasonable"))) -> OK | S38: =IF(J38=J37+1,"OK","Check") -> OK | T38: =IF(K38="","Blank",IF(K38<0,"Negative",IF(K38>100,"Very High",IF(AND(J38<>18,K38<=K37),"Unreasonable","OK")))) -> OK | V38: =IF(VLOOKUP(C38,$J$4:$J$46,1,0)=C38,"OK","Check") -> OK | X38: Premium rate for all the customers is available in premium rate table
B39: =Data_Checks!B39 -> BOYD | C39: =Data_Checks!C39 -> 58 | D39: =IF(AND(Data_Checks!D39<>"F",Data_Checks!D39<>"M"),D38,Data_Checks!D39) -> F | E39: =IF(Data_Checks!E39="",E38,Data_Checks!E39) -> Vehicle Loan | F39: =IF(Data_Checks!F39="",F38,ABS(Data_Checks!F39)) -> 11000000 | G39: =IF(Data_Checks!G39="",G38,Data_Checks!G39) -> No | H39: =Data_Checks!H39 -> 0.43111463 | J39: =Data_Checks!J39 -> 53 | K39: =IF(Data_Checks!T39="Unreasonable",AVERAGE(K38,K40),ABS(Data_Checks!K39)) -> 7.139 | M39: =IF(C39<0,"Negative",IF(C39=0,"Zero",IF(C39>100,"Unreasonably High",IF(C39="","Blank","OK")))) -> OK | N39: =IF(D39="","Blank",IF(D39="F","OK",IF(D39="M","OK","Unreasonable"))) -> OK | O39: =IF(E39="Education Loan","OK",IF(E39="Home Loan","OK",IF(E39="Personal Loan","OK",IF(E39="Vehicle Loan","OK",IF(E39="","Blank","Unreasonable"))))) -> OK | P39: =IF(F39="","Blank",IF(F39<0,"Negative",IF(F39=0,"Zero",IF(F39>10^9,"Very High","OK")))) -> OK | Q39: =IF(G39="","Blank",IF(G39="Yes","OK",IF(G39="No","OK","Unreasonable"))) -> OK | S39: =IF(J39=J38+1,"OK","Check") -> OK | T39: =IF(K39="","Blank",IF(K39<0,"Negative",IF(K39>100,"Very High",IF(AND(J39<>18,K39<=K38),"Unreasonable","OK")))) -> OK | V39: =IF(VLOOKUP(C39,$J$4:$J$46,1,0)=C39,"OK","Check") -> OK
B40: =Data_Checks!B40 -> BRADLEY | C40: =Data_Checks!C40 -> 37 | D40: =IF(AND(Data_Checks!D40<>"F",Data_Checks!D40<>"M"),D39,Data_Checks!D40) -> M | E40: =IF(Data_Checks!E40="",E39,Data_Checks!E40) -> Home Loan | F40: =IF(Data_Checks!F40="",F39,ABS(Data_Checks!F40)) -> 12000000 | G40: =IF(Data_Checks!G40="",G39,Data_Checks!G40) -> Yes | H40: =Data_Checks!H40 -> -0.89902674 | J40: =Data_Checks!J40 -> 54 | K40: =IF(Data_Checks!T40="Unreasonable",AVERAGE(K39,K41),ABS(Data_Checks!K40)) -> 7.317 | M40: =IF(C40<0,"Negative",IF(C40=0,"Zero",IF(C40>100,"Unreasonably High",IF(C40="","Blank","OK")))) -> OK | N40: =IF(D40="","Blank",IF(D40="F","OK",IF(D40="M","OK","Unreasonable"))) -> OK | O40: =IF(E40="Education Loan","OK",IF(E40="Home Loan","OK",IF(E40="Personal Loan","OK",IF(E40="Vehicle Loan","OK",IF(E40="","Blank","Unreasonable"))))) -> OK | P40: =IF(F40="","Blank",IF(F40<0,"Negative",IF(F40=0,"Zero",IF(F40>10^9,"Very High","OK")))) -> OK | Q40: =IF(G40="","Blank",IF(G40="Yes","OK",IF(G40="No","OK","Unreasonable"))) -> OK | S40: =IF(J40=J39+1,"OK","Check") -> OK | T40: =IF(K40="","Blank",IF(K40<0,"Negative",IF(K40>100,"Very High",IF(AND(J40<>18,K40<=K39),"Unreasonable","OK")))) -> OK | V40: =IF(VLOOKUP(C40,$J$4:$J$46,1,0)=C40,"OK","Check") -> OK
B41: =Data_Checks!B41 -> BREWER | C41: =Data_Checks!C41 -> 23 | D41: =IF(AND(Data_Checks!D41<>"F",Data_Checks!D41<>"M"),D40,Data_Checks!D41) -> F | E41: =IF(Data_Checks!E41="",E40,Data_Checks!E41) -> Home Loan | F41: =IF(Data_Checks!F41="",F40,ABS(Data_Checks!F41)) -> 10000000 | G41: =IF(Data_Checks!G41="",G40,Data_Checks!G41) -> No | H41: =Data_Checks!H41 -> 0.42109056 | J41: =Data_Checks!J41 -> 55 | K41: =IF(Data_Checks!T41="Unreasonable",AVERAGE(K40,K42),ABS(Data_Checks!K41)) -> 7.5 | M41: =IF(C41<0,"Negative",IF(C41=0,"Zero",IF(C41>100,"Unreasonably High",IF(C41="","Blank","OK")))) -> OK | N41: =IF(D41="","Blank",IF(D41="F","OK",IF(D41="M","OK","Unreasonable"))) -> OK | O41: =IF(E41="Education Loan","OK",IF(E41="Home Loan","OK",IF(E41="Personal Loan","OK",IF(E41="Vehicle Loan","OK",IF(E41="","Blank","Unreasonable"))))) -> OK | P41: =IF(F41="","Blank",IF(F41<0,"Negative",IF(F41=0,"Zero",IF(F41>10^9,"Very High","OK")))) -> OK | Q41: =IF(G41="","Blank",IF(G41="Yes","OK",IF(G41="No","OK","Unreasonable"))) -> OK | S41: =IF(J41=J40+1,"OK","Check") -> OK | T41: =IF(K41="","Blank",IF(K41<0,"Negative",IF(K41>100,"Very High",IF(AND(J41<>18,K41<=K40),"Unreasonable","OK")))) -> OK | V41: =IF(VLOOKUP(C41,$J$4:$J$46,1,0)=C41,"OK","Check") -> OK
B42: =Data_Checks!B42 -> BROOKS | C42: =Data_Checks!C42 -> 49 | D42: =IF(AND(Data_Checks!D42<>"F",Data_Checks!D42<>"M"),D41,Data_Checks!D42) -> M | E42: =IF(Data_Checks!E42="",E41,Data_Checks!E42) -> Education Loan | F42: =IF(Data_Checks!F42="",F41,ABS(Data_Checks!F42)) -> 11000000 | G42: =IF(Data_Checks!G42="",G41,Data_Checks!G42) -> No | H42: =Data_Checks!H42 -> -1.0014396 | J42: =Data_Checks!J42 -> 56 | K42: =IF(Data_Checks!T42="Unreasonable",AVERAGE(K41,K43),ABS(Data_Checks!K42)) -> 7.69 | M42: =IF(C42<0,"Negative",IF(C42=0,"Zero",IF(C42>100,"Unreasonably High",IF(C42="","Blank","OK")))) -> OK | N42: =IF(D42="","Blank",IF(D42="F","OK",IF(D42="M","OK","Unreasonable"))) -> OK | O42: =IF(E42="Education Loan","OK",IF(E42="Home Loan","OK",IF(E42="Personal Loan","OK",IF(E42="Vehicle Loan","OK",IF(E42="","Blank","Unreasonable"))))) -> OK | P42: =IF(F42="","Blank",IF(F42<0,"Negative",IF(F42=0,"Zero",IF(F42>10^9,"Very High","OK")))) -> OK | Q42: =IF(G42="","Blank",IF(G42="Yes","OK",IF(G42="No","OK","Unreasonable"))) -> OK | S42: =IF(J42=J41+1,"OK","Check") -> OK | T42: =IF(K42="","Blank",IF(K42<0,"Negative",IF(K42>100,"Very High",IF(AND(J42<>18,K42<=K41),"Unreasonable","OK")))) -> OK | V42: =IF(VLOOKUP(C42,$J$4:$J$46,1,0)=C42,"OK","Check") -> OK
B43: =Data_Checks!B43 -> BRYANT | C43: =Data_Checks!C43 -> 20 | D43: =IF(AND(Data_Checks!D43<>"F",Data_Checks!D43<>"M"),D42,Data_Checks!D43) -> M | E43: =IF(Data_Checks!E43="",E42,Data_Checks!E43) -> Personal Loan | F43: =IF(Data_Checks!F43="",F42,ABS(Data_Checks!F43)) -> 12000000 | G43: =IF(Data_Checks!G43="",G42,Data_Checks!G43) -> No | H43: =Data_Checks!H43 -> 0.27118825 | J43: =Data_Checks!J43 -> 57 | K43: =IF(Data_Checks!T43="Unreasonable",AVERAGE(K42,K44),ABS(Data_Checks!K43)) -> 7.88 | M43: =IF(C43<0,"Negative",IF(C43=0,"Zero",IF(C43>100,"Unreasonably High",IF(C43="","Blank","OK")))) -> OK | N43: =IF(D43="","Blank",IF(D43="F","OK",IF(D43="M","OK","Unreasonable"))) -> OK | O43: =IF(E43="Education Loan","OK",IF(E43="Home Loan","OK",IF(E43="Personal Loan","OK",IF(E43="Vehicle Loan","OK",IF(E43="","Blank","Unreasonable"))))) -> OK | P43: =IF(F43="","Blank",IF(F43<0,"Negative",IF(F43=0,"Zero",IF(F43>10^9,"Very High","OK")))) -> OK | Q43: =IF(G43="","Blank",IF(G43="Yes","OK",IF(G43="No","OK","Unreasonable"))) -> OK | S43: =IF(J43=J42+1,"OK","Check") -> OK | T43: =IF(K43="","Blank",IF(K43<0,"Negative",IF(K43>100,"Very High",IF(AND(J43<>18,K43<=K42),"Unreasonable","OK")))) -> OK | V43: =IF(VLOOKUP(C43,$J$4:$J$46,1,0)=C43,"OK","Check") -> OK
B44: =Data_Checks!B44 -> BURKE | C44: =Data_Checks!C44 -> 25 | D44: =IF(AND(Data_Checks!D44<>"F",Data_Checks!D44<>"M"),D43,Data_Checks!D44) -> M | E44: =IF(Data_Checks!E44="",E43,Data_Checks!E44) -> Home Loan | F44: =IF(Data_Checks!F44="",F43,ABS(Data_Checks!F44)) -> 13000000 | G44: =IF(Data_Checks!G44="",G43,Data_Checks!G44) -> No | H44: =Data_Checks!H44 -> 2.5381062 | J44: =Data_Checks!J44 -> 58 | K44: =IF(Data_Checks!T44="Unreasonable",AVERAGE(K43,K45),ABS(Data_Checks!K44)) -> 8.077 | M44: =IF(C44<0,"Negative",IF(C44=0,"Zero",IF(C44>100,"Unreasonably High",IF(C44="","Blank","OK")))) -> OK | N44: =IF(D44="","Blank",IF(D44="F","OK",IF(D44="M","OK","Unreasonable"))) -> OK | O44: =IF(E44="Education Loan","OK",IF(E44="Home Loan","OK",IF(E44="Personal Loan","OK",IF(E44="Vehicle Loan","OK",IF(E44="","Blank","Unreasonable"))))) -> OK | P44: =IF(F44="","Blank",IF(F44<0,"Negative",IF(F44=0,"Zero",IF(F44>10^9,"Very High","OK")))) -> OK | Q44: =IF(G44="","Blank",IF(G44="Yes","OK",IF(G44="No","OK","Unreasonable"))) -> OK | S44: =IF(J44=J43+1,"OK","Check") -> OK | T44: =IF(K44="","Blank",IF(K44<0,"Negative",IF(K44>100,"Very High",IF(AND(J44<>18,K44<=K43),"Unreasonable","OK")))) -> OK | V44: =IF(VLOOKUP(C44,$J$4:$J$46,1,0)=C44,"OK","Check") -> OK
B45: =Data_Checks!B45 -> BURNS | C45: =Data_Checks!C45 -> 29 | D45: =IF(AND(Data_Checks!D45<>"F",Data_Checks!D45<>"M"),D44,Data_Checks!D45) -> F | E45: =IF(Data_Checks!E45="",E44,Data_Checks!E45) -> Personal Loan | F45: =IF(Data_Checks!F45="",F44,ABS(Data_Checks!F45)) -> 10000000 | G45: =IF(Data_Checks!G45="",G44,Data_Checks!G45) -> No | H45: =Data_Checks!H45 -> -2.2736016 | J45: =Data_Checks!J45 -> 59 | K45: =IF(Data_Checks!T45="Unreasonable",AVERAGE(K44,K46),ABS(Data_Checks!K45)) -> 8.279 | M45: =IF(C45<0,"Negative",IF(C45=0,"Zero",IF(C45>100,"Unreasonably High",IF(C45="","Blank","OK")))) -> OK | N45: =IF(D45="","Blank",IF(D45="F","OK",IF(D45="M","OK","Unreasonable"))) -> OK | O45: =IF(E45="Education Loan","OK",IF(E45="Home Loan","OK",IF(E45="Personal Loan","OK",IF(E45="Vehicle Loan","OK",IF(E45="","Blank","Unreasonable"))))) -> OK | P45: =IF(F45="","Blank",IF(F45<0,"Negative",IF(F45=0,"Zero",IF(F45>10^9,"Very High","OK")))) -> OK | Q45: =IF(G45="","Blank",IF(G45="Yes","OK",IF(G45="No","OK","Unreasonable"))) -> OK | S45: =IF(J45=J44+1,"OK","Check") -> OK | T45: =IF(K45="","Blank",IF(K45<0,"Negative",IF(K45>100,"Very High",IF(AND(J45<>18,K45<=K44),"Unreasonable","OK")))) -> OK | V45: =IF(VLOOKUP(C45,$J$4:$J$46,1,0)=C45,"OK","Check") -> OK
B46: =Data_Checks!B46 -> BURTON | C46: =Data_Checks!C46 -> 34 | D46: =IF(AND(Data_Checks!D46<>"F",Data_Checks!D46<>"M"),D45,Data_Checks!D46) -> F | E46: =IF(Data_Checks!E46="",E45,Data_Checks!E46) -> Vehicle Loan | F46: =IF(Data_Checks!F46="",F45,ABS(Data_Checks!F46)) -> 10000000 | G46: =IF(Data_Checks!G46="",G45,Data_Checks!G46) -> No | H46: =Data_Checks!H46 -> -1.5533813 | J46: =Data_Checks!J46 -> 60 | K46: =IF(Data_Checks!T46="Unreasonable",AVERAGE(K45,K47),ABS(Data_Checks!K46)) -> 8.486 | M46: =IF(C46<0,"Negative",IF(C46=0,"Zero",IF(C46>100,"Unreasonably High",IF(C46="","Blank","OK")))) -> OK | N46: =IF(D46="","Blank",IF(D46="F","OK",IF(D46="M","OK","Unreasonable"))) -> OK | O46: =IF(E46="Education Loan","OK",IF(E46="Home Loan","OK",IF(E46="Personal Loan","OK",IF(E46="Vehicle Loan","OK",IF(E46="","Blank","Unreasonable"))))) -> OK | P46: =IF(F46="","Blank",IF(F46<0,"Negative",IF(F46=0,"Zero",IF(F46>10^9,"Very High","OK")))) -> OK | Q46: =IF(G46="","Blank",IF(G46="Yes","OK",IF(G46="No","OK","Unreasonable"))) -> OK | S46: =IF(J46=J45+1,"OK","Check") -> OK | T46: =IF(K46="","Blank",IF(K46<0,"Negative",IF(K46>100,"Very High",IF(AND(J46<>18,K46<=K45),"Unreasonable","OK")))) -> OK | V46: =IF(VLOOKUP(C46,$J$4:$J$46,1,0)=C46,"OK","Check") -> OK
B47: =Data_Checks!B47 -> BUSH | C47: =Data_Checks!C47 -> 54 | D47: =IF(AND(Data_Checks!D47<>"F",Data_Checks!D47<>"M"),D46,Data_Checks!D47) -> F | E47: =IF(Data_Checks!E47="",E46,Data_Checks!E47) -> Education Loan | F47: =IF(Data_Checks!F47="",F46,ABS(Data_Checks!F47)) -> 9000000 | G47: =IF(Data_Checks!G47="",G46,Data_Checks!G47) -> No | H47: =Data_Checks!H47 -> -0.69678167 | M47: =IF(C47<0,"Negative",IF(C47=0,"Zero",IF(C47>100,"Unreasonably High",IF(C47="","Blank","OK")))) -> OK | N47: =IF(D47="","Blank",IF(D47="F","OK",IF(D47="M","OK","Unreasonable"))) -> OK | O47: =IF(E47="Education Loan","OK",IF(E47="Home Loan","OK",IF(E47="Personal Loan","OK",IF(E47="Vehicle Loan","OK",IF(E47="","Blank","Unreasonable"))))) -> OK | P47: =IF(F47="","Blank",IF(F47<0,"Negative",IF(F47=0,"Zero",IF(F47>10^9,"Very High","OK")))) -> OK | Q47: =IF(G47="","Blank",IF(G47="Yes","OK",IF(G47="No","OK","Unreasonable"))) -> OK | V47: =IF(VLOOKUP(C47,$J$4:$J$46,1,0)=C47,"OK","Check") -> OK
B48: =Data_Checks!B48 -> BUTLER | C48: =Data_Checks!C48 -> 55 | D48: =IF(AND(Data_Checks!D48<>"F",Data_Checks!D48<>"M"),D47,Data_Checks!D48) -> M | E48: =IF(Data_Checks!E48="",E47,Data_Checks!E48) -> Education Loan | F48: =IF(Data_Checks!F48="",F47,ABS(Data_Checks!F48)) -> 9000000 | G48: =IF(Data_Checks!G48="",G47,Data_Checks!G48) -> No | H48: =Data_Checks!H48 -> -0.16145025 | M48: =IF(C48<0,"Negative",IF(C48=0,"Zero",IF(C48>100,"Unreasonably High",IF(C48="","Blank","OK")))) -> OK | N48: =IF(D48="","Blank",IF(D48="F","OK",IF(D48="M","OK","Unreasonable"))) -> OK | O48: =IF(E48="Education Loan","OK",IF(E48="Home Loan","OK",IF(E48="Personal Loan","OK",IF(E48="Vehicle Loan","OK",IF(E48="","Blank","Unreasonable"))))) -> OK | P48: =IF(F48="","Blank",IF(F48<0,"Negative",IF(F48=0,"Zero",IF(F48>10^9,"Very High","OK")))) -> OK | Q48: =IF(G48="","Blank",IF(G48="Yes","OK",IF(G48="No","OK","Unreasonable"))) -> OK | V48: =IF(VLOOKUP(C48,$J$4:$J$46,1,0)=C48,"OK","Check") -> OK
B49: =Data_Checks!B49 -> BYRD | C49: =Data_Checks!C49 -> 35 | D49: =IF(AND(Data_Checks!D49<>"F",Data_Checks!D49<>"M"),D48,Data_Checks!D49) -> F | E49: =IF(Data_Checks!E49="",E48,Data_Checks!E49) -> Education Loan | F49: =IF(Data_Checks!F49="",F48,ABS(Data_Checks!F49)) -> 8000000 | G49: =IF(Data_Checks!G49="",G48,Data_Checks!G49) -> No | H49: =Data_Checks!H49 -> 1.1514516 | M49: =IF(C49<0,"Negative",IF(C49=0,"Zero",IF(C49>100,"Unreasonably High",IF(C49="","Blank","OK")))) -> OK | N49: =IF(D49="","Blank",IF(D49="F","OK",IF(D49="M","OK","Unreasonable"))) -> OK | O49: =IF(E49="Education Loan","OK",IF(E49="Home Loan","OK",IF(E49="Personal Loan","OK",IF(E49="Vehicle Loan","OK",IF(E49="","Blank","Unreasonable"))))) -> OK | P49: =IF(F49="","Blank",IF(F49<0,"Negative",IF(F49=0,"Zero",IF(F49>10^9,"Very High","OK")))) -> OK | Q49: =IF(G49="","Blank",IF(G49="Yes","OK",IF(G49="No","OK","Unreasonable"))) -> OK | V49: =IF(VLOOKUP(C49,$J$4:$J$46,1,0)=C49,"OK","Check") -> OK
B50: =Data_Checks!B50 -> CABRERA | C50: =Data_Checks!C50 -> 25 | D50: =IF(AND(Data_Checks!D50<>"F",Data_Checks!D50<>"M"),D49,Data_Checks!D50) -> M | E50: =IF(Data_Checks!E50="",E49,Data_Checks!E50) -> Education Loan | F50: =IF(Data_Checks!F50="",F49,ABS(Data_Checks!F50)) -> 9000000 | G50: =IF(Data_Checks!G50="",G49,Data_Checks!G50) -> No | H50: =Data_Checks!H50 -> 0.74526237 | M50: =IF(C50<0,"Negative",IF(C50=0,"Zero",IF(C50>100,"Unreasonably High",IF(C50="","Blank","OK")))) -> OK | N50: =IF(D50="","Blank",IF(D50="F","OK",IF(D50="M","OK","Unreasonable"))) -> OK | O50: =IF(E50="Education Loan","OK",IF(E50="Home Loan","OK",IF(E50="Personal Loan","OK",IF(E50="Vehicle Loan","OK",IF(E50="","Blank","Unreasonable"))))) -> OK | P50: =IF(F50="","Blank",IF(F50<0,"Negative",IF(F50=0,"Zero",IF(F50>10^9,"Very High","OK")))) -> OK | Q50: =IF(G50="","Blank",IF(G50="Yes","OK",IF(G50="No","OK","Unreasonable"))) -> OK | V50: =IF(VLOOKUP(C50,$J$4:$J$46,1,0)=C50,"OK","Check") -> OK
B51: =Data_Checks!B51 -> CALDWELL | C51: =Data_Checks!C51 -> 34 | D51: =IF(AND(Data_Checks!D51<>"F",Data_Checks!D51<>"M"),D50,Data_Checks!D51) -> F | E51: =IF(Data_Checks!E51="",E50,Data_Checks!E51) -> Home Loan | F51: =IF(Data_Checks!F51="",F50,ABS(Data_Checks!F51)) -> 11000000 | G51: =IF(Data_Checks!G51="",G50,Data_Checks!G51) -> No | H51: =Data_Checks!H51 -> -1.9679367 | M51: =IF(C51<0,"Negative",IF(C51=0,"Zero",IF(C51>100,"Unreasonably High",IF(C51="","Blank","OK")))) -> OK | N51: =IF(D51="","Blank",IF(D51="F","OK",IF(D51="M","OK","Unreasonable"))) -> OK | O51: =IF(E51="Education Loan","OK",IF(E51="Home Loan","OK",IF(E51="Personal Loan","OK",IF(E51="Vehicle Loan","OK",IF(E51="","Blank","Unreasonable"))))) -> OK | P51: =IF(F51="","Blank",IF(F51<0,"Negative",IF(F51=0,"Zero",IF(F51>10^9,"Very High","OK")))) -> OK | Q51: =IF(G51="","Blank",IF(G51="Yes","OK",IF(G51="No","OK","Unreasonable"))) -> OK | V51: =IF(VLOOKUP(C51,$J$4:$J$46,1,0)=C51,"OK","Check") -> OK
B52: =Data_Checks!B52 -> CAMPBELL | C52: =Data_Checks!C52 -> 24 | D52: =IF(AND(Data_Checks!D52<>"F",Data_Checks!D52<>"M"),D51,Data_Checks!D52) -> F | E52: =IF(Data_Checks!E52="",E51,Data_Checks!E52) -> Home Loan | F52: =IF(Data_Checks!F52="",F51,ABS(Data_Checks!F52)) -> 11000000 | G52: =IF(Data_Checks!G52="",G51,Data_Checks!G52) -> No | H52: =Data_Checks!H52 -> 0.71643183 | M52: =IF(C52<0,"Negative",IF(C52=0,"Zero",IF(C52>100,"Unreasonably High",IF(C52="","Blank","OK")))) -> OK | N52: =IF(D52="","Blank",IF(D52="F","OK",IF(D52="M","OK","Unreasonable"))) -> OK | O52: =IF(E52="Education Loan","OK",IF(E52="Home Loan","OK",IF(E52="Personal Loan","OK",IF(E52="Vehicle Loan","OK",IF(E52="","Blank","Unreasonable"))))) -> OK | P52: =IF(F52="","Blank",IF(F52<0,"Negative",IF(F52=0,"Zero",IF(F52>10^9,"Very High","OK")))) -> OK | Q52: =IF(G52="","Blank",IF(G52="Yes","OK",IF(G52="No","OK","Unreasonable"))) -> OK | V52: =IF(VLOOKUP(C52,$J$4:$J$46,1,0)=C52,"OK","Check") -> OK
B53: =Data_Checks!B53 -> CAMPOS | C53: =Data_Checks!C53 -> 45 | D53: =IF(AND(Data_Checks!D53<>"F",Data_Checks!D53<>"M"),D52,Data_Checks!D53) -> M | E53: =IF(Data_Checks!E53="",E52,Data_Checks!E53) -> Education Loan | F53: =IF(Data_Checks!F53="",F52,ABS(Data_Checks!F53)) -> 9000000 | G53: =IF(Data_Checks!G53="",G52,Data_Checks!G53) -> No | H53: =Data_Checks!H53 -> -0.056839989 | M53: =IF(C53<0,"Negative",IF(C53=0,"Zero",IF(C53>100,"Unreasonably High",IF(C53="","Blank","OK")))) -> OK | N53: =IF(D53="","Blank",IF(D53="F","OK",IF(D53="M","OK","Unreasonable"))) -> OK | O53: =IF(E53="Education Loan","OK",IF(E53="Home Loan","OK",IF(E53="Personal Loan","OK",IF(E53="Vehicle Loan","OK",IF(E53="","Blank","Unreasonable"))))) -> OK | P53: =IF(F53="","Blank",IF(F53<0,"Negative",IF(F53=0,"Zero",IF(F53>10^9,"Very High","OK")))) -> OK | Q53: =IF(G53="","Blank",IF(G53="Yes","OK",IF(G53="No","OK","Unreasonable"))) -> OK | V53: =IF(VLOOKUP(C53,$J$4:$J$46,1,0)=C53,"OK","Check") -> OK
B54: =Data_Checks!B54 -> CARLSON | C54: =Data_Checks!C54 -> 22 | D54: =IF(AND(Data_Checks!D54<>"F",Data_Checks!D54<>"M"),D53,Data_Checks!D54) -> F | E54: =IF(Data_Checks!E54="",E53,Data_Checks!E54) -> Personal Loan | F54: =IF(Data_Checks!F54="",F53,ABS(Data_Checks!F54)) -> 9000000 | G54: =IF(Data_Checks!G54="",G53,Data_Checks!G54) -> No | H54: =Data_Checks!H54 -> 0.45910489 | M54: =IF(C54<0,"Negative",IF(C54=0,"Zero",IF(C54>100,"Unreasonably High",IF(C54="","Blank","OK")))) -> OK | N54: =IF(D54="","Blank",IF(D54="F","OK",IF(D54="M","OK","Unreasonable"))) -> OK | O54: =IF(E54="Education Loan","OK",IF(E54="Home Loan","OK",IF(E54="Personal Loan","OK",IF(E54="Vehicle Loan","OK",IF(E54="","Blank","Unreasonable"))))) -> OK | P54: =IF(F54="","Blank",IF(F54<0,"Negative",IF(F54=0,"Zero",IF(F54>10^9,"Very High","OK")))) -> OK | Q54: =IF(G54="","Blank",IF(G54="Yes","OK",IF(G54="No","OK","Unreasonable"))) -> OK | V54: =IF(VLOOKUP(C54,$J$4:$J$46,1,0)=C54,"OK","Check") -> OK
B55: =Data_Checks!B55 -> CARPENTER | C55: =Data_Checks!C55 -> 43 | D55: =IF(AND(Data_Checks!D55<>"F",Data_Checks!D55<>"M"),D54,Data_Checks!D55) -> F | E55: =IF(Data_Checks!E55="",E54,Data_Checks!E55) -> Personal Loan | F55: =IF(Data_Checks!F55="",F54,ABS(Data_Checks!F55)) -> 12000000 | G55: =IF(Data_Checks!G55="",G54,Data_Checks!G55) -> No | H55: =Data_Checks!H55 -> -0.35611522 | M55: =IF(C55<0,"Negative",IF(C55=0,"Zero",IF(C55>100,"Unreasonably High",IF(C55="","Blank","OK")))) -> OK | N55: =IF(D55="","Blank",IF(D55="F","OK",IF(D55="M","OK","Unreasonable"))) -> OK | O55: =IF(E55="Education Loan","OK",IF(E55="Home Loan","OK",IF(E55="Personal Loan","OK",IF(E55="Vehicle Loan","OK",IF(E55="","Blank","Unreasonable"))))) -> OK | P55: =IF(F55="","Blank",IF(F55<0,"Negative",IF(F55=0,"Zero",IF(F55>10^9,"Very High","OK")))) -> OK | Q55: =IF(G55="","Blank",IF(G55="Yes","OK",IF(G55="No","OK","Unreasonable"))) -> OK | V55: =IF(VLOOKUP(C55,$J$4:$J$46,1,0)=C55,"OK","Check") -> OK
B56: =Data_Checks!B56 -> CARR | C56: =Data_Checks!C56 -> 55 | D56: =IF(AND(Data_Checks!D56<>"F",Data_Checks!D56<>"M"),D55,Data_Checks!D56) -> F | E56: =IF(Data_Checks!E56="",E55,Data_Checks!E56) -> Personal Loan | F56: =IF(Data_Checks!F56="",F55,ABS(Data_Checks!F56)) -> 13000000 | G56: =IF(Data_Checks!G56="",G55,Data_Checks!G56) -> No | H56: =Data_Checks!H56 -> 0.0018422795 | M56: =IF(C56<0,"Negative",IF(C56=0,"Zero",IF(C56>100,"Unreasonably High",IF(C56="","Blank","OK")))) -> OK | N56: =IF(D56="","Blank",IF(D56="F","OK",IF(D56="M","OK","Unreasonable"))) -> OK | O56: =IF(E56="Education Loan","OK",IF(E56="Home Loan","OK",IF(E56="Personal Loan","OK",IF(E56="Vehicle Loan","OK",IF(E56="","Blank","Unreasonable"))))) -> OK | P56: =IF(F56="","Blank",IF(F56<0,"Negative",IF(F56=0,"Zero",IF(F56>10^9,"Very High","OK")))) -> OK | Q56: =IF(G56="","Blank",IF(G56="Yes","OK",IF(G56="No","OK","Unreasonable"))) -> OK | V56: =IF(VLOOKUP(C56,$J$4:$J$46,1,0)=C56,"OK","Check") -> OK
B57: =Data_Checks!B57 -> CARRILLO | C57: =Data_Checks!C57 -> 23 | D57: =IF(AND(Data_Checks!D57<>"F",Data_Checks!D57<>"M"),D56,Data_Checks!D57) -> F | E57: =IF(Data_Checks!E57="",E56,Data_Checks!E57) -> Education Loan | F57: =IF(Data_Checks!F57="",F56,ABS(Data_Checks!F57)) -> 10000000 | G57: =IF(Data_Checks!G57="",G56,Data_Checks!G57) -> No | H57: =Data_Checks!H57 -> -0.67080322 | M57: =IF(C57<0,"Negative",IF(C57=0,"Zero",IF(C57>100,"Unreasonably High",IF(C57="","Blank","OK")))) -> OK | N57: =IF(D57="","Blank",IF(D57="F","OK",IF(D57="M","OK","Unreasonable"))) -> OK | O57: =IF(E57="Education Loan","OK",IF(E57="Home Loan","OK",IF(E57="Personal Loan","OK",IF(E57="Vehicle Loan","OK",IF(E57="","Blank","Unreasonable"))))) -> OK | P57: =IF(F57="","Blank",IF(F57<0,"Negative",IF(F57=0,"Zero",IF(F57>10^9,"Very High","OK")))) -> OK | Q57: =IF(G57="","Blank",IF(G57="Yes","OK",IF(G57="No","OK","Unreasonable"))) -> OK | V57: =IF(VLOOKUP(C57,$J$4:$J$46,1,0)=C57,"OK","Check") -> OK
B58: =Data_Checks!B58 -> CARROLL | C58: =Data_Checks!C58 -> 60 | D58: =IF(AND(Data_Checks!D58<>"F",Data_Checks!D58<>"M"),D57,Data_Checks!D58) -> F | E58: =IF(Data_Checks!E58="",E57,Data_Checks!E58) -> Vehicle Loan | F58: =IF(Data_Checks!F58="",F57,ABS(Data_Checks!F58)) -> 9000000 | G58: =IF(Data_Checks!G58="",G57,Data_Checks!G58) -> No | H58: =Data_Checks!H58 -> -1.1167234 | M58: =IF(C58<0,"Negative",IF(C58=0,"Zero",IF(C58>100,"Unreasonably High",IF(C58="","Blank","OK")))) -> OK | N58: =IF(D58="","Blank",IF(D58="F","OK",IF(D58="M","OK","Unreasonable"))) -> OK | O58: =IF(E58="Education Loan","OK",IF(E58="Home Loan","OK",IF(E58="Personal Loan","OK",IF(E58="Vehicle Loan","OK",IF(E58="","Blank","Unreasonable"))))) -> OK | P58: =IF(F58="","Blank",IF(F58<0,"Negative",IF(F58=0,"Zero",IF(F58>10^9,"Very High","OK")))) -> OK | Q58: =IF(G58="","Blank",IF(G58="Yes","OK",IF(G58="No","OK","Unreasonable"))) -> OK | V58: =IF(VLOOKUP(C58,$J$4:$J$46,1,0)=C58,"OK","Check") -> OK
... B403: =Data_Checks!B403 -> ZIMMERMAN | C403: =Data_Checks!C403 -> 27 | D403: =IF(AND(Data_Checks!D403<>"F",Data_Checks!D403<>"M"),D402,Data_Checks!D403) -> F | E403: =IF(Data_Checks!E403="",E402,Data_Checks!E403) -> Vehicle Loan | F403: =IF(Data_Checks!F403="",F402,ABS(Data_Checks!F403)) -> 10000000 | G403: =IF(Data_Checks!G403="",G402,Data_Checks!G403) -> No | H403: =Data_Checks!H403 -> -0.29207846 | M403: =IF(C403<0,"Negative",IF(C403=0,"Zero",IF(C403>100,"Unreasonably High",IF(C403="","Blank","OK")))) -> OK | N403: =IF(D403="","Blank",IF(D403="F","OK",IF(D403="M","OK","Unreasonable"))) -> OK | O403: =IF(E403="Education Loan","OK",IF(E403="Home Loan","OK",IF(E403="Personal Loan","OK",IF(E403="Vehicle Loan","OK",IF(E403="","Blank","Unreasonable"))))) -> OK | P403: =IF(F403="","Blank",IF(F403<0,"Negative",IF(F403=0,"Zero",IF(F403>10^9,"Very High","OK")))) -> OK | Q403: =IF(G403="","Blank",IF(G403="Yes","OK",IF(G403="No","OK","Unreasonable"))) -> OK | V403: =IF(VLOOKUP(C403,$J$4:$J$46,1,0)=C403,"OK","Check") -> OK

Sheet Parameters
B2: Interest Rate on Loan | E2: Revised Premium Rate Data for Insurance (per 1000 SA)
B3: Base Interest Rate | C3: 0.07
B4: Increase in Interest Rate based on Type of Loan | E4: Age of Customer | F4: Premium Rate for Male Customer | G4: Premium Rate for Female Customer | I4: Rate Check
B5: Home Loan | C5: 0.04 | E5: =Revised_Data!J4 -> 18 | F5: =Revised_Data!K4 -> 3.01 | G5: =IF(E5<=20,$F$5,F2) -> 3.01 | I5: =IF(G5>F5,"Check","OK") -> OK
B6: Vehicle Loan | C6: 0.06 | E6: =Revised_Data!J5 -> 19 | F6: =Revised_Data!K5 -> 3.085 | G6: =IF(E6<=20,$F$5,F3) -> 3.01 | I6: =IF(G6>F6,"Check","OK") -> OK
B7: Education Loan | C7: 0.08 | E7: =Revised_Data!J6 -> 20 | F7: =Revised_Data!K6 -> 3.162 | G7: =IF(E7<=20,$F$5,F4) -> 3.01 | I7: =IF(G7>F7,"Check","OK") -> OK
B8: Personal Loan | C8: 0.1 | E8: =Revised_Data!J7 -> 21 | F8: =Revised_Data!K7 -> 3.241 | G8: =IF(E8<=20,$F$5,F5) -> 3.01 | I8: =IF(G8>F8,"Check","OK") -> OK
B9: Discount in Interest rate based on Loan Amount | E9: =Revised_Data!J8 -> 22 | F9: =Revised_Data!K8 -> 3.322 | G9: =IF(E9<=20,$F$5,F6) -> 3.085 | I9: =IF(G9>F9,"Check","OK") -> OK
A10: 9000000 | B10: Less than or equal to 0.90 Crores | C10: 0 | E10: =Revised_Data!J9 -> 23 | F10: =Revised_Data!K9 -> 3.405 | G10: =IF(E10<=20,$F$5,F7) -> 3.162 | I10: =IF(G10>F10,"Check","OK") -> OK
A11: 10000000 | B11: Less than or more than 1 Crores | C11: 0.005 | E11: =Revised_Data!J10 -> 24 | F11: =Revised_Data!K10 -> 3.49 | G11: =IF(E11<=20,$F$5,F8) -> 3.241 | I11: =IF(G11>F11,"Check","OK") -> OK
A12: 1000000 | B12: Additive increase by 0.10 Crores | C12: 0.001 | E12: =Revised_Data!J11 -> 25 | F12: =Revised_Data!K11 -> 3.577 | G12: =IF(E12<=20,$F$5,F9) -> 3.322 | I12: =IF(G12>F12,"Check","OK") -> OK
B13: Discount in Interest rate based on bank Staff | E13: =Revised_Data!J12 -> 26 | F13: =Revised_Data!K12 -> 3.666 | G13: =IF(E13<=20,$F$5,F10) -> 3.405 | I13: =IF(G13>F13,"Check","OK") -> OK
B14: Yes | C14: 0.04 | E14: =Revised_Data!J13 -> 27 | F14: =Revised_Data!K13 -> 3.758 | G14: =IF(E14<=20,$F$5,F11) -> 3.49 | I14: =IF(G14>F14,"Check","OK") -> OK
B15: No | C15: 0 | E15: =Revised_Data!J14 -> 28 | F15: =Revised_Data!K14 -> 3.85195 | G15: =IF(E15<=20,$F$5,F12) -> 3.577 | I15: =IF(G15>F15,"Check","OK") -> OK
E16: =Revised_Data!J15 -> 29 | F16: =Revised_Data!K15 -> 3.948 | G16: =IF(E16<=20,$F$5,F13) -> 3.666 | I16: =IF(G16>F16,"Check","OK") -> OK
B17: Other Information | E17: =Revised_Data!J16 -> 30 | F17: =Revised_Data!K16 -> 4.047 | G17: =IF(E17<=20,$F$5,F14) -> 3.758 | I17: =IF(G17>F17,"Check","OK") -> OK
B18: Initial Investment | C18: =150*10^7 -> 1500000000 | E18: =Revised_Data!J17 -> 31 | F18: =Revised_Data!K17 -> 4.1495 | G18: =IF(E18<=20,$F$5,F15) -> 3.85195 | I18: =IF(G18>F18,"Check","OK") -> OK
B19: Regulatory Requirement on Required Capital | C19: =180% -> 1.8 | E19: =Revised_Data!J18 -> 32 | F19: =Revised_Data!K18 -> 4.252 | G19: =IF(E19<=20,$F$5,F16) -> 3.948 | I19: =IF(G19>F19,"Check","OK") -> OK
B20: Interest rate on deposit less than weighted average of interest rate on loan | C20: 0.05 | E20: =Revised_Data!J19 -> 33 | F20: =Revised_Data!K19 -> 4.358 | G20: =IF(E20<=20,$F$5,F17) -> 4.047 | I20: =IF(G20>F20,"Check","OK") -> OK
B21: Proportion of Secured Loan in Required Capital | C21: 0.1 | E21: =Revised_Data!J20 -> 34 | F21: =Revised_Data!K20 -> 4.467 | G21: =IF(E21<=20,$F$5,F18) -> 4.1495 | I21: =IF(G21>F21,"Check","OK") -> OK
B22: Proportion of Unsecured Loan in Required Capital | C22: 0.2 | E22: =Revised_Data!J21 -> 35 | F22: =Revised_Data!K21 -> 4.579 | G22: =IF(E22<=20,$F$5,F19) -> 4.252 | I22: =IF(G22>F22,"Check","OK") -> OK
B23: Fixed Cost of Running the Operation | C23: 10000000 | E23: =Revised_Data!J22 -> 36 | F23: =Revised_Data!K22 -> 4.693 | G23: =IF(E23<=20,$F$5,F20) -> 4.358 | I23: =IF(G23>F23,"Check","OK") -> OK
B24: Cost of Running the Operation as proportion of total loan amount | C24: 0.01 | E24: =Revised_Data!J23 -> 37 | F24: =Revised_Data!K23 -> 4.81 | G24: =IF(E24<=20,$F$5,F21) -> 4.467 | I24: =IF(G24>F24,"Check","OK") -> OK
B25: Cost Involved in Insurance as proportion of Commission | C25: =5% -> 0.05 | E25: =Revised_Data!J24 -> 38 | F25: =Revised_Data!K24 -> 4.93 | G25: =IF(E25<=20,$F$5,F22) -> 4.579 | I25: =IF(G25>F25,"Check","OK") -> OK
B26: Provision for Secured Loan as proportion of expected loan default amount | C26: 0.25 | E26: =Revised_Data!J25 -> 39 | F26: =Revised_Data!K25 -> 5.053 | G26: =IF(E26<=20,$F$5,F23) -> 4.693 | I26: =IF(G26>F26,"Check","OK") -> OK
B27: Provision for Unsecured Loan as proportion of expected loan default amount | C27: 0.4 | E27: =Revised_Data!J26 -> 40 | F27: =Revised_Data!K26 -> 5.179 | G27: =IF(E27<=20,$F$5,F24) -> 4.81 | I27: =IF(G27>F27,"Check","OK") -> OK
B28: Probability of Insurance allocation to either Staff A or Staff B | C28: 0.5 | E28: =Revised_Data!J27 -> 41 | F28: =Revised_Data!K27 -> 5.308 | G28: =IF(E28<=20,$F$5,F25) -> 4.93 | I28: =IF(G28>F28,"Check","OK") -> OK
B29: Probability of Customer availing insurance if promoted by Staff A | C29: 0.75 | E29: =Revised_Data!J28 -> 42 | F29: =Revised_Data!K28 -> 5.441 | G29: =IF(E29<=20,$F$5,F26) -> 5.053 | I29: =IF(G29>F29,"Check","OK") -> OK
B30: Probability of Customer availing insurance if promoted by Staff B | C30: 0.6 | E30: =Revised_Data!J29 -> 43 | F30: =Revised_Data!K29 -> 5.577025 | G30: =IF(E30<=20,$F$5,F27) -> 5.179 | I30: =IF(G30>F30,"Check","OK") -> OK
E31: =Revised_Data!J30 -> 44 | F31: =Revised_Data!K30 -> 5.716 | G31: =IF(E31<=20,$F$5,F28) -> 5.308 | I31: =IF(G31>F31,"Check","OK") -> OK
B32: Reverse Repo Rate p.a. | E32: =Revised_Data!J31 -> 45 | F32: =Revised_Data!K31 -> 5.859 | G32: =IF(E32<=20,$F$5,F29) -> 5.441 | I32: =IF(G32>F32,"Check","OK") -> OK
B33: Quarter 1 | C33: 0.05 | E33: =Revised_Data!J32 -> 46 | F33: =Revised_Data!K32 -> 6.005 | G33: =IF(E33<=20,$F$5,F30) -> 5.577025 | I33: =IF(G33>F33,"Check","OK") -> OK
B34: Quarter 2 | C34: 0.0515 | E34: =Revised_Data!J33 -> 47 | F34: =Revised_Data!K33 -> 6.157 | G34: =IF(E34<=20,$F$5,F31) -> 5.716 | I34: =IF(G34>F34,"Check","OK") -> OK
B35: Quarter 3 | C35: 0.0505 | E35: =Revised_Data!J34 -> 48 | F35: =Revised_Data!K34 -> 6.309 | G35: =IF(E35<=20,$F$5,F32) -> 5.859 | I35: =IF(G35>F35,"Check","OK") -> OK
B36: Quarter 4 | C36: 0.049 | E36: =Revised_Data!J35 -> 49 | F36: =Revised_Data!K35 -> 6.467 | G36: =IF(E36<=20,$F$5,F33) -> 6.005 | I36: =IF(G36>F36,"Check","OK") -> OK
B37: Annual Rate | C37: =(1+C33)^(1/4)*(1+C34)^(1/4)*(1+C35)^(1/4)*(1+C36)^(1/4)-1 -> 0.050249613 | E37: =Revised_Data!J36 -> 50 | F37: =Revised_Data!K36 -> 6.629 | G37: =IF(E37<=20,$F$5,F34) -> 6.157 | I37: =IF(G37>F37,"Check","OK") -> OK
E38: =Revised_Data!J37 -> 51 | F38: =Revised_Data!K37 -> 6.795 | G38: =IF(E38<=20,$F$5,F35) -> 6.309 | I38: =IF(G38>F38,"Check","OK") -> OK
B39: Comission Band | E39: =Revised_Data!J38 -> 52 | F39: =Revised_Data!K38 -> 6.965 | G39: =IF(E39<=20,$F$5,F36) -> 6.467 | I39: =IF(G39>F39,"Check","OK") -> OK
B40: 0 | C40: 0.4 | E40: =Revised_Data!J39 -> 53 | F40: =Revised_Data!K39 -> 7.139 | G40: =IF(E40<=20,$F$5,F37) -> 6.629 | I40: =IF(G40>F40,"Check","OK") -> OK
B41: 30000 | C41: 0.375 | E41: =Revised_Data!J40 -> 54 | F41: =Revised_Data!K40 -> 7.317 | G41: =IF(E41<=20,$F$5,F38) -> 6.795 | I41: =IF(G41>F41,"Check","OK") -> OK
B42: 60000 | C42: 0.35 | E42: =Revised_Data!J41 -> 55 | F42: =Revised_Data!K41 -> 7.5 | G42: =IF(E42<=20,$F$5,F39) -> 6.965 | I42: =IF(G42>F42,"Check","OK") -> OK
B43: 90000 | C43: 0.325 | E43: =Revised_Data!J42 -> 56 | F43: =Revised_Data!K42 -> 7.69 | G43: =IF(E43<=20,$F$5,F40) -> 7.139 | I43: =IF(G43>F43,"Check","OK") -> OK
B44: 120000 | C44: 0.3 | E44: =Revised_Data!J43 -> 57 | F44: =Revised_Data!K43 -> 7.88 | G44: =IF(E44<=20,$F$5,F41) -> 7.317 | I44: =IF(G44>F44,"Check","OK") -> OK
E45: =Revised_Data!J44 -> 58 | F45: =Revised_Data!K44 -> 8.077 | G45: =IF(E45<=20,$F$5,F42) -> 7.5 | I45: =IF(G45>F45,"Check","OK") -> OK
B46: Interest Rate on Deposit | E46: =Revised_Data!J45 -> 59 | F46: =Revised_Data!K45 -> 8.279 | G46: =IF(E46<=20,$F$5,F43) -> 7.69 | I46: =IF(G46>F46,"Check","OK") -> OK
B47: Weighted Interest Rate on Loan | C47: =SUMPRODUCT(Cust_Level_Projections!$N$4:$N$403,Cust_Level_Projections!$F$4:$F$403)/SUM(Cust_Level_Projections!$F$4:$F$403) -> 0.13303822 | E47: =Revised_Data!J46 -> 60 | F47: =Revised_Data!K46 -> 8.486 | G47: =IF(E47<=20,$F$5,F44) -> 7.88 | I47: =IF(G47>F47,"Check","OK") -> OK
B48: Interest Rate on Deposit | C48: =C47-C20 -> 0.083038217
B50: Loan Type
B51: Home Loan | C51: Secured
B52: Vehicle Loan | C52: Secured
B53: Education Loan | C53: Unsecured
B54: Personal Loan | C54: Unsecured
B56: Probability of Availing Insurance | C56: =(C29+C30)*C28 -> 0.675
B58: Probability of Default
B59: 0.02y + 0.01x
B60: where y is
B61: Secured | C61: 0.5
B62: Unsecured | C62: 1
B63: x is random number in absolute figures
B65: Draft Regulatory Proposal
B66: Revised Proportion of Unsecured Loan in Required Capital | C66: =C22*1.5 -> 0.3
B67: Minimum Flooring for Probability of Default for Unsecured Loans | C67: 0.03
B68: Minimum Flooring for Probability of Default for Secured Loans | C68: 0.015

Sheet Cust_Level_Projections
B1: Customer and Loan Level Projections
B3: Name of Customer | C3: Age of Customer | D3: Gender of Customer | E3: Type of Loan | F3: Loan Amount | G3: Bank Staff | H3: Random Number | J3: Base Interest Rate on Loan | K3: Increase in Interest Rate for Type of Loan | L3: Discount in Interest Rate for Loan Amount | M3: Discount in Interest Rate for Bank Staff | N3: Final Interest Rate on Loan | P3: Interest Amount | Q3: Secured / Unsecured | R3: Premium Rate per 1000 SA | S3: Premium Amount | T3: Commission Rate | U3: Commission Amount | V3: Probability of Default | W3: Expected Loan default amount | Y3: Probability of Default due to Draft Proposal | Z3: Expected Loan default amount due to Draft Proposal | AB3: Check on Probability of Default due to Draft Proposal | AC3: Check on Expected Loan default amount due to Draft Proposal
B4: =Revised_Data!B4 -> ACOSTA | C4: =Revised_Data!C4 -> 22 | D4: =Revised_Data!D4 -> F | E4: =Revised_Data!E4 -> Education Loan | F4: =Revised_Data!F4 -> 14000000 | G4: =Revised_Data!G4 -> No | H4: =Revised_Data!H4 -> -1.1106447 | J4: =Parameters!$C$3 -> 0.07 | K4: =VLOOKUP(E4,Parameters!$B$5:$C$8,2,0) -> 0.08 | L4: =IF(F4<=Parameters!$A$10,Parameters!$C$10,IF(F4<=Parameters!$A$11,Parameters!$C$11,Parameters!$C$11+INT((F4-Parameters!$A$11)/Parameters!$A$12)*Parameters!$C$12)) -> 0.009 | M4: =VLOOKUP(G4,Parameters!$B$14:$C$15,2,0) -> 0 | N4: =J4+K4-L4-M4 -> 0.141 | P4: =F4*N4 -> 1974000 | Q4: =VLOOKUP(E4,Parameters!$B$51:$C$54,2,0) -> Unsecured | R4: =VLOOKUP(C4,Parameters!$E$4:$G$47,IF(D4="M",2,3),0) -> 3.085 | S4: =F4*R4/1000 -> 43190 | T4: =VLOOKUP(S4,Parameters!$B$40:$C$44,2,1) -> 0.375 | U4: =S4*T4 -> 16196.25 | V4: =LEFT(Parameters!$B$59,4)*VLOOKUP(Q4,Parameters!$B$61:$C$62,2,0)+MID(Parameters!$B$59,9,4)*ABS(H4) -> 0.031106447 | W4: =F4*V4 -> 435490.26 | Y4: =MAX(V4,IF(Q4="Unsecured",Parameters!$C$67,Parameters!$C$68)) -> 0.031106447 | Z4: =Y4*F4 -> 435490.26 | AB4: =IF(Y4>=V4,"OK","Check") -> OK | AC4: =IF(Z4>=W4,"OK","Check") -> OK
B5: =Revised_Data!B5 -> ADAMS | C5: =Revised_Data!C5 -> 58 | D5: =Revised_Data!D5 -> F | E5: =Revised_Data!E5 -> Education Loan | F5: =Revised_Data!F5 -> 9000000 | G5: =Revised_Data!G5 -> No | H5: =Revised_Data!H5 -> 1.17782 | J5: =Parameters!$C$3 -> 0.07 | K5: =VLOOKUP(E5,Parameters!$B$5:$C$8,2,0) -> 0.08 | L5: =IF(F5<=Parameters!$A$10,Parameters!$C$10,IF(F5<=Parameters!$A$11,Parameters!$C$11,Parameters!$C$11+INT((F5-Parameters!$A$11)/Parameters!$A$12)*Parameters!$C$12)) -> 0 | M5: =VLOOKUP(G5,Parameters!$B$14:$C$15,2,0) -> 0 | N5: =J5+K5-L5-M5 -> 0.15 | P5: =F5*N5 -> 1350000 | Q5: =VLOOKUP(E5,Parameters!$B$51:$C$54,2,0) -> Unsecured | R5: =VLOOKUP(C5,Parameters!$E$4:$G$47,IF(D5="M",2,3),0) -> 7.5 | S5: =F5*R5/1000 -> 67500 | T5: =VLOOKUP(S5,Parameters!$B$40:$C$44,2,1) -> 0.35 | U5: =S5*T5 -> 23625 | V5: =LEFT(Parameters!$B$59,4)*VLOOKUP(Q5,Parameters!$B$61:$C$62,2,0)+MID(Parameters!$B$59,9,4)*ABS(H5) -> 0.0317782 | W5: =F5*V5 -> 286003.8 | Y5: =MAX(V5,IF(Q5="Unsecured",Parameters!$C$67,Parameters!$C$68)) -> 0.0317782 | Z5: =Y5*F5 -> 286003.8 | AB5: =IF(Y5>=V5,"OK","Check") -> OK | AC5: =IF(Z5>=W5,"OK","Check") -> OK
B6: =Revised_Data!B6 -> AGUILAR | C6: =Revised_Data!C6 -> 19 | D6: =Revised_Data!D6 -> M | E6: =Revised_Data!E6 -> Education Loan | F6: =Revised_Data!F6 -> 10000000 | G6: =Revised_Data!G6 -> No | H6: =Revised_Data!H6 -> 0.83217426 | J6: =Parameters!$C$3 -> 0.07 | K6: =VLOOKUP(E6,Parameters!$B$5:$C$8,2,0) -> 0.08 | L6: =IF(F6<=Parameters!$A$10,Parameters!$C$10,IF(F6<=Parameters!$A$11,Parameters!$C$11,Parameters!$C$11+INT((F6-Parameters!$A$11)/Parameters!$A$12)*Parameters!$C$12)) -> 0.005 | M6: =VLOOKUP(G6,Parameters!$B$14:$C$15,2,0) -> 0 | N6: =J6+K6-L6-M6 -> 0.145 | P6: =F6*N6 -> 1450000 | Q6: =VLOOKUP(E6,Parameters!$B$51:$C$54,2,0) -> Unsecured | R6: =VLOOKUP(C6,Parameters!$E$4:$G$47,IF(D6="M",2,3),0) -> 3.085 | S6: =F6*R6/1000 -> 30850 | T6: =VLOOKUP(S6,Parameters!$B$40:$C$44,2,1) -> 0.375 | U6: =S6*T6 -> 11568.75 | V6: =LEFT(Parameters!$B$59,4)*VLOOKUP(Q6,Parameters!$B$61:$C$62,2,0)+MID(Parameters!$B$59,9,4)*ABS(H6) -> 0.028321743 | W6: =F6*V6 -> 283217.43 | Y6: =MAX(V6,IF(Q6="Unsecured",Parameters!$C$67,Parameters!$C$68)) -> 0.03 | Z6: =Y6*F6 -> 300000 | AB6: =IF(Y6>=V6,"OK","Check") -> OK | AC6: =IF(Z6>=W6,"OK","Check") -> OK
B7: =Revised_Data!B7 -> AGUIRRE | C7: =Revised_Data!C7 -> 32 | D7: =Revised_Data!D7 -> M | E7: =Revised_Data!E7 -> Personal Loan | F7: =Revised_Data!F7 -> 12000000 | G7: =Revised_Data!G7 -> No | H7: =Revised_Data!H7 -> 0.6196113 | J7: =Parameters!$C$3 -> 0.07 | K7: =VLOOKUP(E7,Parameters!$B$5:$C$8,2,0) -> 0.1 | L7: =IF(F7<=Parameters!$A$10,Parameters!$C$10,IF(F7<=Parameters!$A$11,Parameters!$C$11,Parameters!$C$11+INT((F7-Parameters!$A$11)/Parameters!$A$12)*Parameters!$C$12)) -> 0.007 | M7: =VLOOKUP(G7,Parameters!$B$14:$C$15,2,0) -> 0 | N7: =J7+K7-L7-M7 -> 0.163 | P7: =F7*N7 -> 1956000 | Q7: =VLOOKUP(E7,Parameters!$B$51:$C$54,2,0) -> Unsecured | R7: =VLOOKUP(C7,Parameters!$E$4:$G$47,IF(D7="M",2,3),0) -> 4.252 | S7: =F7*R7/1000 -> 51024 | T7: =VLOOKUP(S7,Parameters!$B$40:$C$44,2,1) -> 0.375 | U7: =S7*T7 -> 19134 | V7: =LEFT(Parameters!$B$59,4)*VLOOKUP(Q7,Parameters!$B$61:$C$62,2,0)+MID(Parameters!$B$59,9,4)*ABS(H7) -> 0.026196113 | W7: =F7*V7 -> 314353.36 | Y7: =MAX(V7,IF(Q7="Unsecured",Parameters!$C$67,Parameters!$C$68)) -> 0.03 | Z7: =Y7*F7 -> 360000 | AB7: =IF(Y7>=V7,"OK","Check") -> OK | AC7: =IF(Z7>=W7,"OK","Check") -> OK
B8: =Revised_Data!B8 -> ALEXANDER | C8: =Revised_Data!C8 -> 22 | D8: =Revised_Data!D8 -> M | E8: =Revised_Data!E8 -> Education Loan | F8: =Revised_Data!F8 -> 8000000 | G8: =Revised_Data!G8 -> No | H8: =Revised_Data!H8 -> -2.0099079 | J8: =Parameters!$C$3 -> 0.07 | K8: =VLOOKUP(E8,Parameters!$B$5:$C$8,2,0) -> 0.08 | L8: =IF(F8<=Parameters!$A$10,Parameters!$C$10,IF(F8<=Parameters!$A$11,Parameters!$C$11,Parameters!$C$11+INT((F8-Parameters!$A$11)/Parameters!$A$12)*Parameters!$C$12)) -> 0 | M8: =VLOOKUP(G8,Parameters!$B$14:$C$15,2,0) -> 0 | N8: =J8+K8-L8-M8 -> 0.15 | P8: =F8*N8 -> 1200000 | Q8: =VLOOKUP(E8,Parameters!$B$51:$C$54,2,0) -> Unsecured | R8: =VLOOKUP(C8,Parameters!$E$4:$G$47,IF(D8="M",2,3),0) -> 3.322 | S8: =F8*R8/1000 -> 26576 | T8: =VLOOKUP(S8,Parameters!$B$40:$C$44,2,1) -> 0.4 | U8: =S8*T8 -> 10630.4 | V8: =LEFT(Parameters!$B$59,4)*VLOOKUP(Q8,Parameters!$B$61:$C$62,2,0)+MID(Parameters!$B$59,9,4)*ABS(H8) -> 0.040099079 | W8: =F8*V8 -> 320792.63 | Y8: =MAX(V8,IF(Q8="Unsecured",Parameters!$C$67,Parameters!$C$68)) -> 0.040099079 | Z8: =Y8*F8 -> 320792.63 | AB8: =IF(Y8>=V8,"OK","Check") -> OK | AC8: =IF(Z8>=W8,"OK","Check") -> OK
B9: =Revised_Data!B9 -> ALLEN | C9: =Revised_Data!C9 -> 37 | D9: =Revised_Data!D9 -> M | E9: =Revised_Data!E9 -> Personal Loan | F9: =Revised_Data!F9 -> 12000000 | G9: =Revised_Data!G9 -> No | H9: =Revised_Data!H9 -> -0.9369264 | J9: =Parameters!$C$3 -> 0.07 | K9: =VLOOKUP(E9,Parameters!$B$5:$C$8,2,0) -> 0.1 | L9: =IF(F9<=Parameters!$A$10,Parameters!$C$10,IF(F9<=Parameters!$A$11,Parameters!$C$11,Parameters!$C$11+INT((F9-Parameters!$A$11)/Parameters!$A$12)*Parameters!$C$12)) -> 0.007 | M9: =VLOOKUP(G9,Parameters!$B$14:$C$15,2,0) -> 0 | N9: =J9+K9-L9-M9 -> 0.163 | P9: =F9*N9 -> 1956000 | Q9: =VLOOKUP(E9,Parameters!$B$51:$C$54,2,0) -> Unsecured | R9: =VLOOKUP(C9,Parameters!$E$4:$G$47,IF(D9="M",2,3),0) -> 4.81 | S9: =F9*R9/1000 -> 57720 | T9: =VLOOKUP(S9,Parameters!$B$40:$C$44,2,1) -> 0.375 | U9: =S9*T9 -> 21645 | V9: =LEFT(Parameters!$B$59,4)*VLOOKUP(Q9,Parameters!$B$61:$C$62,2,0)+MID(Parameters!$B$59,9,4)*ABS(H9) -> 0.029369264 | W9: =F9*V9 -> 352431.17 | Y9: =MAX(V9,IF(Q9="Unsecured",Parameters!$C$67,Parameters!$C$68)) -> 0.03 | Z9: =Y9*F9 -> 360000 | AB9: =IF(Y9>=V9,"OK","Check") -> OK | AC9: =IF(Z9>=W9,"OK","Check") -> OK
B10: =Revised_Data!B10 -> ALVARADO | C10: =Revised_Data!C10 -> 34 | D10: =Revised_Data!D10 -> M | E10: =Revised_Data!E10 -> Education Loan | F10: =Revised_Data!F10 -> 12000000 | G10: =Revised_Data!G10 -> No | H10: =Revised_Data!H10 -> 0.77959402 | J10: =Parameters!$C$3 -> 0.07 | K10: =VLOOKUP(E10,Parameters!$B$5:$C$8,2,0) -> 0.08 | L10: =IF(F10<=Parameters!$A$10,Parameters!$C$10,IF(F10<=Parameters!$A$11,Parameters!$C$11,Parameters!$C$11+INT((F10-Parameters!$A$11)/Parameters!$A$12)*Parameters!$C$12)) -> 0.007 | M10: =VLOOKUP(G10,Parameters!$B$14:$C$15,2,0) -> 0 | N10: =J10+K10-L10-M10 -> 0.143 | P10: =F10*N10 -> 1716000 | Q10: =VLOOKUP(E10,Parameters!$B$51:$C$54,2,0) -> Unsecured | R10: =VLOOKUP(C10,Parameters!$E$4:$G$47,IF(D10="M",2,3),0) -> 4.467 | S10: =F10*R10/1000 -> 53604 | T10: =VLOOKUP(S10,Parameters!$B$40:$C$44,2,1) -> 0.375 | U10: =S10*T10 -> 20101.5 | V10: =LEFT(Parameters!$B$59,4)*VLOOKUP(Q10,Parameters!$B$61:$C$62,2,0)+MID(Parameters!$B$59,9,4)*ABS(H10) -> 0.02779594 | W10: =F10*V10 -> 333551.28 | Y10: =MAX(V10,IF(Q10="Unsecured",Parameters!$C$67,Parameters!$C$68)) -> 0.03 | Z10: =Y10*F10 -> 360000 | AB10: =IF(Y10>=V10,"OK","Check") -> OK | AC10: =IF(Z10>=W10,"OK","Check") -> OK
B11: =Revised_Data!B11 -> ALVAREZ | C11: =Revised_Data!C11 -> 28 | D11: =Revised_Data!D11 -> M | E11: =Revised_Data!E11 -> Vehicle Loan | F11: =Revised_Data!F11 -> 12000000 | G11: =Revised_Data!G11 -> No | H11: =Revised_Data!H11 -> 1.5913996 | J11: =Parameters!$C$3 -> 0.07 | K11: =VLOOKUP(E11,Parameters!$B$5:$C$8,2,0) -> 0.06 | L11: =IF(F11<=Parameters!$A$10,Parameters!$C$10,IF(F11<=Parameters!$A$11,Parameters!$C$11,Parameters!$C$11+INT((F11-Parameters!$A$11)/Parameters!$A$12)*Parameters!$C$12)) -> 0.007 | M11: =VLOOKUP(G11,Parameters!$B$14:$C$15,2,0) -> 0 | N11: =J11+K11-L11-M11 -> 0.123 | P11: =F11*N11 -> 1476000 | Q11: =VLOOKUP(E11,Parameters!$B$51:$C$54,2,0) -> Secured | R11: =VLOOKUP(C11,Parameters!$E$4:$G$47,IF(D11="M",2,3),0) -> 3.85195 | S11: =F11*R11/1000 -> 46223.4 | T11: =VLOOKUP(S11,Parameters!$B$40:$C$44,2,1) -> 0.375 | U11: =S11*T11 -> 17333.775 | V11: =LEFT(Parameters!$B$59,4)*VLOOKUP(Q11,Parameters!$B$61:$C$62,2,0)+MID(Parameters!$B$59,9,4)*ABS(H11) -> 0.025913996 | W11: =F11*V11 -> 310967.95 | Y11: =MAX(V11,IF(Q11="Unsecured",Parameters!$C$67,Parameters!$C$68)) -> 0.025913996 | Z11: =Y11*F11 -> 310967.95 | AB11: =IF(Y11>=V11,"OK","Check") -> OK | AC11: =IF(Z11>=W11,"OK","Check") -> OK
B12: =Revised_Data!B12 -> ANDERSON | C12: =Revised_Data!C12 -> 47 | D12: =Revised_Data!D12 -> M | E12: =Revised_Data!E12 -> Education Loan | F12: =Revised_Data!F12 -> 13000000 | G12: =Revised_Data!G12 -> No | H12: =Revised_Data!H12 -> -0.84163822 | J12: =Parameters!$C$3 -> 0.07 | K12: =VLOOKUP(E12,Parameters!$B$5:$C$8,2,0) -> 0.08 | L12: =IF(F12<=Parameters!$A$10,Parameters!$C$10,IF(F12<=Parameters!$A$11,Parameters!$C$11,Parameters!$C$11+INT((F12-Parameters!$A$11)/Parameters!$A$12)*Parameters!$C$12)) -> 0.008 | M12: =VLOOKUP(G12,Parameters!$B$14:$C$15,2,0) -> 0 | N12: =J12+K12-L12-M12 -> 0.142 | P12: =F12*N12 -> 1846000 | Q12: =VLOOKUP(E12,Parameters!$B$51:$C$54,2,0) -> Unsecured | R12: =VLOOKUP(C12,Parameters!$E$4:$G$47,IF(D12="M",2,3),0) -> 6.157 | S12: =F12*R12/1000 -> 80041 | T12: =VLOOKUP(S12,Parameters!$B$40:$C$44,2,1) -> 0.35 | U12: =S12*T12 -> 28014.35 | V12: =LEFT(Parameters!$B$59,4)*VLOOKUP(Q12,Parameters!$B$61:$C$62,2,0)+MID(Parameters!$B$59,9,4)*ABS(H12) -> 0.028416382 | W12: =F12*V12 -> 369412.97 | Y12: =MAX(V12,IF(Q12="Unsecured",Parameters!$C$67,Parameters!$C$68)) -> 0.03 | Z12: =Y12*F12 -> 390000 | AB12: =IF(Y12>=V12,"OK","Check") -> OK | AC12: =IF(Z12>=W12,"OK","Check") -> OK
B13: =Revised_Data!B13 -> ANDREWS | C13: =Revised_Data!C13 -> 40 | D13: =Revised_Data!D13 -> M | E13: =Revised_Data!E13 -> Home Loan | F13: =Revised_Data!F13 -> 9000000 | G13: =Revised_Data!G13 -> No | H13: =Revised_Data!H13 -> -0.29295495 | J13: =Parameters!$C$3 -> 0.07 | K13: =VLOOKUP(E13,Parameters!$B$5:$C$8,2,0) -> 0.04 | L13: =IF(F13<=Parameters!$A$10,Parameters!$C$10,IF(F13<=Parameters!$A$11,Parameters!$C$11,Parameters!$C$11+INT((F13-Parameters!$A$11)/Parameters!$A$12)*Parameters!$C$12)) -> 0 | M13: =VLOOKUP(G13,Parameters!$B$14:$C$15,2,0) -> 0 | N13: =J13+K13-L13-M13 -> 0.11 | P13: =F13*N13 -> 990000 | Q13: =VLOOKUP(E13,Parameters!$B$51:$C$54,2,0) -> Secured | R13: =VLOOKUP(C13,Parameters!$E$4:$G$47,IF(D13="M",2,3),0) -> 5.179 | S13: =F13*R13/1000 -> 46611 | T13: =VLOOKUP(S13,Parameters!$B$40:$C$44,2,1) -> 0.375 | U13: =S13*T13 -> 17479.125 | V13: =LEFT(Parameters!$B$59,4)*VLOOKUP(Q13,Parameters!$B$61:$C$62,2,0)+MID(Parameters!$B$59,9,4)*ABS(H13) -> 0.012929549 | W13: =F13*V13 -> 116365.95 | Y13: =MAX(V13,IF(Q13="Unsecured",Parameters!$C$67,Parameters!$C$68)) -> 0.015 | Z13: =Y13*F13 -> 135000 | AB13: =IF(Y13>=V13,"OK","Check") -> OK | AC13: =IF(Z13>=W13,"OK","Check") -> OK
B14: =Revised_Data!B14 -> ARMSTRONG | C14: =Revised_Data!C14 -> 29 | D14: =Revised_Data!D14 -> M | E14: =Revised_Data!E14 -> Vehicle Loan | F14: =Revised_Data!F14 -> 12000000 | G14: =Revised_Data!G14 -> No | H14: =Revised_Data!H14 -> 0.64105117 | J14: =Parameters!$C$3 -> 0.07 | K14: =VLOOKUP(E14,Parameters!$B$5:$C$8,2,0) -> 0.06 | L14: =IF(F14<=Parameters!$A$10,Parameters!$C$10,IF(F14<=Parameters!$A$11,Parameters!$C$11,Parameters!$C$11+INT((F14-Parameters!$A$11)/Parameters!$A$12)*Parameters!$C$12)) -> 0.007 | M14: =VLOOKUP(G14,Parameters!$B$14:$C$15,2,0) -> 0 | N14: =J14+K14-L14-M14 -> 0.123 | P14: =F14*N14 -> 1476000 | Q14: =VLOOKUP(E14,Parameters!$B$51:$C$54,2,0) -> Secured | R14: =VLOOKUP(C14,Parameters!$E$4:$G$47,IF(D14="M",2,3),0) -> 3.948 | S14: =F14*R14/1000 -> 47376 | T14: =VLOOKUP(S14,Parameters!$B$40:$C$44,2,1) -> 0.375 | U14: =S14*T14 -> 17766 | V14: =LEFT(Parameters!$B$59,4)*VLOOKUP(Q14,Parameters!$B$61:$C$62,2,0)+MID(Parameters!$B$59,9,4)*ABS(H14) -> 0.016410512 | W14: =F14*V14 -> 196926.14 | Y14: =MAX(V14,IF(Q14="Unsecured",Parameters!$C$67,Parameters!$C$68)) -> 0.016410512 | Z14: =Y14*F14 -> 196926.14 | AB14: =IF(Y14>=V14,"OK","Check") -> OK | AC14: =IF(Z14>=W14,"OK","Check") -> OK
B15: =Revised_Data!B15 -> ARNOLD | C15: =Revised_Data!C15 -> 49 | D15: =Revised_Data!D15 -> M | E15: =Revised_Data!E15 -> Home Loan | F15: =Revised_Data!F15 -> 8000000 | G15: =Revised_Data!G15 -> No | H15: =Revised_Data!H15 -> 0.61863857 | J15: =Parameters!$C$3 -> 0.07 | K15: =VLOOKUP(E15,Parameters!$B$5:$C$8,2,0) -> 0.04 | L15: =IF(F15<=Parameters!$A$10,Parameters!$C$10,IF(F15<=Parameters!$A$11,Parameters!$C$11,Parameters!$C$11+INT((F15-Parameters!$A$11)/Parameters!$A$12)*Parameters!$C$12)) -> 0 | M15: =VLOOKUP(G15,Parameters!$B$14:$C$15,2,0) -> 0 | N15: =J15+K15-L15-M15 -> 0.11 | P15: =F15*N15 -> 880000 | Q15: =VLOOKUP(E15,Parameters!$B$51:$C$54,2,0) -> Secured | R15: =VLOOKUP(C15,Parameters!$E$4:$G$47,IF(D15="M",2,3),0) -> 6.467 | S15: =F15*R15/1000 -> 51736 | T15: =VLOOKUP(S15,Parameters!$B$40:$C$44,2,1) -> 0.375 | U15: =S15*T15 -> 19401 | V15: =LEFT(Parameters!$B$59,4)*VLOOKUP(Q15,Parameters!$B$61:$C$62,2,0)+MID(Parameters!$B$59,9,4)*ABS(H15) -> 0.016186386 | W15: =F15*V15 -> 129491.09 | Y15: =MAX(V15,IF(Q15="Unsecured",Parameters!$C$67,Parameters!$C$68)) -> 0.016186386 | Z15: =Y15*F15 -> 129491.09 | AB15: =IF(Y15>=V15,"OK","Check") -> OK | AC15: =IF(Z15>=W15,"OK","Check") -> OK
... B403: =Revised_Data!B403 -> ZIMMERMAN | C403: =Revised_Data!C403 -> 27 | D403: =Revised_Data!D403 -> F | E403: =Revised_Data!E403 -> Vehicle Loan | F403: =Revised_Data!F403 -> 10000000 | G403: =Revised_Data!G403 -> No | H403: =Revised_Data!H403 -> -0.29207846 | J403: =Parameters!$C$3 -> 0.07 | K403: =VLOOKUP(E403,Parameters!$B$5:$C$8,2,0) -> 0.06 | L403: =IF(F403<=Parameters!$A$10,Parameters!$C$10,IF(F403<=Parameters!$A$11,Parameters!$C$11,Parameters!$C$11+INT((F403-Parameters!$A$11)/Parameters!$A$12)*Parameters!$C$12)) -> 0.005 | M403: =VLOOKUP(G403,Parameters!$B$14:$C$15,2,0) -> 0 | N403: =J403+K403-L403-M403 -> 0.125 | P403: =F403*N403 -> 1250000 | Q403: =VLOOKUP(E403,Parameters!$B$51:$C$54,2,0) -> Secured | R403: =VLOOKUP(C403,Parameters!$E$4:$G$47,IF(D403="M",2,3),0) -> 3.49 | S403: =F403*R403/1000 -> 34900 | T403: =VLOOKUP(S403,Parameters!$B$40:$C$44,2,1) -> 0.375 | U403: =S403*T403 -> 13087.5 | V403: =LEFT(Parameters!$B$59,4)*VLOOKUP(Q403,Parameters!$B$61:$C$62,2,0)+MID(Parameters!$B$59,9,4)*ABS(H403) -> 0.012920785 | W403: =F403*V403 -> 129207.85 | Y403: =MAX(V403,IF(Q403="Unsecured",Parameters!$C$67,Parameters!$C$68)) -> 0.015 | Z403: =Y403*F403 -> 150000 | AB403: =IF(Y403>=V403,"OK","Check") -> OK | AC403: =IF(Z403>=W403,"OK","Check") -> OK

Sheet Results
B1: Summary of Results for First Year | G1: Checks on Results
C2: Before Draft Regulatory Proposal | E2: After Draft Regulatory Proposal | G2: Before Draft Regulatory Proposal | I2: After Draft Regulatory Proposal
B3: Total Secured Loan Amount | C3: =SUMIFS(Cust_Level_Projections!$F$4:$F$403,Cust_Level_Projections!$Q$4:$Q$403,"Secured") -> 2247000000 | E3: =SUMIFS(Cust_Level_Projections!$F$4:$F$403,Cust_Level_Projections!$Q$4:$Q$403,"Secured") -> 2247000000 | I3: =IF(C3=E3,"OK","Check") -> OK
B4: Total Unsecured Loan Amount | C4: =SUMIFS(Cust_Level_Projections!$F$4:$F$403,Cust_Level_Projections!$Q$4:$Q$403,"unsecured") -> 2149000000 | E4: =SUMIFS(Cust_Level_Projections!$F$4:$F$403,Cust_Level_Projections!$Q$4:$Q$403,"unsecured") -> 2149000000 | I4: =IF(C4=E4,"OK","Check") -> OK
B5: Total Loan Amount | C5: =SUM(C3:C4) -> 4396000000 | E5: =SUM(E3:E4) -> 4396000000 | G5: =IF(C5=SUM(Cust_Level_Projections!F$4:F$403),"OK","Check") -> OK | I5: =IF(C5=E5,"OK","Check") -> OK
B7: Total Expected Secured Loan Default Amount | C7: =SUMIFS(Cust_Level_Projections!$W$4:$W$403,Cust_Level_Projections!$Q$4:$Q$403,"Secured") -> 40101534 | E7: =SUMIFS(Cust_Level_Projections!$Z$4:$Z$403,Cust_Level_Projections!$Q$4:$Q$403,"Secured") -> 42496891
B8: Total Expected Unsecured Loan Default Amount | C8: =SUMIFS(Cust_Level_Projections!$W$4:$W$403,Cust_Level_Projections!$Q$4:$Q$403,"Unsecured") -> 59772178 | E8: =SUMIFS(Cust_Level_Projections!$Z$4:$Z$403,Cust_Level_Projections!$Q$4:$Q$403,"Unsecured") -> 67848112
B9: Total Expected Loan Default Amount | C9: =SUM(C7:C8) -> 99873712 | E9: =SUM(E7:E8) -> 1.10345e+08 | G9: =IF(C9=SUM(Cust_Level_Projections!W$4:W$403),"OK","Check") -> OK | I9: =IF(E9=SUM(Cust_Level_Projections!Z$4:Z$403),"OK","Check") -> OK
B11: Total Interest on Loan | C11: =SUM(Cust_Level_Projections!$P$4:$P$403) -> 584836000 | E11: =SUM(Cust_Level_Projections!$P$4:$P$403) -> 584836000 | G11: =IF(C11=SUM(Cust_Level_Projections!P$4:P$403),"OK","Check") -> OK | I11: =IF(C11=E11,"OK","Check") -> OK
B12: Total Interest on Deposit | C12: =C5*Parameters!$C$48 -> 3.65036e+08 | E12: =E5*Parameters!$C$48 -> 3.65036e+08 | I12: =IF(C12=E12,"OK","Check") -> OK
B13: Total Interest on Initial Investment | C13: =Parameters!$C$18*Parameters!$C$37 -> 75374420 | E13: =Parameters!$C$18*Parameters!$C$37 -> 75374420 | I13: =IF(C13=E13,"OK","Check") -> OK
B14: Total Cost of Operations | C14: =Parameters!$C$23+Parameters!$C$24*$C$5 -> 53960000 | E14: =Parameters!$C$23+Parameters!$C$24*$C$5 -> 53960000 | I14: =IF(C14=E14,"OK","Check") -> OK
B15: Expected Commission Amount | C15: =SUM(Cust_Level_Projections!$U$4:$U$403)*Parameters!$C$56 -> 5417350.8 | E15: =SUM(Cust_Level_Projections!$U$4:$U$403)*Parameters!$C$56 -> 5417350.8 | G15: =IF(C15/SUM(Cust_Level_Projections!U$4:U$403)=Parameters!C56,"OK","Check") -> OK | I15: =IF(C15=E15,"OK","Check") -> OK
B16: Expected Cost involved in Insurance | C16: =Parameters!$C$25*C15 -> 270867.54 | E16: =Parameters!$C$25*E15 -> 270867.54 | I16: =IF(C16=E16,"OK","Check") -> OK
B17: Expected Provision | C17: =Parameters!$C$26*C7+Parameters!$C$27*C8 -> 33934255 | E17: =Parameters!$C$26*E7+Parameters!$C$27*E8 -> 37763468 | I17: =IF(E17>C17,"OK","Check") -> OK
B18: Expected Profit | C18: =C11-C12+C13-C14+C15-C16-C17 -> 2.1242665e+08 | E18: =E11-E12+E13-E14+E15-E16-E17 -> 2.0859744e+08 | I18: =IF(E18<C18,"OK","Check") -> OK
B20: Required Capital | C20: =Parameters!$C$21*C3+Parameters!$C$22*C4+C9 -> 7.5437371e+08 | E20: =Parameters!$C$21*E3+Parameters!$C$66*E4+E9 -> 9.79745e+08 | I20: =IF(E20>C20,"OK","Check") -> OK
B22: Initial Investment | C22: =Parameters!$C$18 -> 1500000000 | E22: =Parameters!$C$18 -> 1500000000 | I22: =IF(C22=E22,"OK","Check") -> OK
B23: Net Assets | C23: =C18+C22 -> 1.7124266e+09 | E23: =E18+E22 -> 1.7085974e+09 | I23: =IF(E23<C23,"OK","Check") -> OK
B25: Regulatory Ratio | C25: =C23/C20 -> 2.2699978 | E25: =E23/E20 -> 1.7439205 | I25: =IF(E25<C25,"OK","Check") -> OK
B27: Meets Regulatory Requirement | C27: =IF(C25>=Parameters!$C$19,"Yes","No") -> Yes | E27: =IF(E25>=Parameters!$C$19,"Yes","No") -> No
